Workbook
Name BasePoint7: [1]Database!$H$2:$I$667
Name BasePoint8: [1]Database!$L$2:$M$5024
Name DIR: [1]Database!$A$20:$E$23
Name RT: [1]Database!$A$2:$C$4
Name ST: [1]Database!$A$8:$C$15

Sheet Villes et référence prix
A1: Villes: | B1: PR | C1: Min Amt | D1: 1 | E1: 500 | F1: 1000 | G1: 2000 | H1: 5000 | I1: 10000 | J1: 20000 | K1: 45000 | L1: 48000
A2: (ANNAPOLIS) | C2: =IFERROR(VLOOKUP(Tableau2[[#This Row],[PR]],'Taux sortant'!$I$9:$S$167,COLUMN(),0),"") | D2: =IFERROR(VLOOKUP(Tableau2[[#This Row],[PR]],'Taux sortant'!$I$9:$S$167,COLUMN(),0),"") | E2: =IFERROR(VLOOKUP(Tableau2[[#This Row],[PR]],'Taux sortant'!$I$9:$S$167,COLUMN(),0),"") | F2: =IFERROR(VLOOKUP(Tableau2[[#This Row],[PR]],'Taux sortant'!$I$9:$S$167,COLUMN(),0),"") | G2: =IFERROR(VLOOKUP(Tableau2[[#This Row],[PR]],'Taux sortant'!$I$9:$S$167,COLUMN(),0),"") | H2: =IFERROR(VLOOKUP(Tableau2[[#This Row],[PR]],'Taux sortant'!$I$9:$S$167,COLUMN(),0),"") | I2: =IFERROR(VLOOKUP(Tableau2[[#This Row],[PR]],'Taux sortant'!$I$9:$S$167,COLUMN(),0),"") | J2: =IFERROR(VLOOKUP(Tableau2[[#This Row],[PR]],'Taux sortant'!$I$9:$S$167,COLUMN(),0),"") | ... L2: =IFERROR(VLOOKUP(Tableau2[[#This Row],[PR]],'Taux sortant'!$I$9:$S$167,COLUMN(),0),"")
A3: (GUYSBOROUGH) | C3: =IFERROR(VLOOKUP(Tableau2[[#This Row],[PR]],'Taux sortant'!$I$9:$S$167,COLUMN(),0),"") | D3: =IFERROR(VLOOKUP(Tableau2[[#This Row],[PR]],'Taux sortant'!$I$9:$S$167,COLUMN(),0),"") | E3: =IFERROR(VLOOKUP(Tableau2[[#This Row],[PR]],'Taux sortant'!$I$9:$S$167,COLUMN(),0),"") | F3: =IFERROR(VLOOKUP(Tableau2[[#This Row],[PR]],'Taux sortant'!$I$9:$S$167,COLUMN(),0),"") | G3: =IFERROR(VLOOKUP(Tableau2[[#This Row],[PR]],'Taux sortant'!$I$9:$S$167,COLUMN(),0),"") | H3: =IFERROR(VLOOKUP(Tableau2[[#This Row],[PR]],'Taux sortant'!$I$9:$S$167,COLUMN(),0),"") | I3: =IFERROR(VLOOKUP(Tableau2[[#This Row],[PR]],'Taux sortant'!$I$9:$S$167,COLUMN(),0),"") | J3: =IFERROR(VLOOKUP(Tableau2[[#This Row],[PR]],'Taux sortant'!$I$9:$S$167,COLUMN(),0),"") | ... L3: =IFERROR(VLOOKUP(Tableau2[[#This Row],[PR]],'Taux sortant'!$I$9:$S$167,COLUMN(),0),"")
A4: (NORTHUMBERLAND) | C4: =IFERROR(VLOOKUP(Tableau2[[#This Row],[PR]],'Taux sortant'!$I$9:$S$167,COLUMN(),0),"") | D4: =IFERROR(VLOOKUP(Tableau2[[#This Row],[PR]],'Taux sortant'!$I$9:$S$167,COLUMN(),0),"") | E4: =IFERROR(VLOOKUP(Tableau2[[#This Row],[PR]],'Taux sortant'!$I$9:$S$167,COLUMN(),0),"") | F4: =IFERROR(VLOOKUP(Tableau2[[#This Row],[PR]],'Taux sortant'!$I$9:$S$167,COLUMN(),0),"") | G4: =IFERROR(VLOOKUP(Tableau2[[#This Row],[PR]],'Taux sortant'!$I$9:$S$167,COLUMN(),0),"") | H4: =IFERROR(VLOOKUP(Tableau2[[#This Row],[PR]],'Taux sortant'!$I$9:$S$167,COLUMN(),0),"") | I4: =IFERROR(VLOOKUP(Tableau2[[#This Row],[PR]],'Taux sortant'!$I$9:$S$167,COLUMN(),0),"") | J4: =IFERROR(VLOOKUP(Tableau2[[#This Row],[PR]],'Taux sortant'!$I$9:$S$167,COLUMN(),0),"") | ... L4: =IFERROR(VLOOKUP(Tableau2[[#This Row],[PR]],'Taux sortant'!$I$9:$S$167,COLUMN(),0),"")
A5: (OROMOCTO) | C5: =IFERROR(VLOOKUP(Tableau2[[#This Row],[PR]],'Taux sortant'!$I$9:$S$167,COLUMN(),0),"") | D5: =IFERROR(VLOOKUP(Tableau2[[#This Row],[PR]],'Taux sortant'!$I$9:$S$167,COLUMN(),0),"") | E5: =IFERROR(VLOOKUP(Tableau2[[#This Row],[PR]],'Taux sortant'!$I$9:$S$167,COLUMN(),0),"") | F5: =IFERROR(VLOOKUP(Tableau2[[#This Row],[PR]],'Taux sortant'!$I$9:$S$167,COLUMN(),0),"") | G5: =IFERROR(VLOOKUP(Tableau2[[#This Row],[PR]],'Taux sortant'!$I$9:$S$167,COLUMN(),0),"") | H5: =IFERROR(VLOOKUP(Tableau2[[#This Row],[PR]],'Taux sortant'!$I$9:$S$167,COLUMN(),0),"") | I5: =IFERROR(VLOOKUP(Tableau2[[#This Row],[PR]],'Taux sortant'!$I$9:$S$167,COLUMN(),0),"") | J5: =IFERROR(VLOOKUP(Tableau2[[#This Row],[PR]],'Taux sortant'!$I$9:$S$167,COLUMN(),0),"") | ... L5: =IFERROR(VLOOKUP(Tableau2[[#This Row],[PR]],'Taux sortant'!$I$9:$S$167,COLUMN(),0),"")
A6: (PETERBOROUGH) | C6: =IFERROR(VLOOKUP(Tableau2[[#This Row],[PR]],'Taux sortant'!$I$9:$S$167,COLUMN(),0),"") | D6: =IFERROR(VLOOKUP(Tableau2[[#This Row],[PR]],'Taux sortant'!$I$9:$S$167,COLUMN(),0),"") | E6: =IFERROR(VLOOKUP(Tableau2[[#This Row],[PR]],'Taux sortant'!$I$9:$S$167,COLUMN(),0),"") | F6: =IFERROR(VLOOKUP(Tableau2[[#This Row],[PR]],'Taux sortant'!$I$9:$S$167,COLUMN(),0),"") | G6: =IFERROR(VLOOKUP(Tableau2[[#This Row],[PR]],'Taux sortant'!$I$9:$S$167,COLUMN(),0),"") | H6: =IFERROR(VLOOKUP(Tableau2[[#This Row],[PR]],'Taux sortant'!$I$9:$S$167,COLUMN(),0),"") | I6: =IFERROR(VLOOKUP(Tableau2[[#This Row],[PR]],'Taux sortant'!$I$9:$S$167,COLUMN(),0),"") | J6: =IFERROR(VLOOKUP(Tableau2[[#This Row],[PR]],'Taux sortant'!$I$9:$S$167,COLUMN(),0),"") | ... L6: =IFERROR(VLOOKUP(Tableau2[[#This Row],[PR]],'Taux sortant'!$I$9:$S$167,COLUMN(),0),"")
A7: (SHELBURNE) | C7: =IFERROR(VLOOKUP(Tableau2[[#This Row],[PR]],'Taux sortant'!$I$9:$S$167,COLUMN(),0),"") | D7: =IFERROR(VLOOKUP(Tableau2[[#This Row],[PR]],'Taux sortant'!$I$9:$S$167,COLUMN(),0),"") | E7: =IFERROR(VLOOKUP(Tableau2[[#This Row],[PR]],'Taux sortant'!$I$9:$S$167,COLUMN(),0),"") | F7: =IFERROR(VLOOKUP(Tableau2[[#This Row],[PR]],'Taux sortant'!$I$9:$S$167,COLUMN(),0),"") | G7: =IFERROR(VLOOKUP(Tableau2[[#This Row],[PR]],'Taux sortant'!$I$9:$S$167,COLUMN(),0),"") | H7: =IFERROR(VLOOKUP(Tableau2[[#This Row],[PR]],'Taux sortant'!$I$9:$S$167,COLUMN(),0),"") | I7: =IFERROR(VLOOKUP(Tableau2[[#This Row],[PR]],'Taux sortant'!$I$9:$S$167,COLUMN(),0),"") | J7: =IFERROR(VLOOKUP(Tableau2[[#This Row],[PR]],'Taux sortant'!$I$9:$S$167,COLUMN(),0),"") | ... L7: =IFERROR(VLOOKUP(Tableau2[[#This Row],[PR]],'Taux sortant'!$I$9:$S$167,COLUMN(),0),"")
A8: 48 ROAD | B8: MONTAGUE, SOURIS | C8: =IFERROR(VLOOKUP(Tableau2[[#This Row],[PR]],'Taux sortant'!$I$9:$S$167,COLUMN(),0),"") | D8: =IFERROR(VLOOKUP(Tableau2[[#This Row],[PR]],'Taux sortant'!$I$9:$S$167,COLUMN(),0),"") | E8: =IFERROR(VLOOKUP(Tableau2[[#This Row],[PR]],'Taux sortant'!$I$9:$S$167,COLUMN(),0),"") | F8: =IFERROR(VLOOKUP(Tableau2[[#This Row],[PR]],'Taux sortant'!$I$9:$S$167,COLUMN(),0),"") | G8: =IFERROR(VLOOKUP(Tableau2[[#This Row],[PR]],'Taux sortant'!$I$9:$S$167,COLUMN(),0),"") | H8: =IFERROR(VLOOKUP(Tableau2[[#This Row],[PR]],'Taux sortant'!$I$9:$S$167,COLUMN(),0),"") | I8: =IFERROR(VLOOKUP(Tableau2[[#This Row],[PR]],'Taux sortant'!$I$9:$S$167,COLUMN(),0),"") | J8: =IFERROR(VLOOKUP(Tableau2[[#This Row],[PR]],'Taux sortant'!$I$9:$S$167,COLUMN(),0),"") | ... L8: =IFERROR(VLOOKUP(Tableau2[[#This Row],[PR]],'Taux sortant'!$I$9:$S$167,COLUMN(),0),"")
A9: ABBOTSFORD | B9: GRANBY | C9: =IFERROR(VLOOKUP(Tableau2[[#This Row],[PR]],'Taux sortant'!$I$9:$S$167,COLUMN(),0),"") -> 10.29 | D9: =IFERROR(VLOOKUP(Tableau2[[#This Row],[PR]],'Taux sortant'!$I$9:$S$167,COLUMN(),0),"") -> 8.12 | E9: =IFERROR(VLOOKUP(Tableau2[[#This Row],[PR]],'Taux sortant'!$I$9:$S$167,COLUMN(),0),"") -> 5.69 | F9: =IFERROR(VLOOKUP(Tableau2[[#This Row],[PR]],'Taux sortant'!$I$9:$S$167,COLUMN(),0),"") -> 4.52 | G9: =IFERROR(VLOOKUP(Tableau2[[#This Row],[PR]],'Taux sortant'!$I$9:$S$167,COLUMN(),0),"") -> 3.74 | H9: =IFERROR(VLOOKUP(Tableau2[[#This Row],[PR]],'Taux sortant'!$I$9:$S$167,COLUMN(),0),"") -> 3.28 | I9: =IFERROR(VLOOKUP(Tableau2[[#This Row],[PR]],'Taux sortant'!$I$9:$S$167,COLUMN(),0),"") -> 2.99 | J9: =IFERROR(VLOOKUP(Tableau2[[#This Row],[PR]],'Taux sortant'!$I$9:$S$167,COLUMN(),0),"") -> 0 | ... L9: =IFERROR(VLOOKUP(Tableau2[[#This Row],[PR]],'Taux sortant'!$I$9:$S$167,COLUMN(),0),"")
A10: ABBOTSFORD | B10: VANCOUVER* | C10: =IFERROR(VLOOKUP(Tableau2[[#This Row],[PR]],'Taux sortant'!$I$9:$S$167,COLUMN(),0),"") | D10: =IFERROR(VLOOKUP(Tableau2[[#This Row],[PR]],'Taux sortant'!$I$9:$S$167,COLUMN(),0),"") | E10: =IFERROR(VLOOKUP(Tableau2[[#This Row],[PR]],'Taux sortant'!$I$9:$S$167,COLUMN(),0),"") | F10: =IFERROR(VLOOKUP(Tableau2[[#This Row],[PR]],'Taux sortant'!$I$9:$S$167,COLUMN(),0),"") | G10: =IFERROR(VLOOKUP(Tableau2[[#This Row],[PR]],'Taux sortant'!$I$9:$S$167,COLUMN(),0),"") | H10: =IFERROR(VLOOKUP(Tableau2[[#This Row],[PR]],'Taux sortant'!$I$9:$S$167,COLUMN(),0),"") | I10: =IFERROR(VLOOKUP(Tableau2[[#This Row],[PR]],'Taux sortant'!$I$9:$S$167,COLUMN(),0),"") | J10: =IFERROR(VLOOKUP(Tableau2[[#This Row],[PR]],'Taux sortant'!$I$9:$S$167,COLUMN(),0),"") | ... L10: =IFERROR(VLOOKUP(Tableau2[[#This Row],[PR]],'Taux sortant'!$I$9:$S$167,COLUMN(),0),"")
A11: ABENAKIS | B11: MONTMAGNY | C11: =IFERROR(VLOOKUP(Tableau2[[#This Row],[PR]],'Taux sortant'!$I$9:$S$167,COLUMN(),0),"") -> 20.91 | D11: =IFERROR(VLOOKUP(Tableau2[[#This Row],[PR]],'Taux sortant'!$I$9:$S$167,COLUMN(),0),"") -> 16.62 | E11: =IFERROR(VLOOKUP(Tableau2[[#This Row],[PR]],'Taux sortant'!$I$9:$S$167,COLUMN(),0),"") -> 12.11 | F11: =IFERROR(VLOOKUP(Tableau2[[#This Row],[PR]],'Taux sortant'!$I$9:$S$167,COLUMN(),0),"") -> 9.71 | G11: =IFERROR(VLOOKUP(Tableau2[[#This Row],[PR]],'Taux sortant'!$I$9:$S$167,COLUMN(),0),"") -> 7 | H11: =IFERROR(VLOOKUP(Tableau2[[#This Row],[PR]],'Taux sortant'!$I$9:$S$167,COLUMN(),0),"") -> 4.81 | I11: =IFERROR(VLOOKUP(Tableau2[[#This Row],[PR]],'Taux sortant'!$I$9:$S$167,COLUMN(),0),"") -> 4.19 | J11: =IFERROR(VLOOKUP(Tableau2[[#This Row],[PR]],'Taux sortant'!$I$9:$S$167,COLUMN(),0),"") -> 0 | ... L11: =IFERROR(VLOOKUP(Tableau2[[#This Row],[PR]],'Taux sortant'!$I$9:$S$167,COLUMN(),0),"")
A12: ABERCORN | B12: GRANBY | C12: =IFERROR(VLOOKUP(Tableau2[[#This Row],[PR]],'Taux sortant'!$I$9:$S$167,COLUMN(),0),"") -> 10.29 | D12: =IFERROR(VLOOKUP(Tableau2[[#This Row],[PR]],'Taux sortant'!$I$9:$S$167,COLUMN(),0),"") -> 8.12 | E12: =IFERROR(VLOOKUP(Tableau2[[#This Row],[PR]],'Taux sortant'!$I$9:$S$167,COLUMN(),0),"") -> 5.69 | F12: =IFERROR(VLOOKUP(Tableau2[[#This Row],[PR]],'Taux sortant'!$I$9:$S$167,COLUMN(),0),"") -> 4.52 | G12: =IFERROR(VLOOKUP(Tableau2[[#This Row],[PR]],'Taux sortant'!$I$9:$S$167,COLUMN(),0),"") -> 3.74 | H12: =IFERROR(VLOOKUP(Tableau2[[#This Row],[PR]],'Taux sortant'!$I$9:$S$167,COLUMN(),0),"") -> 3.28 | I12: =IFERROR(VLOOKUP(Tableau2[[#This Row],[PR]],'Taux sortant'!$I$9:$S$167,COLUMN(),0),"") -> 2.99 | J12: =IFERROR(VLOOKUP(Tableau2[[#This Row],[PR]],'Taux sortant'!$I$9:$S$167,COLUMN(),0),"") -> 0 | ... L12: =IFERROR(VLOOKUP(Tableau2[[#This Row],[PR]],'Taux sortant'!$I$9:$S$167,COLUMN(),0),"")
A13: ABERCROMBIE | B13: NEW GLASGOW | C13: =IFERROR(VLOOKUP(Tableau2[[#This Row],[PR]],'Taux sortant'!$I$9:$S$167,COLUMN(),0),"") -> 16.93 | D13: =IFERROR(VLOOKUP(Tableau2[[#This Row],[PR]],'Taux sortant'!$I$9:$S$167,COLUMN(),0),"") -> 14.32 | E13: =IFERROR(VLOOKUP(Tableau2[[#This Row],[PR]],'Taux sortant'!$I$9:$S$167,COLUMN(),0),"") -> 11.27 | F13: =IFERROR(VLOOKUP(Tableau2[[#This Row],[PR]],'Taux sortant'!$I$9:$S$167,COLUMN(),0),"") -> 9.77 | G13: =IFERROR(VLOOKUP(Tableau2[[#This Row],[PR]],'Taux sortant'!$I$9:$S$167,COLUMN(),0),"") -> 8.41 | H13: =IFERROR(VLOOKUP(Tableau2[[#This Row],[PR]],'Taux sortant'!$I$9:$S$167,COLUMN(),0),"") -> 7.25 | I13: =IFERROR(VLOOKUP(Tableau2[[#This Row],[PR]],'Taux sortant'!$I$9:$S$167,COLUMN(),0),"") -> 6.31 | J13: =IFERROR(VLOOKUP(Tableau2[[#This Row],[PR]],'Taux sortant'!$I$9:$S$167,COLUMN(),0),"") -> 0 | ... L13: =IFERROR(VLOOKUP(Tableau2[[#This Row],[PR]],'Taux sortant'!$I$9:$S$167,COLUMN(),0),"")
A14: ABERCROMBIE POINT | B14: NEW GLASGOW | C14: =IFERROR(VLOOKUP(Tableau2[[#This Row],[PR]],'Taux sortant'!$I$9:$S$167,COLUMN(),0),"") -> 16.93 | D14: =IFERROR(VLOOKUP(Tableau2[[#This Row],[PR]],'Taux sortant'!$I$9:$S$167,COLUMN(),0),"") -> 14.32 | E14: =IFERROR(VLOOKUP(Tableau2[[#This Row],[PR]],'Taux sortant'!$I$9:$S$167,COLUMN(),0),"") -> 11.27 | F14: =IFERROR(VLOOKUP(Tableau2[[#This Row],[PR]],'Taux sortant'!$I$9:$S$167,COLUMN(),0),"") -> 9.77 | G14: =IFERROR(VLOOKUP(Tableau2[[#This Row],[PR]],'Taux sortant'!$I$9:$S$167,COLUMN(),0),"") -> 8.41 | H14: =IFERROR(VLOOKUP(Tableau2[[#This Row],[PR]],'Taux sortant'!$I$9:$S$167,COLUMN(),0),"") -> 7.25 | I14: =IFERROR(VLOOKUP(Tableau2[[#This Row],[PR]],'Taux sortant'!$I$9:$S$167,COLUMN(),0),"") -> 6.31 | J14: =IFERROR(VLOOKUP(Tableau2[[#This Row],[PR]],'Taux sortant'!$I$9:$S$167,COLUMN(),0),"") -> 0 | ... L14: =IFERROR(VLOOKUP(Tableau2[[#This Row],[PR]],'Taux sortant'!$I$9:$S$167,COLUMN(),0),"")
A15: ABERDEEN | B15: INVERNESS, INGONISH | C15: =IFERROR(VLOOKUP(Tableau2[[#This Row],[PR]],'Taux sortant'!$I$9:$S$167,COLUMN(),0),"") | D15: =IFERROR(VLOOKUP(Tableau2[[#This Row],[PR]],'Taux sortant'!$I$9:$S$167,COLUMN(),0),"") | E15: =IFERROR(VLOOKUP(Tableau2[[#This Row],[PR]],'Taux sortant'!$I$9:$S$167,COLUMN(),0),"") | F15: =IFERROR(VLOOKUP(Tableau2[[#This Row],[PR]],'Taux sortant'!$I$9:$S$167,COLUMN(),0),"") | G15: =IFERROR(VLOOKUP(Tableau2[[#This Row],[PR]],'Taux sortant'!$I$9:$S$167,COLUMN(),0),"") | H15: =IFERROR(VLOOKUP(Tableau2[[#This Row],[PR]],'Taux sortant'!$I$9:$S$167,COLUMN(),0),"") | I15: =IFERROR(VLOOKUP(Tableau2[[#This Row],[PR]],'Taux sortant'!$I$9:$S$167,COLUMN(),0),"") | J15: =IFERROR(VLOOKUP(Tableau2[[#This Row],[PR]],'Taux sortant'!$I$9:$S$167,COLUMN(),0),"") | ... L15: =IFERROR(VLOOKUP(Tableau2[[#This Row],[PR]],'Taux sortant'!$I$9:$S$167,COLUMN(),0),"")
A16: ABERFOYLE | B16: KITCHENER | C16: =IFERROR(VLOOKUP(Tableau2[[#This Row],[PR]],'Taux sortant'!$I$9:$S$167,COLUMN(),0),"") -> 11.64 | D16: =IFERROR(VLOOKUP(Tableau2[[#This Row],[PR]],'Taux sortant'!$I$9:$S$167,COLUMN(),0),"") -> 9.28 | E16: =IFERROR(VLOOKUP(Tableau2[[#This Row],[PR]],'Taux sortant'!$I$9:$S$167,COLUMN(),0),"") -> 6.6 | F16: =IFERROR(VLOOKUP(Tableau2[[#This Row],[PR]],'Taux sortant'!$I$9:$S$167,COLUMN(),0),"") -> 5.3 | G16: =IFERROR(VLOOKUP(Tableau2[[#This Row],[PR]],'Taux sortant'!$I$9:$S$167,COLUMN(),0),"") -> 4.37 | H16: =IFERROR(VLOOKUP(Tableau2[[#This Row],[PR]],'Taux sortant'!$I$9:$S$167,COLUMN(),0),"") -> 3.62 | I16: =IFERROR(VLOOKUP(Tableau2[[#This Row],[PR]],'Taux sortant'!$I$9:$S$167,COLUMN(),0),"") -> 3.13 | J16: =IFERROR(VLOOKUP(Tableau2[[#This Row],[PR]],'Taux sortant'!$I$9:$S$167,COLUMN(),0),"") -> 0 | ... L16: =IFERROR(VLOOKUP(Tableau2[[#This Row],[PR]],'Taux sortant'!$I$9:$S$167,COLUMN(),0),"")
A17: ABNEY | B17: MONTAGUE, SOURIS | C17: =IFERROR(VLOOKUP(Tableau2[[#This Row],[PR]],'Taux sortant'!$I$9:$S$167,COLUMN(),0),"") | D17: =IFERROR(VLOOKUP(Tableau2[[#This Row],[PR]],'Taux sortant'!$I$9:$S$167,COLUMN(),0),"") | E17: =IFERROR(VLOOKUP(Tableau2[[#This Row],[PR]],'Taux sortant'!$I$9:$S$167,COLUMN(),0),"") | F17: =IFERROR(VLOOKUP(Tableau2[[#This Row],[PR]],'Taux sortant'!$I$9:$S$167,COLUMN(),0),"") | G17: =IFERROR(VLOOKUP(Tableau2[[#This Row],[PR]],'Taux sortant'!$I$9:$S$167,COLUMN(),0),"") | H17: =IFERROR(VLOOKUP(Tableau2[[#This Row],[PR]],'Taux sortant'!$I$9:$S$167,COLUMN(),0),"") | I17: =IFERROR(VLOOKUP(Tableau2[[#This Row],[PR]],'Taux sortant'!$I$9:$S$167,COLUMN(),0),"") | J17: =IFERROR(VLOOKUP(Tableau2[[#This Row],[PR]],'Taux sortant'!$I$9:$S$167,COLUMN(),0),"") | ... L17: =IFERROR(VLOOKUP(Tableau2[[#This Row],[PR]],'Taux sortant'!$I$9:$S$167,COLUMN(),0),"")
A18: ABOUJAGANE | B18: SHEDIAC | C18: =IFERROR(VLOOKUP(Tableau2[[#This Row],[PR]],'Taux sortant'!$I$9:$S$167,COLUMN(),0),"") -> 14.68 | D18: =IFERROR(VLOOKUP(Tableau2[[#This Row],[PR]],'Taux sortant'!$I$9:$S$167,COLUMN(),0),"") -> 12.17 | E18: =IFERROR(VLOOKUP(Tableau2[[#This Row],[PR]],'Taux sortant'!$I$9:$S$167,COLUMN(),0),"") -> 9.26 | F18: =IFERROR(VLOOKUP(Tableau2[[#This Row],[PR]],'Taux sortant'!$I$9:$S$167,COLUMN(),0),"") -> 7.85 | G18: =IFERROR(VLOOKUP(Tableau2[[#This Row],[PR]],'Taux sortant'!$I$9:$S$167,COLUMN(),0),"") -> 6.68 | H18: =IFERROR(VLOOKUP(Tableau2[[#This Row],[PR]],'Taux sortant'!$I$9:$S$167,COLUMN(),0),"") -> 5.72 | I18: =IFERROR(VLOOKUP(Tableau2[[#This Row],[PR]],'Taux sortant'!$I$9:$S$167,COLUMN(),0),"") -> 4.96 | J18: =IFERROR(VLOOKUP(Tableau2[[#This Row],[PR]],'Taux sortant'!$I$9:$S$167,COLUMN(),0),"") -> 0 | ... L18: =IFERROR(VLOOKUP(Tableau2[[#This Row],[PR]],'Taux sortant'!$I$9:$S$167,COLUMN(),0),"")
A19: ABRAHAMS COVE | B19: LOURDES | C19: =IFERROR(VLOOKUP(Tableau2[[#This Row],[PR]],'Taux sortant'!$I$9:$S$167,COLUMN(),0),"") -> 27.96 | D19: =IFERROR(VLOOKUP(Tableau2[[#This Row],[PR]],'Taux sortant'!$I$9:$S$167,COLUMN(),0),"") -> 24.55 | E19: =IFERROR(VLOOKUP(Tableau2[[#This Row],[PR]],'Taux sortant'!$I$9:$S$167,COLUMN(),0),"") -> 20.54 | F19: =IFERROR(VLOOKUP(Tableau2[[#This Row],[PR]],'Taux sortant'!$I$9:$S$167,COLUMN(),0),"") -> 18.54 | G19: =IFERROR(VLOOKUP(Tableau2[[#This Row],[PR]],'Taux sortant'!$I$9:$S$167,COLUMN(),0),"") -> 16.35 | H19: =IFERROR(VLOOKUP(Tableau2[[#This Row],[PR]],'Taux sortant'!$I$9:$S$167,COLUMN(),0),"") -> 14.17 | I19: =IFERROR(VLOOKUP(Tableau2[[#This Row],[PR]],'Taux sortant'!$I$9:$S$167,COLUMN(),0),"") -> 12.23 | J19: =IFERROR(VLOOKUP(Tableau2[[#This Row],[PR]],'Taux sortant'!$I$9:$S$167,COLUMN(),0),"") -> 0 | ... L19: =IFERROR(VLOOKUP(Tableau2[[#This Row],[PR]],'Taux sortant'!$I$9:$S$167,COLUMN(),0),"")
... A1071: CARMANVILLE | B1071: TWILLINGATE, GAMBO | C1071: =IFERROR(VLOOKUP(Tableau2[[#This Row],[PR]],'Taux sortant'!$I$9:$S$167,COLUMN(),0),"") | D1071: =IFERROR(VLOOKUP(Tableau2[[#This Row],[PR]],'Taux sortant'!$I$9:$S$167,COLUMN(),0),"") | E1071: =IFERROR(VLOOKUP(Tableau2[[#This Row],[PR]],'Taux sortant'!$I$9:$S$167,COLUMN(),0),"") | F1071: =IFERROR(VLOOKUP(Tableau2[[#This Row],[PR]],'Taux sortant'!$I$9:$S$167,COLUMN(),0),"") | G1071: =IFERROR(VLOOKUP(Tableau2[[#This Row],[PR]],'Taux sortant'!$I$9:$S$167,COLUMN(),0),"") | H1071: =IFERROR(VLOOKUP(Tableau2[[#This Row],[PR]],'Taux sortant'!$I$9:$S$167,COLUMN(),0),"") | I1071: =IFERROR(VLOOKUP(Tableau2[[#This Row],[PR]],'Taux sortant'!$I$9:$S$167,COLUMN(),0),"") | J1071: =IFERROR(VLOOKUP(Tableau2[[#This Row],[PR]],'Taux sortant'!$I$9:$S$167,COLUMN(),0),"") | ... L1071: =IFERROR(VLOOKUP(Tableau2[[#This Row],[PR]],'Taux sortant'!$I$9:$S$167,COLUMN(),0),"")
A1072: CARMEL | C1072: =IFERROR(VLOOKUP(Tableau2[[#This Row],[PR]],'Taux sortant'!$I$9:$S$167,COLUMN(),0),"") | D1072: =IFERROR(VLOOKUP(Tableau2[[#This Row],[PR]],'Taux sortant'!$I$9:$S$167,COLUMN(),0),"") | E1072: =IFERROR(VLOOKUP(Tableau2[[#This Row],[PR]],'Taux sortant'!$I$9:$S$167,COLUMN(),0),"") | F1072: =IFERROR(VLOOKUP(Tableau2[[#This Row],[PR]],'Taux sortant'!$I$9:$S$167,COLUMN(),0),"") | G1072: =IFERROR(VLOOKUP(Tableau2[[#This Row],[PR]],'Taux sortant'!$I$9:$S$167,COLUMN(),0),"") | H1072: =IFERROR(VLOOKUP(Tableau2[[#This Row],[PR]],'Taux sortant'!$I$9:$S$167,COLUMN(),0),"") | I1072: =IFERROR(VLOOKUP(Tableau2[[#This Row],[PR]],'Taux sortant'!$I$9:$S$167,COLUMN(),0),"") | J1072: =IFERROR(VLOOKUP(Tableau2[[#This Row],[PR]],'Taux sortant'!$I$9:$S$167,COLUMN(),0),"") | ... L1072: =IFERROR(VLOOKUP(Tableau2[[#This Row],[PR]],'Taux sortant'!$I$9:$S$167,COLUMN(),0),"")
A1073: CARNARVON | B1073: LINDSAY | C1073: =IFERROR(VLOOKUP(Tableau2[[#This Row],[PR]],'Taux sortant'!$I$9:$S$167,COLUMN(),0),"") -> 20.05 | D1073: =IFERROR(VLOOKUP(Tableau2[[#This Row],[PR]],'Taux sortant'!$I$9:$S$167,COLUMN(),0),"") -> 15.11 | E1073: =IFERROR(VLOOKUP(Tableau2[[#This Row],[PR]],'Taux sortant'!$I$9:$S$167,COLUMN(),0),"") -> 10.84 | F1073: =IFERROR(VLOOKUP(Tableau2[[#This Row],[PR]],'Taux sortant'!$I$9:$S$167,COLUMN(),0),"") -> 8.73 | G1073: =IFERROR(VLOOKUP(Tableau2[[#This Row],[PR]],'Taux sortant'!$I$9:$S$167,COLUMN(),0),"") -> 6.21 | H1073: =IFERROR(VLOOKUP(Tableau2[[#This Row],[PR]],'Taux sortant'!$I$9:$S$167,COLUMN(),0),"") -> 4.48 | I1073: =IFERROR(VLOOKUP(Tableau2[[#This Row],[PR]],'Taux sortant'!$I$9:$S$167,COLUMN(),0),"") -> 3.71 | J1073: =IFERROR(VLOOKUP(Tableau2[[#This Row],[PR]],'Taux sortant'!$I$9:$S$167,COLUMN(),0),"") -> 0 | ... L1073: =IFERROR(VLOOKUP(Tableau2[[#This Row],[PR]],'Taux sortant'!$I$9:$S$167,COLUMN(),0),"")
A1074: CARON BROOK | B1074: EDMUNDSTON | C1074: =IFERROR(VLOOKUP(Tableau2[[#This Row],[PR]],'Taux sortant'!$I$9:$S$167,COLUMN(),0),"") -> 12.34 | D1074: =IFERROR(VLOOKUP(Tableau2[[#This Row],[PR]],'Taux sortant'!$I$9:$S$167,COLUMN(),0),"") -> 10.06 | E1074: =IFERROR(VLOOKUP(Tableau2[[#This Row],[PR]],'Taux sortant'!$I$9:$S$167,COLUMN(),0),"") -> 7.45 | F1074: =IFERROR(VLOOKUP(Tableau2[[#This Row],[PR]],'Taux sortant'!$I$9:$S$167,COLUMN(),0),"") -> 6.22 | G1074: =IFERROR(VLOOKUP(Tableau2[[#This Row],[PR]],'Taux sortant'!$I$9:$S$167,COLUMN(),0),"") -> 5.23 | H1074: =IFERROR(VLOOKUP(Tableau2[[#This Row],[PR]],'Taux sortant'!$I$9:$S$167,COLUMN(),0),"") -> 4.43 | I1074: =IFERROR(VLOOKUP(Tableau2[[#This Row],[PR]],'Taux sortant'!$I$9:$S$167,COLUMN(),0),"") -> 3.8 | J1074: =IFERROR(VLOOKUP(Tableau2[[#This Row],[PR]],'Taux sortant'!$I$9:$S$167,COLUMN(),0),"") -> 0 | ... L1074: =IFERROR(VLOOKUP(Tableau2[[#This Row],[PR]],'Taux sortant'!$I$9:$S$167,COLUMN(),0),"")
A1075: CARP | B1075: ARNPRIOR | C1075: =IFERROR(VLOOKUP(Tableau2[[#This Row],[PR]],'Taux sortant'!$I$9:$S$167,COLUMN(),0),"") -> 18.93 | D1075: =IFERROR(VLOOKUP(Tableau2[[#This Row],[PR]],'Taux sortant'!$I$9:$S$167,COLUMN(),0),"") -> 14.7 | E1075: =IFERROR(VLOOKUP(Tableau2[[#This Row],[PR]],'Taux sortant'!$I$9:$S$167,COLUMN(),0),"") -> 10.55 | F1075: =IFERROR(VLOOKUP(Tableau2[[#This Row],[PR]],'Taux sortant'!$I$9:$S$167,COLUMN(),0),"") -> 8.69 | G1075: =IFERROR(VLOOKUP(Tableau2[[#This Row],[PR]],'Taux sortant'!$I$9:$S$167,COLUMN(),0),"") -> 6.98 | H1075: =IFERROR(VLOOKUP(Tableau2[[#This Row],[PR]],'Taux sortant'!$I$9:$S$167,COLUMN(),0),"") -> 5.4 | I1075: =IFERROR(VLOOKUP(Tableau2[[#This Row],[PR]],'Taux sortant'!$I$9:$S$167,COLUMN(),0),"") -> 4.87 | J1075: =IFERROR(VLOOKUP(Tableau2[[#This Row],[PR]],'Taux sortant'!$I$9:$S$167,COLUMN(),0),"") -> 0 | ... L1075: =IFERROR(VLOOKUP(Tableau2[[#This Row],[PR]],'Taux sortant'!$I$9:$S$167,COLUMN(),0),"")
A1076: CARROLLS CORNER | B1076: ELMSDALE, STEWIACKE | C1076: =IFERROR(VLOOKUP(Tableau2[[#This Row],[PR]],'Taux sortant'!$I$9:$S$167,COLUMN(),0),"") | D1076: =IFERROR(VLOOKUP(Tableau2[[#This Row],[PR]],'Taux sortant'!$I$9:$S$167,COLUMN(),0),"") | E1076: =IFERROR(VLOOKUP(Tableau2[[#This Row],[PR]],'Taux sortant'!$I$9:$S$167,COLUMN(),0),"") | F1076: =IFERROR(VLOOKUP(Tableau2[[#This Row],[PR]],'Taux sortant'!$I$9:$S$167,COLUMN(),0),"") | G1076: =IFERROR(VLOOKUP(Tableau2[[#This Row],[PR]],'Taux sortant'!$I$9:$S$167,COLUMN(),0),"") | H1076: =IFERROR(VLOOKUP(Tableau2[[#This Row],[PR]],'Taux sortant'!$I$9:$S$167,COLUMN(),0),"") | I1076: =IFERROR(VLOOKUP(Tableau2[[#This Row],[PR]],'Taux sortant'!$I$9:$S$167,COLUMN(),0),"") | J1076: =IFERROR(VLOOKUP(Tableau2[[#This Row],[PR]],'Taux sortant'!$I$9:$S$167,COLUMN(),0),"") | ... L1076: =IFERROR(VLOOKUP(Tableau2[[#This Row],[PR]],'Taux sortant'!$I$9:$S$167,COLUMN(),0),"")
A1077: CARROLLS CROSSING | B1077: DOAKTOWN | C1077: =IFERROR(VLOOKUP(Tableau2[[#This Row],[PR]],'Taux sortant'!$I$9:$S$167,COLUMN(),0),"") -> 15.12 | D1077: =IFERROR(VLOOKUP(Tableau2[[#This Row],[PR]],'Taux sortant'!$I$9:$S$167,COLUMN(),0),"") -> 12.61 | E1077: =IFERROR(VLOOKUP(Tableau2[[#This Row],[PR]],'Taux sortant'!$I$9:$S$167,COLUMN(),0),"") -> 9.72 | F1077: =IFERROR(VLOOKUP(Tableau2[[#This Row],[PR]],'Taux sortant'!$I$9:$S$167,COLUMN(),0),"") -> 8.27 | G1077: =IFERROR(VLOOKUP(Tableau2[[#This Row],[PR]],'Taux sortant'!$I$9:$S$167,COLUMN(),0),"") -> 7.1 | H1077: =IFERROR(VLOOKUP(Tableau2[[#This Row],[PR]],'Taux sortant'!$I$9:$S$167,COLUMN(),0),"") -> 6.12 | I1077: =IFERROR(VLOOKUP(Tableau2[[#This Row],[PR]],'Taux sortant'!$I$9:$S$167,COLUMN(),0),"") -> 5.33 | J1077: =IFERROR(VLOOKUP(Tableau2[[#This Row],[PR]],'Taux sortant'!$I$9:$S$167,COLUMN(),0),"") -> 0 | ... L1077: =IFERROR(VLOOKUP(Tableau2[[#This Row],[PR]],'Taux sortant'!$I$9:$S$167,COLUMN(),0),"")
A1078: CARRS BROOK | B1078: TATAMAGOUCHE | C1078: =IFERROR(VLOOKUP(Tableau2[[#This Row],[PR]],'Taux sortant'!$I$9:$S$167,COLUMN(),0),"") -> 16.93 | D1078: =IFERROR(VLOOKUP(Tableau2[[#This Row],[PR]],'Taux sortant'!$I$9:$S$167,COLUMN(),0),"") -> 14.32 | E1078: =IFERROR(VLOOKUP(Tableau2[[#This Row],[PR]],'Taux sortant'!$I$9:$S$167,COLUMN(),0),"") -> 11.27 | F1078: =IFERROR(VLOOKUP(Tableau2[[#This Row],[PR]],'Taux sortant'!$I$9:$S$167,COLUMN(),0),"") -> 9.77 | G1078: =IFERROR(VLOOKUP(Tableau2[[#This Row],[PR]],'Taux sortant'!$I$9:$S$167,COLUMN(),0),"") -> 8.41 | H1078: =IFERROR(VLOOKUP(Tableau2[[#This Row],[PR]],'Taux sortant'!$I$9:$S$167,COLUMN(),0),"") -> 7.25 | I1078: =IFERROR(VLOOKUP(Tableau2[[#This Row],[PR]],'Taux sortant'!$I$9:$S$167,COLUMN(),0),"") -> 6.31 | J1078: =IFERROR(VLOOKUP(Tableau2[[#This Row],[PR]],'Taux sortant'!$I$9:$S$167,COLUMN(),0),"") -> 0 | ... L1078: =IFERROR(VLOOKUP(Tableau2[[#This Row],[PR]],'Taux sortant'!$I$9:$S$167,COLUMN(),0),"")
A1079: CARRYING PLACE | B1079: BELLEVILLE | C1079: =IFERROR(VLOOKUP(Tableau2[[#This Row],[PR]],'Taux sortant'!$I$9:$S$167,COLUMN(),0),"") -> 30.77 | D1079: =IFERROR(VLOOKUP(Tableau2[[#This Row],[PR]],'Taux sortant'!$I$9:$S$167,COLUMN(),0),"") -> 22.76 | E1079: =IFERROR(VLOOKUP(Tableau2[[#This Row],[PR]],'Taux sortant'!$I$9:$S$167,COLUMN(),0),"") -> 16.43 | F1079: =IFERROR(VLOOKUP(Tableau2[[#This Row],[PR]],'Taux sortant'!$I$9:$S$167,COLUMN(),0),"") -> 12.46 | G1079: =IFERROR(VLOOKUP(Tableau2[[#This Row],[PR]],'Taux sortant'!$I$9:$S$167,COLUMN(),0),"") -> 7.96 | H1079: =IFERROR(VLOOKUP(Tableau2[[#This Row],[PR]],'Taux sortant'!$I$9:$S$167,COLUMN(),0),"") -> 5.83 | I1079: =IFERROR(VLOOKUP(Tableau2[[#This Row],[PR]],'Taux sortant'!$I$9:$S$167,COLUMN(),0),"") -> 4.59 | J1079: =IFERROR(VLOOKUP(Tableau2[[#This Row],[PR]],'Taux sortant'!$I$9:$S$167,COLUMN(),0),"") -> 0 | ... L1079: =IFERROR(VLOOKUP(Tableau2[[#This Row],[PR]],'Taux sortant'!$I$9:$S$167,COLUMN(),0),"")
A1080: CARSONVILLE | B1080: SUSSEX | C1080: =IFERROR(VLOOKUP(Tableau2[[#This Row],[PR]],'Taux sortant'!$I$9:$S$167,COLUMN(),0),"") -> 15.5 | D1080: =IFERROR(VLOOKUP(Tableau2[[#This Row],[PR]],'Taux sortant'!$I$9:$S$167,COLUMN(),0),"") -> 12.99 | E1080: =IFERROR(VLOOKUP(Tableau2[[#This Row],[PR]],'Taux sortant'!$I$9:$S$167,COLUMN(),0),"") -> 10.07 | F1080: =IFERROR(VLOOKUP(Tableau2[[#This Row],[PR]],'Taux sortant'!$I$9:$S$167,COLUMN(),0),"") -> 8.6 | G1080: =IFERROR(VLOOKUP(Tableau2[[#This Row],[PR]],'Taux sortant'!$I$9:$S$167,COLUMN(),0),"") -> 7.36 | H1080: =IFERROR(VLOOKUP(Tableau2[[#This Row],[PR]],'Taux sortant'!$I$9:$S$167,COLUMN(),0),"") -> 6.34 | I1080: =IFERROR(VLOOKUP(Tableau2[[#This Row],[PR]],'Taux sortant'!$I$9:$S$167,COLUMN(),0),"") -> 5.51 | J1080: =IFERROR(VLOOKUP(Tableau2[[#This Row],[PR]],'Taux sortant'!$I$9:$S$167,COLUMN(),0),"") -> 0 | ... L1080: =IFERROR(VLOOKUP(Tableau2[[#This Row],[PR]],'Taux sortant'!$I$9:$S$167,COLUMN(),0),"")
A1081: CARTERS COVE | B1081: TWILLINGATE, GAMBO | C1081: =IFERROR(VLOOKUP(Tableau2[[#This Row],[PR]],'Taux sortant'!$I$9:$S$167,COLUMN(),0),"") | D1081: =IFERROR(VLOOKUP(Tableau2[[#This Row],[PR]],'Taux sortant'!$I$9:$S$167,COLUMN(),0),"") | E1081: =IFERROR(VLOOKUP(Tableau2[[#This Row],[PR]],'Taux sortant'!$I$9:$S$167,COLUMN(),0),"") | F1081: =IFERROR(VLOOKUP(Tableau2[[#This Row],[PR]],'Taux sortant'!$I$9:$S$167,COLUMN(),0),"") | G1081: =IFERROR(VLOOKUP(Tableau2[[#This Row],[PR]],'Taux sortant'!$I$9:$S$167,COLUMN(),0),"") | H1081: =IFERROR(VLOOKUP(Tableau2[[#This Row],[PR]],'Taux sortant'!$I$9:$S$167,COLUMN(),0),"") | I1081: =IFERROR(VLOOKUP(Tableau2[[#This Row],[PR]],'Taux sortant'!$I$9:$S$167,COLUMN(),0),"") | J1081: =IFERROR(VLOOKUP(Tableau2[[#This Row],[PR]],'Taux sortant'!$I$9:$S$167,COLUMN(),0),"") | ... L1081: =IFERROR(VLOOKUP(Tableau2[[#This Row],[PR]],'Taux sortant'!$I$9:$S$167,COLUMN(),0),"")
A1082: CARTIER | B1082: WINNIPEG* | C1082: =IFERROR(VLOOKUP(Tableau2[[#This Row],[PR]],'Taux sortant'!$I$9:$S$167,COLUMN(),0),"") | D1082: =IFERROR(VLOOKUP(Tableau2[[#This Row],[PR]],'Taux sortant'!$I$9:$S$167,COLUMN(),0),"") | E1082: =IFERROR(VLOOKUP(Tableau2[[#This Row],[PR]],'Taux sortant'!$I$9:$S$167,COLUMN(),0),"") | F1082: =IFERROR(VLOOKUP(Tableau2[[#This Row],[PR]],'Taux sortant'!$I$9:$S$167,COLUMN(),0),"") | G1082: =IFERROR(VLOOKUP(Tableau2[[#This Row],[PR]],'Taux sortant'!$I$9:$S$167,COLUMN(),0),"") | H1082: =IFERROR(VLOOKUP(Tableau2[[#This Row],[PR]],'Taux sortant'!$I$9:$S$167,COLUMN(),0),"") | I1082: =IFERROR(VLOOKUP(Tableau2[[#This Row],[PR]],'Taux sortant'!$I$9:$S$167,COLUMN(),0),"") | J1082: =IFERROR(VLOOKUP(Tableau2[[#This Row],[PR]],'Taux sortant'!$I$9:$S$167,COLUMN(),0),"") | ... L1082: =IFERROR(VLOOKUP(Tableau2[[#This Row],[PR]],'Taux sortant'!$I$9:$S$167,COLUMN(),0),"")
A1083: CARTIER | B1083: SUDBURY | C1083: =IFERROR(VLOOKUP(Tableau2[[#This Row],[PR]],'Taux sortant'!$I$9:$S$167,COLUMN(),0),"") -> 28.13 | D1083: =IFERROR(VLOOKUP(Tableau2[[#This Row],[PR]],'Taux sortant'!$I$9:$S$167,COLUMN(),0),"") -> 22.97 | E1083: =IFERROR(VLOOKUP(Tableau2[[#This Row],[PR]],'Taux sortant'!$I$9:$S$167,COLUMN(),0),"") -> 17.19 | F1083: =IFERROR(VLOOKUP(Tableau2[[#This Row],[PR]],'Taux sortant'!$I$9:$S$167,COLUMN(),0),"") -> 13.88 | G1083: =IFERROR(VLOOKUP(Tableau2[[#This Row],[PR]],'Taux sortant'!$I$9:$S$167,COLUMN(),0),"") -> 10.89 | H1083: =IFERROR(VLOOKUP(Tableau2[[#This Row],[PR]],'Taux sortant'!$I$9:$S$167,COLUMN(),0),"") -> 7.86 | I1083: =IFERROR(VLOOKUP(Tableau2[[#This Row],[PR]],'Taux sortant'!$I$9:$S$167,COLUMN(),0),"") -> 7.14 | J1083: =IFERROR(VLOOKUP(Tableau2[[#This Row],[PR]],'Taux sortant'!$I$9:$S$167,COLUMN(),0),"") -> 0 | ... L1083: =IFERROR(VLOOKUP(Tableau2[[#This Row],[PR]],'Taux sortant'!$I$9:$S$167,COLUMN(),0),"")
A1084: CARTIERVILLE | B1084: MONTREAL | C1084: =IFERROR(VLOOKUP(Tableau2[[#This Row],[PR]],'Taux sortant'!$I$9:$S$167,COLUMN(),0),"") -> 8.85 | D1084: =IFERROR(VLOOKUP(Tableau2[[#This Row],[PR]],'Taux sortant'!$I$9:$S$167,COLUMN(),0),"") -> 6.89 | E1084: =IFERROR(VLOOKUP(Tableau2[[#This Row],[PR]],'Taux sortant'!$I$9:$S$167,COLUMN(),0),"") -> 4.7 | F1084: =IFERROR(VLOOKUP(Tableau2[[#This Row],[PR]],'Taux sortant'!$I$9:$S$167,COLUMN(),0),"") -> 3.63 | G1084: =IFERROR(VLOOKUP(Tableau2[[#This Row],[PR]],'Taux sortant'!$I$9:$S$167,COLUMN(),0),"") -> 2.93 | H1084: =IFERROR(VLOOKUP(Tableau2[[#This Row],[PR]],'Taux sortant'!$I$9:$S$167,COLUMN(),0),"") -> 2.49 | I1084: =IFERROR(VLOOKUP(Tableau2[[#This Row],[PR]],'Taux sortant'!$I$9:$S$167,COLUMN(),0),"") -> 2.21 | J1084: =IFERROR(VLOOKUP(Tableau2[[#This Row],[PR]],'Taux sortant'!$I$9:$S$167,COLUMN(),0),"") -> 0 | ... L1084: =IFERROR(VLOOKUP(Tableau2[[#This Row],[PR]],'Taux sortant'!$I$9:$S$167,COLUMN(),0),"")
... A1252: CLARENCE | B1252: MIDDLETON | C1252: =IFERROR(VLOOKUP(Tableau2[[#This Row],[PR]],'Taux sortant'!$I$9:$S$167,COLUMN(),0),"") -> 18.79 | D1252: =IFERROR(VLOOKUP(Tableau2[[#This Row],[PR]],'Taux sortant'!$I$9:$S$167,COLUMN(),0),"") -> 15.99 | E1252: =IFERROR(VLOOKUP(Tableau2[[#This Row],[PR]],'Taux sortant'!$I$9:$S$167,COLUMN(),0),"") -> 12.7 | F1252: =IFERROR(VLOOKUP(Tableau2[[#This Row],[PR]],'Taux sortant'!$I$9:$S$167,COLUMN(),0),"") -> 11.07 | G1252: =IFERROR(VLOOKUP(Tableau2[[#This Row],[PR]],'Taux sortant'!$I$9:$S$167,COLUMN(),0),"") -> 9.52 | H1252: =IFERROR(VLOOKUP(Tableau2[[#This Row],[PR]],'Taux sortant'!$I$9:$S$167,COLUMN(),0),"") -> 8.1 | I1252: =IFERROR(VLOOKUP(Tableau2[[#This Row],[PR]],'Taux sortant'!$I$9:$S$167,COLUMN(),0),"") -> 6.92 | J1252: =IFERROR(VLOOKUP(Tableau2[[#This Row],[PR]],'Taux sortant'!$I$9:$S$167,COLUMN(),0),"") -> 0 | ... L1252: =IFERROR(VLOOKUP(Tableau2[[#This Row],[PR]],'Taux sortant'!$I$9:$S$167,COLUMN(),0),"")
A1253: CLARENCE CREEK | C1253: =IFERROR(VLOOKUP(Tableau2[[#This Row],[PR]],'Taux sortant'!$I$9:$S$167,COLUMN(),0),"") | D1253: =IFERROR(VLOOKUP(Tableau2[[#This Row],[PR]],'Taux sortant'!$I$9:$S$167,COLUMN(),0),"") | E1253: =IFERROR(VLOOKUP(Tableau2[[#This Row],[PR]],'Taux sortant'!$I$9:$S$167,COLUMN(),0),"") | F1253: =IFERROR(VLOOKUP(Tableau2[[#This Row],[PR]],'Taux sortant'!$I$9:$S$167,COLUMN(),0),"") | G1253: =IFERROR(VLOOKUP(Tableau2[[#This Row],[PR]],'Taux sortant'!$I$9:$S$167,COLUMN(),0),"") | H1253: =IFERROR(VLOOKUP(Tableau2[[#This Row],[PR]],'Taux sortant'!$I$9:$S$167,COLUMN(),0),"") | I1253: =IFERROR(VLOOKUP(Tableau2[[#This Row],[PR]],'Taux sortant'!$I$9:$S$167,COLUMN(),0),"") | J1253: =IFERROR(VLOOKUP(Tableau2[[#This Row],[PR]],'Taux sortant'!$I$9:$S$167,COLUMN(),0),"") | ... L1253: =IFERROR(VLOOKUP(Tableau2[[#This Row],[PR]],'Taux sortant'!$I$9:$S$167,COLUMN(),0),"")
A1254: CLARENCE CREEK | B1254: ARNPRIOR | C1254: =IFERROR(VLOOKUP(Tableau2[[#This Row],[PR]],'Taux sortant'!$I$9:$S$167,COLUMN(),0),"") -> 18.93 | D1254: =IFERROR(VLOOKUP(Tableau2[[#This Row],[PR]],'Taux sortant'!$I$9:$S$167,COLUMN(),0),"") -> 14.7 | E1254: =IFERROR(VLOOKUP(Tableau2[[#This Row],[PR]],'Taux sortant'!$I$9:$S$167,COLUMN(),0),"") -> 10.55 | F1254: =IFERROR(VLOOKUP(Tableau2[[#This Row],[PR]],'Taux sortant'!$I$9:$S$167,COLUMN(),0),"") -> 8.69 | G1254: =IFERROR(VLOOKUP(Tableau2[[#This Row],[PR]],'Taux sortant'!$I$9:$S$167,COLUMN(),0),"") -> 6.98 | H1254: =IFERROR(VLOOKUP(Tableau2[[#This Row],[PR]],'Taux sortant'!$I$9:$S$167,COLUMN(),0),"") -> 5.4 | I1254: =IFERROR(VLOOKUP(Tableau2[[#This Row],[PR]],'Taux sortant'!$I$9:$S$167,COLUMN(),0),"") -> 4.87 | J1254: =IFERROR(VLOOKUP(Tableau2[[#This Row],[PR]],'Taux sortant'!$I$9:$S$167,COLUMN(),0),"") -> 0 | ... L1254: =IFERROR(VLOOKUP(Tableau2[[#This Row],[PR]],'Taux sortant'!$I$9:$S$167,COLUMN(),0),"")
A1255: CLARENCEVILLE | B1255: ST JEAN SUR RICHELIEU | C1255: =IFERROR(VLOOKUP(Tableau2[[#This Row],[PR]],'Taux sortant'!$I$9:$S$167,COLUMN(),0),"") -> 9.59 | D1255: =IFERROR(VLOOKUP(Tableau2[[#This Row],[PR]],'Taux sortant'!$I$9:$S$167,COLUMN(),0),"") -> 7.53 | E1255: =IFERROR(VLOOKUP(Tableau2[[#This Row],[PR]],'Taux sortant'!$I$9:$S$167,COLUMN(),0),"") -> 5.2 | F1255: =IFERROR(VLOOKUP(Tableau2[[#This Row],[PR]],'Taux sortant'!$I$9:$S$167,COLUMN(),0),"") -> 4.08 | G1255: =IFERROR(VLOOKUP(Tableau2[[#This Row],[PR]],'Taux sortant'!$I$9:$S$167,COLUMN(),0),"") -> 3.34 | H1255: =IFERROR(VLOOKUP(Tableau2[[#This Row],[PR]],'Taux sortant'!$I$9:$S$167,COLUMN(),0),"") -> 2.88 | I1255: =IFERROR(VLOOKUP(Tableau2[[#This Row],[PR]],'Taux sortant'!$I$9:$S$167,COLUMN(),0),"") -> 2.59 | J1255: =IFERROR(VLOOKUP(Tableau2[[#This Row],[PR]],'Taux sortant'!$I$9:$S$167,COLUMN(),0),"") -> 0 | ... L1255: =IFERROR(VLOOKUP(Tableau2[[#This Row],[PR]],'Taux sortant'!$I$9:$S$167,COLUMN(),0),"")
A1256: CLARENDON | B1256: SAINT JOHN | C1256: =IFERROR(VLOOKUP(Tableau2[[#This Row],[PR]],'Taux sortant'!$I$9:$S$167,COLUMN(),0),"") -> 14.38 | D1256: =IFERROR(VLOOKUP(Tableau2[[#This Row],[PR]],'Taux sortant'!$I$9:$S$167,COLUMN(),0),"") -> 11.96 | E1256: =IFERROR(VLOOKUP(Tableau2[[#This Row],[PR]],'Taux sortant'!$I$9:$S$167,COLUMN(),0),"") -> 9.12 | F1256: =IFERROR(VLOOKUP(Tableau2[[#This Row],[PR]],'Taux sortant'!$I$9:$S$167,COLUMN(),0),"") -> 7.74 | G1256: =IFERROR(VLOOKUP(Tableau2[[#This Row],[PR]],'Taux sortant'!$I$9:$S$167,COLUMN(),0),"") -> 6.58 | H1256: =IFERROR(VLOOKUP(Tableau2[[#This Row],[PR]],'Taux sortant'!$I$9:$S$167,COLUMN(),0),"") -> 5.57 | I1256: =IFERROR(VLOOKUP(Tableau2[[#This Row],[PR]],'Taux sortant'!$I$9:$S$167,COLUMN(),0),"") -> 4.78 | J1256: =IFERROR(VLOOKUP(Tableau2[[#This Row],[PR]],'Taux sortant'!$I$9:$S$167,COLUMN(),0),"") -> 0 | ... L1256: =IFERROR(VLOOKUP(Tableau2[[#This Row],[PR]],'Taux sortant'!$I$9:$S$167,COLUMN(),0),"")
A1257: CLARENDON STATION | B1257: KINGSTON | C1257: =IFERROR(VLOOKUP(Tableau2[[#This Row],[PR]],'Taux sortant'!$I$9:$S$167,COLUMN(),0),"") -> 17.95 | D1257: =IFERROR(VLOOKUP(Tableau2[[#This Row],[PR]],'Taux sortant'!$I$9:$S$167,COLUMN(),0),"") -> 14.25 | E1257: =IFERROR(VLOOKUP(Tableau2[[#This Row],[PR]],'Taux sortant'!$I$9:$S$167,COLUMN(),0),"") -> 10.85 | F1257: =IFERROR(VLOOKUP(Tableau2[[#This Row],[PR]],'Taux sortant'!$I$9:$S$167,COLUMN(),0),"") -> 8.92 | G1257: =IFERROR(VLOOKUP(Tableau2[[#This Row],[PR]],'Taux sortant'!$I$9:$S$167,COLUMN(),0),"") -> 6.44 | H1257: =IFERROR(VLOOKUP(Tableau2[[#This Row],[PR]],'Taux sortant'!$I$9:$S$167,COLUMN(),0),"") -> 5.07 | I1257: =IFERROR(VLOOKUP(Tableau2[[#This Row],[PR]],'Taux sortant'!$I$9:$S$167,COLUMN(),0),"") -> 4.2 | J1257: =IFERROR(VLOOKUP(Tableau2[[#This Row],[PR]],'Taux sortant'!$I$9:$S$167,COLUMN(),0),"") -> 0 | ... L1257: =IFERROR(VLOOKUP(Tableau2[[#This Row],[PR]],'Taux sortant'!$I$9:$S$167,COLUMN(),0),"")
A1258: CLARENVILLE | B1258: CLARENVILLE, BONAVISTA | C1258: =IFERROR(VLOOKUP(Tableau2[[#This Row],[PR]],'Taux sortant'!$I$9:$S$167,COLUMN(),0),"") | D1258: =IFERROR(VLOOKUP(Tableau2[[#This Row],[PR]],'Taux sortant'!$I$9:$S$167,COLUMN(),0),"") | E1258: =IFERROR(VLOOKUP(Tableau2[[#This Row],[PR]],'Taux sortant'!$I$9:$S$167,COLUMN(),0),"") | F1258: =IFERROR(VLOOKUP(Tableau2[[#This Row],[PR]],'Taux sortant'!$I$9:$S$167,COLUMN(),0),"") | G1258: =IFERROR(VLOOKUP(Tableau2[[#This Row],[PR]],'Taux sortant'!$I$9:$S$167,COLUMN(),0),"") | H1258: =IFERROR(VLOOKUP(Tableau2[[#This Row],[PR]],'Taux sortant'!$I$9:$S$167,COLUMN(),0),"") | I1258: =IFERROR(VLOOKUP(Tableau2[[#This Row],[PR]],'Taux sortant'!$I$9:$S$167,COLUMN(),0),"") | J1258: =IFERROR(VLOOKUP(Tableau2[[#This Row],[PR]],'Taux sortant'!$I$9:$S$167,COLUMN(),0),"") | ... L1258: =IFERROR(VLOOKUP(Tableau2[[#This Row],[PR]],'Taux sortant'!$I$9:$S$167,COLUMN(),0),"")
A1259: CLARINGTON | B1259: OSHAWA | C1259: =IFERROR(VLOOKUP(Tableau2[[#This Row],[PR]],'Taux sortant'!$I$9:$S$167,COLUMN(),0),"") -> 20.05 | D1259: =IFERROR(VLOOKUP(Tableau2[[#This Row],[PR]],'Taux sortant'!$I$9:$S$167,COLUMN(),0),"") -> 15.11 | E1259: =IFERROR(VLOOKUP(Tableau2[[#This Row],[PR]],'Taux sortant'!$I$9:$S$167,COLUMN(),0),"") -> 10.84 | F1259: =IFERROR(VLOOKUP(Tableau2[[#This Row],[PR]],'Taux sortant'!$I$9:$S$167,COLUMN(),0),"") -> 8.73 | G1259: =IFERROR(VLOOKUP(Tableau2[[#This Row],[PR]],'Taux sortant'!$I$9:$S$167,COLUMN(),0),"") -> 6.21 | H1259: =IFERROR(VLOOKUP(Tableau2[[#This Row],[PR]],'Taux sortant'!$I$9:$S$167,COLUMN(),0),"") -> 4.48 | I1259: =IFERROR(VLOOKUP(Tableau2[[#This Row],[PR]],'Taux sortant'!$I$9:$S$167,COLUMN(),0),"") -> 3.71 | J1259: =IFERROR(VLOOKUP(Tableau2[[#This Row],[PR]],'Taux sortant'!$I$9:$S$167,COLUMN(),0),"") -> 0 | ... L1259: =IFERROR(VLOOKUP(Tableau2[[#This Row],[PR]],'Taux sortant'!$I$9:$S$167,COLUMN(),0),"")
A1260: CLARK’S HARBOUR | B1260: SHELBURNE | C1260: =IFERROR(VLOOKUP(Tableau2[[#This Row],[PR]],'Taux sortant'!$I$9:$S$167,COLUMN(),0),"") -> 22.64 | D1260: =IFERROR(VLOOKUP(Tableau2[[#This Row],[PR]],'Taux sortant'!$I$9:$S$167,COLUMN(),0),"") -> 20.19 | E1260: =IFERROR(VLOOKUP(Tableau2[[#This Row],[PR]],'Taux sortant'!$I$9:$S$167,COLUMN(),0),"") -> 16.53 | F1260: =IFERROR(VLOOKUP(Tableau2[[#This Row],[PR]],'Taux sortant'!$I$9:$S$167,COLUMN(),0),"") -> 14.31 | G1260: =IFERROR(VLOOKUP(Tableau2[[#This Row],[PR]],'Taux sortant'!$I$9:$S$167,COLUMN(),0),"") -> 12.45 | H1260: =IFERROR(VLOOKUP(Tableau2[[#This Row],[PR]],'Taux sortant'!$I$9:$S$167,COLUMN(),0),"") -> 10.32 | I1260: =IFERROR(VLOOKUP(Tableau2[[#This Row],[PR]],'Taux sortant'!$I$9:$S$167,COLUMN(),0),"") -> 8.83 | J1260: =IFERROR(VLOOKUP(Tableau2[[#This Row],[PR]],'Taux sortant'!$I$9:$S$167,COLUMN(),0),"") -> 0 | ... L1260: =IFERROR(VLOOKUP(Tableau2[[#This Row],[PR]],'Taux sortant'!$I$9:$S$167,COLUMN(),0),"")
A1261: CLARKE CITY | B1261: SEPT ILES | C1261: =IFERROR(VLOOKUP(Tableau2[[#This Row],[PR]],'Taux sortant'!$I$9:$S$167,COLUMN(),0),"") -> 31.65 | D1261: =IFERROR(VLOOKUP(Tableau2[[#This Row],[PR]],'Taux sortant'!$I$9:$S$167,COLUMN(),0),"") -> 24.86 | E1261: =IFERROR(VLOOKUP(Tableau2[[#This Row],[PR]],'Taux sortant'!$I$9:$S$167,COLUMN(),0),"") -> 19.67 | F1261: =IFERROR(VLOOKUP(Tableau2[[#This Row],[PR]],'Taux sortant'!$I$9:$S$167,COLUMN(),0),"") -> 16.06 | G1261: =IFERROR(VLOOKUP(Tableau2[[#This Row],[PR]],'Taux sortant'!$I$9:$S$167,COLUMN(),0),"") -> 13.44 | H1261: =IFERROR(VLOOKUP(Tableau2[[#This Row],[PR]],'Taux sortant'!$I$9:$S$167,COLUMN(),0),"") -> 11.34 | I1261: =IFERROR(VLOOKUP(Tableau2[[#This Row],[PR]],'Taux sortant'!$I$9:$S$167,COLUMN(),0),"") -> 8.75 | J1261: =IFERROR(VLOOKUP(Tableau2[[#This Row],[PR]],'Taux sortant'!$I$9:$S$167,COLUMN(),0),"") -> 0 | ... L1261: =IFERROR(VLOOKUP(Tableau2[[#This Row],[PR]],'Taux sortant'!$I$9:$S$167,COLUMN(),0),"")
A1262: CLARKES BEACH | B1262: CARBONEAR | C1262: =IFERROR(VLOOKUP(Tableau2[[#This Row],[PR]],'Taux sortant'!$I$9:$S$167,COLUMN(),0),"") -> 29.89 | D1262: =IFERROR(VLOOKUP(Tableau2[[#This Row],[PR]],'Taux sortant'!$I$9:$S$167,COLUMN(),0),"") -> 27.05 | E1262: =IFERROR(VLOOKUP(Tableau2[[#This Row],[PR]],'Taux sortant'!$I$9:$S$167,COLUMN(),0),"") -> 23.76 | F1262: =IFERROR(VLOOKUP(Tableau2[[#This Row],[PR]],'Taux sortant'!$I$9:$S$167,COLUMN(),0),"") -> 22.11 | G1262: =IFERROR(VLOOKUP(Tableau2[[#This Row],[PR]],'Taux sortant'!$I$9:$S$167,COLUMN(),0),"") -> 20.05 | H1262: =IFERROR(VLOOKUP(Tableau2[[#This Row],[PR]],'Taux sortant'!$I$9:$S$167,COLUMN(),0),"") -> 17.09 | I1262: =IFERROR(VLOOKUP(Tableau2[[#This Row],[PR]],'Taux sortant'!$I$9:$S$167,COLUMN(),0),"") -> 15.56 | J1262: =IFERROR(VLOOKUP(Tableau2[[#This Row],[PR]],'Taux sortant'!$I$9:$S$167,COLUMN(),0),"") -> 0 | ... L1262: =IFERROR(VLOOKUP(Tableau2[[#This Row],[PR]],'Taux sortant'!$I$9:$S$167,COLUMN(),0),"")
A1263: CLARKES HEAD | B1263: TWILLINGATE, GAMBO | C1263: =IFERROR(VLOOKUP(Tableau2[[#This Row],[PR]],'Taux sortant'!$I$9:$S$167,COLUMN(),0),"") | D1263: =IFERROR(VLOOKUP(Tableau2[[#This Row],[PR]],'Taux sortant'!$I$9:$S$167,COLUMN(),0),"") | E1263: =IFERROR(VLOOKUP(Tableau2[[#This Row],[PR]],'Taux sortant'!$I$9:$S$167,COLUMN(),0),"") | F1263: =IFERROR(VLOOKUP(Tableau2[[#This Row],[PR]],'Taux sortant'!$I$9:$S$167,COLUMN(),0),"") | G1263: =IFERROR(VLOOKUP(Tableau2[[#This Row],[PR]],'Taux sortant'!$I$9:$S$167,COLUMN(),0),"") | H1263: =IFERROR(VLOOKUP(Tableau2[[#This Row],[PR]],'Taux sortant'!$I$9:$S$167,COLUMN(),0),"") | I1263: =IFERROR(VLOOKUP(Tableau2[[#This Row],[PR]],'Taux sortant'!$I$9:$S$167,COLUMN(),0),"") | J1263: =IFERROR(VLOOKUP(Tableau2[[#This Row],[PR]],'Taux sortant'!$I$9:$S$167,COLUMN(),0),"") | ... L1263: =IFERROR(VLOOKUP(Tableau2[[#This Row],[PR]],'Taux sortant'!$I$9:$S$167,COLUMN(),0),"")
A1264: CLARKIN | B1264: MONTAGUE, SOURIS | C1264: =IFERROR(VLOOKUP(Tableau2[[#This Row],[PR]],'Taux sortant'!$I$9:$S$167,COLUMN(),0),"") | D1264: =IFERROR(VLOOKUP(Tableau2[[#This Row],[PR]],'Taux sortant'!$I$9:$S$167,COLUMN(),0),"") | E1264: =IFERROR(VLOOKUP(Tableau2[[#This Row],[PR]],'Taux sortant'!$I$9:$S$167,COLUMN(),0),"") | F1264: =IFERROR(VLOOKUP(Tableau2[[#This Row],[PR]],'Taux sortant'!$I$9:$S$167,COLUMN(),0),"") | G1264: =IFERROR(VLOOKUP(Tableau2[[#This Row],[PR]],'Taux sortant'!$I$9:$S$167,COLUMN(),0),"") | H1264: =IFERROR(VLOOKUP(Tableau2[[#This Row],[PR]],'Taux sortant'!$I$9:$S$167,COLUMN(),0),"") | I1264: =IFERROR(VLOOKUP(Tableau2[[#This Row],[PR]],'Taux sortant'!$I$9:$S$167,COLUMN(),0),"") | J1264: =IFERROR(VLOOKUP(Tableau2[[#This Row],[PR]],'Taux sortant'!$I$9:$S$167,COLUMN(),0),"") | ... L1264: =IFERROR(VLOOKUP(Tableau2[[#This Row],[PR]],'Taux sortant'!$I$9:$S$167,COLUMN(),0),"")
A1265: CLARKSBURG | B1265: OWEN SOUND | C1265: =IFERROR(VLOOKUP(Tableau2[[#This Row],[PR]],'Taux sortant'!$I$9:$S$167,COLUMN(),0),"") -> 22.68 | D1265: =IFERROR(VLOOKUP(Tableau2[[#This Row],[PR]],'Taux sortant'!$I$9:$S$167,COLUMN(),0),"") -> 19.6 | E1265: =IFERROR(VLOOKUP(Tableau2[[#This Row],[PR]],'Taux sortant'!$I$9:$S$167,COLUMN(),0),"") -> 15.23 | F1265: =IFERROR(VLOOKUP(Tableau2[[#This Row],[PR]],'Taux sortant'!$I$9:$S$167,COLUMN(),0),"") -> 11.98 | G1265: =IFERROR(VLOOKUP(Tableau2[[#This Row],[PR]],'Taux sortant'!$I$9:$S$167,COLUMN(),0),"") -> 8.54 | H1265: =IFERROR(VLOOKUP(Tableau2[[#This Row],[PR]],'Taux sortant'!$I$9:$S$167,COLUMN(),0),"") -> 5.65 | I1265: =IFERROR(VLOOKUP(Tableau2[[#This Row],[PR]],'Taux sortant'!$I$9:$S$167,COLUMN(),0),"") -> 4.07 | J1265: =IFERROR(VLOOKUP(Tableau2[[#This Row],[PR]],'Taux sortant'!$I$9:$S$167,COLUMN(),0),"") -> 0 | ... L1265: =IFERROR(VLOOKUP(Tableau2[[#This Row],[PR]],'Taux sortant'!$I$9:$S$167,COLUMN(),0),"")
... A2456: HALIFAX SUD | B2456: THETFORD MINES | C2456: =IFERROR(VLOOKUP(Tableau2[[#This Row],[PR]],'Taux sortant'!$I$9:$S$167,COLUMN(),0),"") -> 20.91 | D2456: =IFERROR(VLOOKUP(Tableau2[[#This Row],[PR]],'Taux sortant'!$I$9:$S$167,COLUMN(),0),"") -> 16.62 | E2456: =IFERROR(VLOOKUP(Tableau2[[#This Row],[PR]],'Taux sortant'!$I$9:$S$167,COLUMN(),0),"") -> 12.11 | F2456: =IFERROR(VLOOKUP(Tableau2[[#This Row],[PR]],'Taux sortant'!$I$9:$S$167,COLUMN(),0),"") -> 9.71 | G2456: =IFERROR(VLOOKUP(Tableau2[[#This Row],[PR]],'Taux sortant'!$I$9:$S$167,COLUMN(),0),"") -> 7 | H2456: =IFERROR(VLOOKUP(Tableau2[[#This Row],[PR]],'Taux sortant'!$I$9:$S$167,COLUMN(),0),"") -> 4.81 | I2456: =IFERROR(VLOOKUP(Tableau2[[#This Row],[PR]],'Taux sortant'!$I$9:$S$167,COLUMN(),0),"") -> 4.19 | J2456: =IFERROR(VLOOKUP(Tableau2[[#This Row],[PR]],'Taux sortant'!$I$9:$S$167,COLUMN(),0),"") -> 0 | ... L2456: =IFERROR(VLOOKUP(Tableau2[[#This Row],[PR]],'Taux sortant'!$I$9:$S$167,COLUMN(),0),"")
A2457: HALIFAX) | C2457: =IFERROR(VLOOKUP(Tableau2[[#This Row],[PR]],'Taux sortant'!$I$9:$S$167,COLUMN(),0),"") | D2457: =IFERROR(VLOOKUP(Tableau2[[#This Row],[PR]],'Taux sortant'!$I$9:$S$167,COLUMN(),0),"") | E2457: =IFERROR(VLOOKUP(Tableau2[[#This Row],[PR]],'Taux sortant'!$I$9:$S$167,COLUMN(),0),"") | F2457: =IFERROR(VLOOKUP(Tableau2[[#This Row],[PR]],'Taux sortant'!$I$9:$S$167,COLUMN(),0),"") | G2457: =IFERROR(VLOOKUP(Tableau2[[#This Row],[PR]],'Taux sortant'!$I$9:$S$167,COLUMN(),0),"") | H2457: =IFERROR(VLOOKUP(Tableau2[[#This Row],[PR]],'Taux sortant'!$I$9:$S$167,COLUMN(),0),"") | I2457: =IFERROR(VLOOKUP(Tableau2[[#This Row],[PR]],'Taux sortant'!$I$9:$S$167,COLUMN(),0),"") | J2457: =IFERROR(VLOOKUP(Tableau2[[#This Row],[PR]],'Taux sortant'!$I$9:$S$167,COLUMN(),0),"") | ... L2457: =IFERROR(VLOOKUP(Tableau2[[#This Row],[PR]],'Taux sortant'!$I$9:$S$167,COLUMN(),0),"")
A2458: HALLEBOURG | B2458: KAPUSKASING | C2458: =IFERROR(VLOOKUP(Tableau2[[#This Row],[PR]],'Taux sortant'!$I$9:$S$167,COLUMN(),0),"") -> 39.42 | D2458: =IFERROR(VLOOKUP(Tableau2[[#This Row],[PR]],'Taux sortant'!$I$9:$S$167,COLUMN(),0),"") -> 32.03 | E2458: =IFERROR(VLOOKUP(Tableau2[[#This Row],[PR]],'Taux sortant'!$I$9:$S$167,COLUMN(),0),"") -> 24.86 | F2458: =IFERROR(VLOOKUP(Tableau2[[#This Row],[PR]],'Taux sortant'!$I$9:$S$167,COLUMN(),0),"") -> 20.84 | G2458: =IFERROR(VLOOKUP(Tableau2[[#This Row],[PR]],'Taux sortant'!$I$9:$S$167,COLUMN(),0),"") -> 16.22 | H2458: =IFERROR(VLOOKUP(Tableau2[[#This Row],[PR]],'Taux sortant'!$I$9:$S$167,COLUMN(),0),"") -> 12.79 | I2458: =IFERROR(VLOOKUP(Tableau2[[#This Row],[PR]],'Taux sortant'!$I$9:$S$167,COLUMN(),0),"") -> 12.02 | J2458: =IFERROR(VLOOKUP(Tableau2[[#This Row],[PR]],'Taux sortant'!$I$9:$S$167,COLUMN(),0),"") -> 0 | ... L2458: =IFERROR(VLOOKUP(Tableau2[[#This Row],[PR]],'Taux sortant'!$I$9:$S$167,COLUMN(),0),"")
A2459: HALLS HARBOUR | B2459: KENTVILLE | C2459: =IFERROR(VLOOKUP(Tableau2[[#This Row],[PR]],'Taux sortant'!$I$9:$S$167,COLUMN(),0),"") -> 18.26 | D2459: =IFERROR(VLOOKUP(Tableau2[[#This Row],[PR]],'Taux sortant'!$I$9:$S$167,COLUMN(),0),"") -> 15.47 | E2459: =IFERROR(VLOOKUP(Tableau2[[#This Row],[PR]],'Taux sortant'!$I$9:$S$167,COLUMN(),0),"") -> 12.23 | F2459: =IFERROR(VLOOKUP(Tableau2[[#This Row],[PR]],'Taux sortant'!$I$9:$S$167,COLUMN(),0),"") -> 10.64 | G2459: =IFERROR(VLOOKUP(Tableau2[[#This Row],[PR]],'Taux sortant'!$I$9:$S$167,COLUMN(),0),"") -> 9.09 | H2459: =IFERROR(VLOOKUP(Tableau2[[#This Row],[PR]],'Taux sortant'!$I$9:$S$167,COLUMN(),0),"") -> 7.69 | I2459: =IFERROR(VLOOKUP(Tableau2[[#This Row],[PR]],'Taux sortant'!$I$9:$S$167,COLUMN(),0),"") -> 6.52 | J2459: =IFERROR(VLOOKUP(Tableau2[[#This Row],[PR]],'Taux sortant'!$I$9:$S$167,COLUMN(),0),"") -> 0 | ... L2459: =IFERROR(VLOOKUP(Tableau2[[#This Row],[PR]],'Taux sortant'!$I$9:$S$167,COLUMN(),0),"")
A2460: HALLS LAKE | B2460: LINDSAY | C2460: =IFERROR(VLOOKUP(Tableau2[[#This Row],[PR]],'Taux sortant'!$I$9:$S$167,COLUMN(),0),"") -> 20.05 | D2460: =IFERROR(VLOOKUP(Tableau2[[#This Row],[PR]],'Taux sortant'!$I$9:$S$167,COLUMN(),0),"") -> 15.11 | E2460: =IFERROR(VLOOKUP(Tableau2[[#This Row],[PR]],'Taux sortant'!$I$9:$S$167,COLUMN(),0),"") -> 10.84 | F2460: =IFERROR(VLOOKUP(Tableau2[[#This Row],[PR]],'Taux sortant'!$I$9:$S$167,COLUMN(),0),"") -> 8.73 | G2460: =IFERROR(VLOOKUP(Tableau2[[#This Row],[PR]],'Taux sortant'!$I$9:$S$167,COLUMN(),0),"") -> 6.21 | H2460: =IFERROR(VLOOKUP(Tableau2[[#This Row],[PR]],'Taux sortant'!$I$9:$S$167,COLUMN(),0),"") -> 4.48 | I2460: =IFERROR(VLOOKUP(Tableau2[[#This Row],[PR]],'Taux sortant'!$I$9:$S$167,COLUMN(),0),"") -> 3.71 | J2460: =IFERROR(VLOOKUP(Tableau2[[#This Row],[PR]],'Taux sortant'!$I$9:$S$167,COLUMN(),0),"") -> 0 | ... L2460: =IFERROR(VLOOKUP(Tableau2[[#This Row],[PR]],'Taux sortant'!$I$9:$S$167,COLUMN(),0),"")
A2461: HALTON HILLS | B2461: TORONTO | C2461: =IFERROR(VLOOKUP(Tableau2[[#This Row],[PR]],'Taux sortant'!$I$9:$S$167,COLUMN(),0),"") -> 12.05 | D2461: =IFERROR(VLOOKUP(Tableau2[[#This Row],[PR]],'Taux sortant'!$I$9:$S$167,COLUMN(),0),"") -> 9.57 | E2461: =IFERROR(VLOOKUP(Tableau2[[#This Row],[PR]],'Taux sortant'!$I$9:$S$167,COLUMN(),0),"") -> 6.79 | F2461: =IFERROR(VLOOKUP(Tableau2[[#This Row],[PR]],'Taux sortant'!$I$9:$S$167,COLUMN(),0),"") -> 5.47 | G2461: =IFERROR(VLOOKUP(Tableau2[[#This Row],[PR]],'Taux sortant'!$I$9:$S$167,COLUMN(),0),"") -> 4.49 | H2461: =IFERROR(VLOOKUP(Tableau2[[#This Row],[PR]],'Taux sortant'!$I$9:$S$167,COLUMN(),0),"") -> 3.66 | I2461: =IFERROR(VLOOKUP(Tableau2[[#This Row],[PR]],'Taux sortant'!$I$9:$S$167,COLUMN(),0),"") -> 3.12 | J2461: =IFERROR(VLOOKUP(Tableau2[[#This Row],[PR]],'Taux sortant'!$I$9:$S$167,COLUMN(),0),"") -> 0 | ... L2461: =IFERROR(VLOOKUP(Tableau2[[#This Row],[PR]],'Taux sortant'!$I$9:$S$167,COLUMN(),0),"")
A2462: HAM NORD | B2462: VICTORIAVILLE | C2462: =IFERROR(VLOOKUP(Tableau2[[#This Row],[PR]],'Taux sortant'!$I$9:$S$167,COLUMN(),0),"") -> 9.59 | D2462: =IFERROR(VLOOKUP(Tableau2[[#This Row],[PR]],'Taux sortant'!$I$9:$S$167,COLUMN(),0),"") -> 7.53 | E2462: =IFERROR(VLOOKUP(Tableau2[[#This Row],[PR]],'Taux sortant'!$I$9:$S$167,COLUMN(),0),"") -> 5.2 | F2462: =IFERROR(VLOOKUP(Tableau2[[#This Row],[PR]],'Taux sortant'!$I$9:$S$167,COLUMN(),0),"") -> 4.08 | G2462: =IFERROR(VLOOKUP(Tableau2[[#This Row],[PR]],'Taux sortant'!$I$9:$S$167,COLUMN(),0),"") -> 3.34 | H2462: =IFERROR(VLOOKUP(Tableau2[[#This Row],[PR]],'Taux sortant'!$I$9:$S$167,COLUMN(),0),"") -> 2.88 | I2462: =IFERROR(VLOOKUP(Tableau2[[#This Row],[PR]],'Taux sortant'!$I$9:$S$167,COLUMN(),0),"") -> 2.59 | J2462: =IFERROR(VLOOKUP(Tableau2[[#This Row],[PR]],'Taux sortant'!$I$9:$S$167,COLUMN(),0),"") -> 0 | ... L2462: =IFERROR(VLOOKUP(Tableau2[[#This Row],[PR]],'Taux sortant'!$I$9:$S$167,COLUMN(),0),"")
A2463: HAMER BAY | B2463: BRACEBRIDGE | C2463: =IFERROR(VLOOKUP(Tableau2[[#This Row],[PR]],'Taux sortant'!$I$9:$S$167,COLUMN(),0),"") -> 25.34 | D2463: =IFERROR(VLOOKUP(Tableau2[[#This Row],[PR]],'Taux sortant'!$I$9:$S$167,COLUMN(),0),"") -> 21.62 | E2463: =IFERROR(VLOOKUP(Tableau2[[#This Row],[PR]],'Taux sortant'!$I$9:$S$167,COLUMN(),0),"") -> 15.42 | F2463: =IFERROR(VLOOKUP(Tableau2[[#This Row],[PR]],'Taux sortant'!$I$9:$S$167,COLUMN(),0),"") -> 12.6 | G2463: =IFERROR(VLOOKUP(Tableau2[[#This Row],[PR]],'Taux sortant'!$I$9:$S$167,COLUMN(),0),"") -> 9.55 | H2463: =IFERROR(VLOOKUP(Tableau2[[#This Row],[PR]],'Taux sortant'!$I$9:$S$167,COLUMN(),0),"") -> 7.3 | I2463: =IFERROR(VLOOKUP(Tableau2[[#This Row],[PR]],'Taux sortant'!$I$9:$S$167,COLUMN(),0),"") -> 6.61 | J2463: =IFERROR(VLOOKUP(Tableau2[[#This Row],[PR]],'Taux sortant'!$I$9:$S$167,COLUMN(),0),"") -> 0 | ... L2463: =IFERROR(VLOOKUP(Tableau2[[#This Row],[PR]],'Taux sortant'!$I$9:$S$167,COLUMN(),0),"")
A2464: HAMILTON | B2464: HAMILTON | C2464: =IFERROR(VLOOKUP(Tableau2[[#This Row],[PR]],'Taux sortant'!$I$9:$S$167,COLUMN(),0),"") -> 12.63 | D2464: =IFERROR(VLOOKUP(Tableau2[[#This Row],[PR]],'Taux sortant'!$I$9:$S$167,COLUMN(),0),"") -> 10.14 | E2464: =IFERROR(VLOOKUP(Tableau2[[#This Row],[PR]],'Taux sortant'!$I$9:$S$167,COLUMN(),0),"") -> 7.31 | F2464: =IFERROR(VLOOKUP(Tableau2[[#This Row],[PR]],'Taux sortant'!$I$9:$S$167,COLUMN(),0),"") -> 5.96 | G2464: =IFERROR(VLOOKUP(Tableau2[[#This Row],[PR]],'Taux sortant'!$I$9:$S$167,COLUMN(),0),"") -> 4.98 | H2464: =IFERROR(VLOOKUP(Tableau2[[#This Row],[PR]],'Taux sortant'!$I$9:$S$167,COLUMN(),0),"") -> 4.2 | I2464: =IFERROR(VLOOKUP(Tableau2[[#This Row],[PR]],'Taux sortant'!$I$9:$S$167,COLUMN(),0),"") -> 3.68 | J2464: =IFERROR(VLOOKUP(Tableau2[[#This Row],[PR]],'Taux sortant'!$I$9:$S$167,COLUMN(),0),"") -> 0 | ... L2464: =IFERROR(VLOOKUP(Tableau2[[#This Row],[PR]],'Taux sortant'!$I$9:$S$167,COLUMN(),0),"")
A2465: HAMILTON | B2465: SUMMERSIDE | C2465: =IFERROR(VLOOKUP(Tableau2[[#This Row],[PR]],'Taux sortant'!$I$9:$S$167,COLUMN(),0),"") -> 14.1 | D2465: =IFERROR(VLOOKUP(Tableau2[[#This Row],[PR]],'Taux sortant'!$I$9:$S$167,COLUMN(),0),"") -> 12.41 | E2465: =IFERROR(VLOOKUP(Tableau2[[#This Row],[PR]],'Taux sortant'!$I$9:$S$167,COLUMN(),0),"") -> 9.03 | F2465: =IFERROR(VLOOKUP(Tableau2[[#This Row],[PR]],'Taux sortant'!$I$9:$S$167,COLUMN(),0),"") -> 7.34 | G2465: =IFERROR(VLOOKUP(Tableau2[[#This Row],[PR]],'Taux sortant'!$I$9:$S$167,COLUMN(),0),"") -> 6.12 | H2465: =IFERROR(VLOOKUP(Tableau2[[#This Row],[PR]],'Taux sortant'!$I$9:$S$167,COLUMN(),0),"") -> 5.37 | I2465: =IFERROR(VLOOKUP(Tableau2[[#This Row],[PR]],'Taux sortant'!$I$9:$S$167,COLUMN(),0),"") -> 4.65 | J2465: =IFERROR(VLOOKUP(Tableau2[[#This Row],[PR]],'Taux sortant'!$I$9:$S$167,COLUMN(),0),"") -> 0 | ... L2465: =IFERROR(VLOOKUP(Tableau2[[#This Row],[PR]],'Taux sortant'!$I$9:$S$167,COLUMN(),0),"")
A2466: HAMMOND | B2466: ARNPRIOR | C2466: =IFERROR(VLOOKUP(Tableau2[[#This Row],[PR]],'Taux sortant'!$I$9:$S$167,COLUMN(),0),"") -> 18.93 | D2466: =IFERROR(VLOOKUP(Tableau2[[#This Row],[PR]],'Taux sortant'!$I$9:$S$167,COLUMN(),0),"") -> 14.7 | E2466: =IFERROR(VLOOKUP(Tableau2[[#This Row],[PR]],'Taux sortant'!$I$9:$S$167,COLUMN(),0),"") -> 10.55 | F2466: =IFERROR(VLOOKUP(Tableau2[[#This Row],[PR]],'Taux sortant'!$I$9:$S$167,COLUMN(),0),"") -> 8.69 | G2466: =IFERROR(VLOOKUP(Tableau2[[#This Row],[PR]],'Taux sortant'!$I$9:$S$167,COLUMN(),0),"") -> 6.98 | H2466: =IFERROR(VLOOKUP(Tableau2[[#This Row],[PR]],'Taux sortant'!$I$9:$S$167,COLUMN(),0),"") -> 5.4 | I2466: =IFERROR(VLOOKUP(Tableau2[[#This Row],[PR]],'Taux sortant'!$I$9:$S$167,COLUMN(),0),"") -> 4.87 | J2466: =IFERROR(VLOOKUP(Tableau2[[#This Row],[PR]],'Taux sortant'!$I$9:$S$167,COLUMN(),0),"") -> 0 | ... L2466: =IFERROR(VLOOKUP(Tableau2[[#This Row],[PR]],'Taux sortant'!$I$9:$S$167,COLUMN(),0),"")
A2467: HAMMOND RIVER(ROTHESAY) | B2467: SAINT JOHN | C2467: =IFERROR(VLOOKUP(Tableau2[[#This Row],[PR]],'Taux sortant'!$I$9:$S$167,COLUMN(),0),"") -> 14.38 | D2467: =IFERROR(VLOOKUP(Tableau2[[#This Row],[PR]],'Taux sortant'!$I$9:$S$167,COLUMN(),0),"") -> 11.96 | E2467: =IFERROR(VLOOKUP(Tableau2[[#This Row],[PR]],'Taux sortant'!$I$9:$S$167,COLUMN(),0),"") -> 9.12 | F2467: =IFERROR(VLOOKUP(Tableau2[[#This Row],[PR]],'Taux sortant'!$I$9:$S$167,COLUMN(),0),"") -> 7.74 | G2467: =IFERROR(VLOOKUP(Tableau2[[#This Row],[PR]],'Taux sortant'!$I$9:$S$167,COLUMN(),0),"") -> 6.58 | H2467: =IFERROR(VLOOKUP(Tableau2[[#This Row],[PR]],'Taux sortant'!$I$9:$S$167,COLUMN(),0),"") -> 5.57 | I2467: =IFERROR(VLOOKUP(Tableau2[[#This Row],[PR]],'Taux sortant'!$I$9:$S$167,COLUMN(),0),"") -> 4.78 | J2467: =IFERROR(VLOOKUP(Tableau2[[#This Row],[PR]],'Taux sortant'!$I$9:$S$167,COLUMN(),0),"") -> 0 | ... L2467: =IFERROR(VLOOKUP(Tableau2[[#This Row],[PR]],'Taux sortant'!$I$9:$S$167,COLUMN(),0),"")
A2468: HAMMONDS PLAINS | B2468: HALIFAX | C2468: =IFERROR(VLOOKUP(Tableau2[[#This Row],[PR]],'Taux sortant'!$I$9:$S$167,COLUMN(),0),"") -> 16.62 | D2468: =IFERROR(VLOOKUP(Tableau2[[#This Row],[PR]],'Taux sortant'!$I$9:$S$167,COLUMN(),0),"") -> 14.01 | E2468: =IFERROR(VLOOKUP(Tableau2[[#This Row],[PR]],'Taux sortant'!$I$9:$S$167,COLUMN(),0),"") -> 10.98 | F2468: =IFERROR(VLOOKUP(Tableau2[[#This Row],[PR]],'Taux sortant'!$I$9:$S$167,COLUMN(),0),"") -> 9.49 | G2468: =IFERROR(VLOOKUP(Tableau2[[#This Row],[PR]],'Taux sortant'!$I$9:$S$167,COLUMN(),0),"") -> 8.12 | H2468: =IFERROR(VLOOKUP(Tableau2[[#This Row],[PR]],'Taux sortant'!$I$9:$S$167,COLUMN(),0),"") -> 6.99 | I2468: =IFERROR(VLOOKUP(Tableau2[[#This Row],[PR]],'Taux sortant'!$I$9:$S$167,COLUMN(),0),"") -> 6.03 | J2468: =IFERROR(VLOOKUP(Tableau2[[#This Row],[PR]],'Taux sortant'!$I$9:$S$167,COLUMN(),0),"") -> 2466.45 | ... L2468: =IFERROR(VLOOKUP(Tableau2[[#This Row],[PR]],'Taux sortant'!$I$9:$S$167,COLUMN(),0),"")
A2469: HAMMONDVALE | B2469: SUSSEX | C2469: =IFERROR(VLOOKUP(Tableau2[[#This Row],[PR]],'Taux sortant'!$I$9:$S$167,COLUMN(),0),"") -> 15.5 | D2469: =IFERROR(VLOOKUP(Tableau2[[#This Row],[PR]],'Taux sortant'!$I$9:$S$167,COLUMN(),0),"") -> 12.99 | E2469: =IFERROR(VLOOKUP(Tableau2[[#This Row],[PR]],'Taux sortant'!$I$9:$S$167,COLUMN(),0),"") -> 10.07 | F2469: =IFERROR(VLOOKUP(Tableau2[[#This Row],[PR]],'Taux sortant'!$I$9:$S$167,COLUMN(),0),"") -> 8.6 | G2469: =IFERROR(VLOOKUP(Tableau2[[#This Row],[PR]],'Taux sortant'!$I$9:$S$167,COLUMN(),0),"") -> 7.36 | H2469: =IFERROR(VLOOKUP(Tableau2[[#This Row],[PR]],'Taux sortant'!$I$9:$S$167,COLUMN(),0),"") -> 6.34 | I2469: =IFERROR(VLOOKUP(Tableau2[[#This Row],[PR]],'Taux sortant'!$I$9:$S$167,COLUMN(),0),"") -> 5.51 | J2469: =IFERROR(VLOOKUP(Tableau2[[#This Row],[PR]],'Taux sortant'!$I$9:$S$167,COLUMN(),0),"") -> 0 | ... L2469: =IFERROR(VLOOKUP(Tableau2[[#This Row],[PR]],'Taux sortant'!$I$9:$S$167,COLUMN(),0),"")
... A2879: KAMLOOPS | B2879: KAMLOOPS* | C2879: =IFERROR(VLOOKUP(Tableau2[[#This Row],[PR]],'Taux sortant'!$I$9:$S$167,COLUMN(),0),"") | D2879: =IFERROR(VLOOKUP(Tableau2[[#This Row],[PR]],'Taux sortant'!$I$9:$S$167,COLUMN(),0),"") | E2879: =IFERROR(VLOOKUP(Tableau2[[#This Row],[PR]],'Taux sortant'!$I$9:$S$167,COLUMN(),0),"") | F2879: =IFERROR(VLOOKUP(Tableau2[[#This Row],[PR]],'Taux sortant'!$I$9:$S$167,COLUMN(),0),"") | G2879: =IFERROR(VLOOKUP(Tableau2[[#This Row],[PR]],'Taux sortant'!$I$9:$S$167,COLUMN(),0),"") | H2879: =IFERROR(VLOOKUP(Tableau2[[#This Row],[PR]],'Taux sortant'!$I$9:$S$167,COLUMN(),0),"") | I2879: =IFERROR(VLOOKUP(Tableau2[[#This Row],[PR]],'Taux sortant'!$I$9:$S$167,COLUMN(),0),"") | J2879: =IFERROR(VLOOKUP(Tableau2[[#This Row],[PR]],'Taux sortant'!$I$9:$S$167,COLUMN(),0),"") | ... L2879: =IFERROR(VLOOKUP(Tableau2[[#This Row],[PR]],'Taux sortant'!$I$9:$S$167,COLUMN(),0),"")
A2880: KAMOURASK | C2880: =IFERROR(VLOOKUP(Tableau2[[#This Row],[PR]],'Taux sortant'!$I$9:$S$167,COLUMN(),0),"") | D2880: =IFERROR(VLOOKUP(Tableau2[[#This Row],[PR]],'Taux sortant'!$I$9:$S$167,COLUMN(),0),"") | E2880: =IFERROR(VLOOKUP(Tableau2[[#This Row],[PR]],'Taux sortant'!$I$9:$S$167,COLUMN(),0),"") | F2880: =IFERROR(VLOOKUP(Tableau2[[#This Row],[PR]],'Taux sortant'!$I$9:$S$167,COLUMN(),0),"") | G2880: =IFERROR(VLOOKUP(Tableau2[[#This Row],[PR]],'Taux sortant'!$I$9:$S$167,COLUMN(),0),"") | H2880: =IFERROR(VLOOKUP(Tableau2[[#This Row],[PR]],'Taux sortant'!$I$9:$S$167,COLUMN(),0),"") | I2880: =IFERROR(VLOOKUP(Tableau2[[#This Row],[PR]],'Taux sortant'!$I$9:$S$167,COLUMN(),0),"") | J2880: =IFERROR(VLOOKUP(Tableau2[[#This Row],[PR]],'Taux sortant'!$I$9:$S$167,COLUMN(),0),"") | ... L2880: =IFERROR(VLOOKUP(Tableau2[[#This Row],[PR]],'Taux sortant'!$I$9:$S$167,COLUMN(),0),"")
A2881: KAMOURASKA | B2881: RIVIERE DU LOUP | C2881: =IFERROR(VLOOKUP(Tableau2[[#This Row],[PR]],'Taux sortant'!$I$9:$S$167,COLUMN(),0),"") -> 20.5 | D2881: =IFERROR(VLOOKUP(Tableau2[[#This Row],[PR]],'Taux sortant'!$I$9:$S$167,COLUMN(),0),"") -> 15.85 | E2881: =IFERROR(VLOOKUP(Tableau2[[#This Row],[PR]],'Taux sortant'!$I$9:$S$167,COLUMN(),0),"") -> 12.24 | F2881: =IFERROR(VLOOKUP(Tableau2[[#This Row],[PR]],'Taux sortant'!$I$9:$S$167,COLUMN(),0),"") -> 9.4 | G2881: =IFERROR(VLOOKUP(Tableau2[[#This Row],[PR]],'Taux sortant'!$I$9:$S$167,COLUMN(),0),"") -> 7.62 | H2881: =IFERROR(VLOOKUP(Tableau2[[#This Row],[PR]],'Taux sortant'!$I$9:$S$167,COLUMN(),0),"") -> 6.35 | I2881: =IFERROR(VLOOKUP(Tableau2[[#This Row],[PR]],'Taux sortant'!$I$9:$S$167,COLUMN(),0),"") -> 5.47 | J2881: =IFERROR(VLOOKUP(Tableau2[[#This Row],[PR]],'Taux sortant'!$I$9:$S$167,COLUMN(),0),"") -> 0 | ... L2881: =IFERROR(VLOOKUP(Tableau2[[#This Row],[PR]],'Taux sortant'!$I$9:$S$167,COLUMN(),0),"")
A2882: KANATA | B2882: OTTAWA | C2882: =IFERROR(VLOOKUP(Tableau2[[#This Row],[PR]],'Taux sortant'!$I$9:$S$167,COLUMN(),0),"") -> 16.73 | D2882: =IFERROR(VLOOKUP(Tableau2[[#This Row],[PR]],'Taux sortant'!$I$9:$S$167,COLUMN(),0),"") -> 12.79 | E2882: =IFERROR(VLOOKUP(Tableau2[[#This Row],[PR]],'Taux sortant'!$I$9:$S$167,COLUMN(),0),"") -> 9.3 | F2882: =IFERROR(VLOOKUP(Tableau2[[#This Row],[PR]],'Taux sortant'!$I$9:$S$167,COLUMN(),0),"") -> 7.66 | G2882: =IFERROR(VLOOKUP(Tableau2[[#This Row],[PR]],'Taux sortant'!$I$9:$S$167,COLUMN(),0),"") -> 5.55 | H2882: =IFERROR(VLOOKUP(Tableau2[[#This Row],[PR]],'Taux sortant'!$I$9:$S$167,COLUMN(),0),"") -> 4.54 | I2882: =IFERROR(VLOOKUP(Tableau2[[#This Row],[PR]],'Taux sortant'!$I$9:$S$167,COLUMN(),0),"") -> 4.05 | J2882: =IFERROR(VLOOKUP(Tableau2[[#This Row],[PR]],'Taux sortant'!$I$9:$S$167,COLUMN(),0),"") -> 0 | ... L2882: =IFERROR(VLOOKUP(Tableau2[[#This Row],[PR]],'Taux sortant'!$I$9:$S$167,COLUMN(),0),"")
A2883: KANGIQSUALUJJUAQ | B2883: REMOTE COMMUNITY* | C2883: =IFERROR(VLOOKUP(Tableau2[[#This Row],[PR]],'Taux sortant'!$I$9:$S$167,COLUMN(),0),"") | D2883: =IFERROR(VLOOKUP(Tableau2[[#This Row],[PR]],'Taux sortant'!$I$9:$S$167,COLUMN(),0),"") | E2883: =IFERROR(VLOOKUP(Tableau2[[#This Row],[PR]],'Taux sortant'!$I$9:$S$167,COLUMN(),0),"") | F2883: =IFERROR(VLOOKUP(Tableau2[[#This Row],[PR]],'Taux sortant'!$I$9:$S$167,COLUMN(),0),"") | G2883: =IFERROR(VLOOKUP(Tableau2[[#This Row],[PR]],'Taux sortant'!$I$9:$S$167,COLUMN(),0),"") | H2883: =IFERROR(VLOOKUP(Tableau2[[#This Row],[PR]],'Taux sortant'!$I$9:$S$167,COLUMN(),0),"") | I2883: =IFERROR(VLOOKUP(Tableau2[[#This Row],[PR]],'Taux sortant'!$I$9:$S$167,COLUMN(),0),"") | J2883: =IFERROR(VLOOKUP(Tableau2[[#This Row],[PR]],'Taux sortant'!$I$9:$S$167,COLUMN(),0),"") | ... L2883: =IFERROR(VLOOKUP(Tableau2[[#This Row],[PR]],'Taux sortant'!$I$9:$S$167,COLUMN(),0),"")
A2884: KANGIQSUJUAQ | B2884: REMOTE COMMUNITY* | C2884: =IFERROR(VLOOKUP(Tableau2[[#This Row],[PR]],'Taux sortant'!$I$9:$S$167,COLUMN(),0),"") | D2884: =IFERROR(VLOOKUP(Tableau2[[#This Row],[PR]],'Taux sortant'!$I$9:$S$167,COLUMN(),0),"") | E2884: =IFERROR(VLOOKUP(Tableau2[[#This Row],[PR]],'Taux sortant'!$I$9:$S$167,COLUMN(),0),"") | F2884: =IFERROR(VLOOKUP(Tableau2[[#This Row],[PR]],'Taux sortant'!$I$9:$S$167,COLUMN(),0),"") | G2884: =IFERROR(VLOOKUP(Tableau2[[#This Row],[PR]],'Taux sortant'!$I$9:$S$167,COLUMN(),0),"") | H2884: =IFERROR(VLOOKUP(Tableau2[[#This Row],[PR]],'Taux sortant'!$I$9:$S$167,COLUMN(),0),"") | I2884: =IFERROR(VLOOKUP(Tableau2[[#This Row],[PR]],'Taux sortant'!$I$9:$S$167,COLUMN(),0),"") | J2884: =IFERROR(VLOOKUP(Tableau2[[#This Row],[PR]],'Taux sortant'!$I$9:$S$167,COLUMN(),0),"") | ... L2884: =IFERROR(VLOOKUP(Tableau2[[#This Row],[PR]],'Taux sortant'!$I$9:$S$167,COLUMN(),0),"")
A2885: KANGIRSUK | B2885: REMOTE COMMUNITY* | C2885: =IFERROR(VLOOKUP(Tableau2[[#This Row],[PR]],'Taux sortant'!$I$9:$S$167,COLUMN(),0),"") | D2885: =IFERROR(VLOOKUP(Tableau2[[#This Row],[PR]],'Taux sortant'!$I$9:$S$167,COLUMN(),0),"") | E2885: =IFERROR(VLOOKUP(Tableau2[[#This Row],[PR]],'Taux sortant'!$I$9:$S$167,COLUMN(),0),"") | F2885: =IFERROR(VLOOKUP(Tableau2[[#This Row],[PR]],'Taux sortant'!$I$9:$S$167,COLUMN(),0),"") | G2885: =IFERROR(VLOOKUP(Tableau2[[#This Row],[PR]],'Taux sortant'!$I$9:$S$167,COLUMN(),0),"") | H2885: =IFERROR(VLOOKUP(Tableau2[[#This Row],[PR]],'Taux sortant'!$I$9:$S$167,COLUMN(),0),"") | I2885: =IFERROR(VLOOKUP(Tableau2[[#This Row],[PR]],'Taux sortant'!$I$9:$S$167,COLUMN(),0),"") | J2885: =IFERROR(VLOOKUP(Tableau2[[#This Row],[PR]],'Taux sortant'!$I$9:$S$167,COLUMN(),0),"") | ... L2885: =IFERROR(VLOOKUP(Tableau2[[#This Row],[PR]],'Taux sortant'!$I$9:$S$167,COLUMN(),0),"")
A2886: KAPUSKASING | B2886: KAPUSKASING | C2886: =IFERROR(VLOOKUP(Tableau2[[#This Row],[PR]],'Taux sortant'!$I$9:$S$167,COLUMN(),0),"") -> 39.42 | D2886: =IFERROR(VLOOKUP(Tableau2[[#This Row],[PR]],'Taux sortant'!$I$9:$S$167,COLUMN(),0),"") -> 32.03 | E2886: =IFERROR(VLOOKUP(Tableau2[[#This Row],[PR]],'Taux sortant'!$I$9:$S$167,COLUMN(),0),"") -> 24.86 | F2886: =IFERROR(VLOOKUP(Tableau2[[#This Row],[PR]],'Taux sortant'!$I$9:$S$167,COLUMN(),0),"") -> 20.84 | G2886: =IFERROR(VLOOKUP(Tableau2[[#This Row],[PR]],'Taux sortant'!$I$9:$S$167,COLUMN(),0),"") -> 16.22 | H2886: =IFERROR(VLOOKUP(Tableau2[[#This Row],[PR]],'Taux sortant'!$I$9:$S$167,COLUMN(),0),"") -> 12.79 | I2886: =IFERROR(VLOOKUP(Tableau2[[#This Row],[PR]],'Taux sortant'!$I$9:$S$167,COLUMN(),0),"") -> 12.02 | J2886: =IFERROR(VLOOKUP(Tableau2[[#This Row],[PR]],'Taux sortant'!$I$9:$S$167,COLUMN(),0),"") -> 0 | ... L2886: =IFERROR(VLOOKUP(Tableau2[[#This Row],[PR]],'Taux sortant'!$I$9:$S$167,COLUMN(),0),"")
A2887: KARS | B2887: ARNPRIOR | C2887: =IFERROR(VLOOKUP(Tableau2[[#This Row],[PR]],'Taux sortant'!$I$9:$S$167,COLUMN(),0),"") -> 18.93 | D2887: =IFERROR(VLOOKUP(Tableau2[[#This Row],[PR]],'Taux sortant'!$I$9:$S$167,COLUMN(),0),"") -> 14.7 | E2887: =IFERROR(VLOOKUP(Tableau2[[#This Row],[PR]],'Taux sortant'!$I$9:$S$167,COLUMN(),0),"") -> 10.55 | F2887: =IFERROR(VLOOKUP(Tableau2[[#This Row],[PR]],'Taux sortant'!$I$9:$S$167,COLUMN(),0),"") -> 8.69 | G2887: =IFERROR(VLOOKUP(Tableau2[[#This Row],[PR]],'Taux sortant'!$I$9:$S$167,COLUMN(),0),"") -> 6.98 | H2887: =IFERROR(VLOOKUP(Tableau2[[#This Row],[PR]],'Taux sortant'!$I$9:$S$167,COLUMN(),0),"") -> 5.4 | I2887: =IFERROR(VLOOKUP(Tableau2[[#This Row],[PR]],'Taux sortant'!$I$9:$S$167,COLUMN(),0),"") -> 4.87 | J2887: =IFERROR(VLOOKUP(Tableau2[[#This Row],[PR]],'Taux sortant'!$I$9:$S$167,COLUMN(),0),"") -> 0 | ... L2887: =IFERROR(VLOOKUP(Tableau2[[#This Row],[PR]],'Taux sortant'!$I$9:$S$167,COLUMN(),0),"")
A2888: KASABONIKA | B2888: REMOTE COMMUNITY* | C2888: =IFERROR(VLOOKUP(Tableau2[[#This Row],[PR]],'Taux sortant'!$I$9:$S$167,COLUMN(),0),"") | D2888: =IFERROR(VLOOKUP(Tableau2[[#This Row],[PR]],'Taux sortant'!$I$9:$S$167,COLUMN(),0),"") | E2888: =IFERROR(VLOOKUP(Tableau2[[#This Row],[PR]],'Taux sortant'!$I$9:$S$167,COLUMN(),0),"") | F2888: =IFERROR(VLOOKUP(Tableau2[[#This Row],[PR]],'Taux sortant'!$I$9:$S$167,COLUMN(),0),"") | G2888: =IFERROR(VLOOKUP(Tableau2[[#This Row],[PR]],'Taux sortant'!$I$9:$S$167,COLUMN(),0),"") | H2888: =IFERROR(VLOOKUP(Tableau2[[#This Row],[PR]],'Taux sortant'!$I$9:$S$167,COLUMN(),0),"") | I2888: =IFERROR(VLOOKUP(Tableau2[[#This Row],[PR]],'Taux sortant'!$I$9:$S$167,COLUMN(),0),"") | J2888: =IFERROR(VLOOKUP(Tableau2[[#This Row],[PR]],'Taux sortant'!$I$9:$S$167,COLUMN(),0),"") | ... L2888: =IFERROR(VLOOKUP(Tableau2[[#This Row],[PR]],'Taux sortant'!$I$9:$S$167,COLUMN(),0),"")
A2889: KASHABOWIE | B2889: THUNDER BAY* | C2889: =IFERROR(VLOOKUP(Tableau2[[#This Row],[PR]],'Taux sortant'!$I$9:$S$167,COLUMN(),0),"") -> 49.81 | D2889: =IFERROR(VLOOKUP(Tableau2[[#This Row],[PR]],'Taux sortant'!$I$9:$S$167,COLUMN(),0),"") -> 45.27 | E2889: =IFERROR(VLOOKUP(Tableau2[[#This Row],[PR]],'Taux sortant'!$I$9:$S$167,COLUMN(),0),"") -> 34.64 | F2889: =IFERROR(VLOOKUP(Tableau2[[#This Row],[PR]],'Taux sortant'!$I$9:$S$167,COLUMN(),0),"") -> 29.4 | G2889: =IFERROR(VLOOKUP(Tableau2[[#This Row],[PR]],'Taux sortant'!$I$9:$S$167,COLUMN(),0),"") -> 24.47 | H2889: =IFERROR(VLOOKUP(Tableau2[[#This Row],[PR]],'Taux sortant'!$I$9:$S$167,COLUMN(),0),"") -> 15.63 | I2889: =IFERROR(VLOOKUP(Tableau2[[#This Row],[PR]],'Taux sortant'!$I$9:$S$167,COLUMN(),0),"") -> 14.81 | J2889: =IFERROR(VLOOKUP(Tableau2[[#This Row],[PR]],'Taux sortant'!$I$9:$S$167,COLUMN(),0),"") -> 0 | ... L2889: =IFERROR(VLOOKUP(Tableau2[[#This Row],[PR]],'Taux sortant'!$I$9:$S$167,COLUMN(),0),"")
A2890: KASHECHEWAN | B2890: REMOTE COMMUNITY* | C2890: =IFERROR(VLOOKUP(Tableau2[[#This Row],[PR]],'Taux sortant'!$I$9:$S$167,COLUMN(),0),"") | D2890: =IFERROR(VLOOKUP(Tableau2[[#This Row],[PR]],'Taux sortant'!$I$9:$S$167,COLUMN(),0),"") | E2890: =IFERROR(VLOOKUP(Tableau2[[#This Row],[PR]],'Taux sortant'!$I$9:$S$167,COLUMN(),0),"") | F2890: =IFERROR(VLOOKUP(Tableau2[[#This Row],[PR]],'Taux sortant'!$I$9:$S$167,COLUMN(),0),"") | G2890: =IFERROR(VLOOKUP(Tableau2[[#This Row],[PR]],'Taux sortant'!$I$9:$S$167,COLUMN(),0),"") | H2890: =IFERROR(VLOOKUP(Tableau2[[#This Row],[PR]],'Taux sortant'!$I$9:$S$167,COLUMN(),0),"") | I2890: =IFERROR(VLOOKUP(Tableau2[[#This Row],[PR]],'Taux sortant'!$I$9:$S$167,COLUMN(),0),"") | J2890: =IFERROR(VLOOKUP(Tableau2[[#This Row],[PR]],'Taux sortant'!$I$9:$S$167,COLUMN(),0),"") | ... L2890: =IFERROR(VLOOKUP(Tableau2[[#This Row],[PR]],'Taux sortant'!$I$9:$S$167,COLUMN(),0),"")
A2891: KATEVALE | B2891: SHERBROOKE | C2891: =IFERROR(VLOOKUP(Tableau2[[#This Row],[PR]],'Taux sortant'!$I$9:$S$167,COLUMN(),0),"") -> 9.59 | D2891: =IFERROR(VLOOKUP(Tableau2[[#This Row],[PR]],'Taux sortant'!$I$9:$S$167,COLUMN(),0),"") -> 7.53 | E2891: =IFERROR(VLOOKUP(Tableau2[[#This Row],[PR]],'Taux sortant'!$I$9:$S$167,COLUMN(),0),"") -> 5.2 | F2891: =IFERROR(VLOOKUP(Tableau2[[#This Row],[PR]],'Taux sortant'!$I$9:$S$167,COLUMN(),0),"") -> 4.08 | G2891: =IFERROR(VLOOKUP(Tableau2[[#This Row],[PR]],'Taux sortant'!$I$9:$S$167,COLUMN(),0),"") -> 3.34 | H2891: =IFERROR(VLOOKUP(Tableau2[[#This Row],[PR]],'Taux sortant'!$I$9:$S$167,COLUMN(),0),"") -> 2.88 | I2891: =IFERROR(VLOOKUP(Tableau2[[#This Row],[PR]],'Taux sortant'!$I$9:$S$167,COLUMN(),0),"") -> 2.59 | J2891: =IFERROR(VLOOKUP(Tableau2[[#This Row],[PR]],'Taux sortant'!$I$9:$S$167,COLUMN(),0),"") -> 0 | ... L2891: =IFERROR(VLOOKUP(Tableau2[[#This Row],[PR]],'Taux sortant'!$I$9:$S$167,COLUMN(),0),"")
A2892: KATRINE | B2892: HUNTSVILLE | C2892: =IFERROR(VLOOKUP(Tableau2[[#This Row],[PR]],'Taux sortant'!$I$9:$S$167,COLUMN(),0),"") -> 25.34 | D2892: =IFERROR(VLOOKUP(Tableau2[[#This Row],[PR]],'Taux sortant'!$I$9:$S$167,COLUMN(),0),"") -> 21.62 | E2892: =IFERROR(VLOOKUP(Tableau2[[#This Row],[PR]],'Taux sortant'!$I$9:$S$167,COLUMN(),0),"") -> 15.42 | F2892: =IFERROR(VLOOKUP(Tableau2[[#This Row],[PR]],'Taux sortant'!$I$9:$S$167,COLUMN(),0),"") -> 12.6 | G2892: =IFERROR(VLOOKUP(Tableau2[[#This Row],[PR]],'Taux sortant'!$I$9:$S$167,COLUMN(),0),"") -> 9.55 | H2892: =IFERROR(VLOOKUP(Tableau2[[#This Row],[PR]],'Taux sortant'!$I$9:$S$167,COLUMN(),0),"") -> 7.3 | I2892: =IFERROR(VLOOKUP(Tableau2[[#This Row],[PR]],'Taux sortant'!$I$9:$S$167,COLUMN(),0),"") -> 6.61 | J2892: =IFERROR(VLOOKUP(Tableau2[[#This Row],[PR]],'Taux sortant'!$I$9:$S$167,COLUMN(),0),"") -> 0 | ... L2892: =IFERROR(VLOOKUP(Tableau2[[#This Row],[PR]],'Taux sortant'!$I$9:$S$167,COLUMN(),0),"")
... A3920: MONT WRIGHT | B3920: REMOTE COMMUNITY* | C3920: =IFERROR(VLOOKUP(Tableau2[[#This Row],[PR]],'Taux sortant'!$I$9:$S$167,COLUMN(),0),"") | D3920: =IFERROR(VLOOKUP(Tableau2[[#This Row],[PR]],'Taux sortant'!$I$9:$S$167,COLUMN(),0),"") | E3920: =IFERROR(VLOOKUP(Tableau2[[#This Row],[PR]],'Taux sortant'!$I$9:$S$167,COLUMN(),0),"") | F3920: =IFERROR(VLOOKUP(Tableau2[[#This Row],[PR]],'Taux sortant'!$I$9:$S$167,COLUMN(),0),"") | G3920: =IFERROR(VLOOKUP(Tableau2[[#This Row],[PR]],'Taux sortant'!$I$9:$S$167,COLUMN(),0),"") | H3920: =IFERROR(VLOOKUP(Tableau2[[#This Row],[PR]],'Taux sortant'!$I$9:$S$167,COLUMN(),0),"") | I3920: =IFERROR(VLOOKUP(Tableau2[[#This Row],[PR]],'Taux sortant'!$I$9:$S$167,COLUMN(),0),"") | J3920: =IFERROR(VLOOKUP(Tableau2[[#This Row],[PR]],'Taux sortant'!$I$9:$S$167,COLUMN(),0),"") | ... L3920: =IFERROR(VLOOKUP(Tableau2[[#This Row],[PR]],'Taux sortant'!$I$9:$S$167,COLUMN(),0),"")
A3921: MONTAGNE | C3921: =IFERROR(VLOOKUP(Tableau2[[#This Row],[PR]],'Taux sortant'!$I$9:$S$167,COLUMN(),0),"") | D3921: =IFERROR(VLOOKUP(Tableau2[[#This Row],[PR]],'Taux sortant'!$I$9:$S$167,COLUMN(),0),"") | E3921: =IFERROR(VLOOKUP(Tableau2[[#This Row],[PR]],'Taux sortant'!$I$9:$S$167,COLUMN(),0),"") | F3921: =IFERROR(VLOOKUP(Tableau2[[#This Row],[PR]],'Taux sortant'!$I$9:$S$167,COLUMN(),0),"") | G3921: =IFERROR(VLOOKUP(Tableau2[[#This Row],[PR]],'Taux sortant'!$I$9:$S$167,COLUMN(),0),"") | H3921: =IFERROR(VLOOKUP(Tableau2[[#This Row],[PR]],'Taux sortant'!$I$9:$S$167,COLUMN(),0),"") | I3921: =IFERROR(VLOOKUP(Tableau2[[#This Row],[PR]],'Taux sortant'!$I$9:$S$167,COLUMN(),0),"") | J3921: =IFERROR(VLOOKUP(Tableau2[[#This Row],[PR]],'Taux sortant'!$I$9:$S$167,COLUMN(),0),"") | ... L3921: =IFERROR(VLOOKUP(Tableau2[[#This Row],[PR]],'Taux sortant'!$I$9:$S$167,COLUMN(),0),"")
A3922: MONTAGUE | B3922: MONTAGUE, SOURIS | C3922: =IFERROR(VLOOKUP(Tableau2[[#This Row],[PR]],'Taux sortant'!$I$9:$S$167,COLUMN(),0),"") | D3922: =IFERROR(VLOOKUP(Tableau2[[#This Row],[PR]],'Taux sortant'!$I$9:$S$167,COLUMN(),0),"") | E3922: =IFERROR(VLOOKUP(Tableau2[[#This Row],[PR]],'Taux sortant'!$I$9:$S$167,COLUMN(),0),"") | F3922: =IFERROR(VLOOKUP(Tableau2[[#This Row],[PR]],'Taux sortant'!$I$9:$S$167,COLUMN(),0),"") | G3922: =IFERROR(VLOOKUP(Tableau2[[#This Row],[PR]],'Taux sortant'!$I$9:$S$167,COLUMN(),0),"") | H3922: =IFERROR(VLOOKUP(Tableau2[[#This Row],[PR]],'Taux sortant'!$I$9:$S$167,COLUMN(),0),"") | I3922: =IFERROR(VLOOKUP(Tableau2[[#This Row],[PR]],'Taux sortant'!$I$9:$S$167,COLUMN(),0),"") | J3922: =IFERROR(VLOOKUP(Tableau2[[#This Row],[PR]],'Taux sortant'!$I$9:$S$167,COLUMN(),0),"") | ... L3922: =IFERROR(VLOOKUP(Tableau2[[#This Row],[PR]],'Taux sortant'!$I$9:$S$167,COLUMN(),0),"")
A3923: MONTAGUE GOLD MINES | B3923: HALIFAX | C3923: =IFERROR(VLOOKUP(Tableau2[[#This Row],[PR]],'Taux sortant'!$I$9:$S$167,COLUMN(),0),"") -> 16.62 | D3923: =IFERROR(VLOOKUP(Tableau2[[#This Row],[PR]],'Taux sortant'!$I$9:$S$167,COLUMN(),0),"") -> 14.01 | E3923: =IFERROR(VLOOKUP(Tableau2[[#This Row],[PR]],'Taux sortant'!$I$9:$S$167,COLUMN(),0),"") -> 10.98 | F3923: =IFERROR(VLOOKUP(Tableau2[[#This Row],[PR]],'Taux sortant'!$I$9:$S$167,COLUMN(),0),"") -> 9.49 | G3923: =IFERROR(VLOOKUP(Tableau2[[#This Row],[PR]],'Taux sortant'!$I$9:$S$167,COLUMN(),0),"") -> 8.12 | H3923: =IFERROR(VLOOKUP(Tableau2[[#This Row],[PR]],'Taux sortant'!$I$9:$S$167,COLUMN(),0),"") -> 6.99 | I3923: =IFERROR(VLOOKUP(Tableau2[[#This Row],[PR]],'Taux sortant'!$I$9:$S$167,COLUMN(),0),"") -> 6.03 | J3923: =IFERROR(VLOOKUP(Tableau2[[#This Row],[PR]],'Taux sortant'!$I$9:$S$167,COLUMN(),0),"") -> 2466.45 | ... L3923: =IFERROR(VLOOKUP(Tableau2[[#This Row],[PR]],'Taux sortant'!$I$9:$S$167,COLUMN(),0),"")
A3924: MONTAUBAN | B3924: TROIS RIVIERES | C3924: =IFERROR(VLOOKUP(Tableau2[[#This Row],[PR]],'Taux sortant'!$I$9:$S$167,COLUMN(),0),"") -> 9.59 | D3924: =IFERROR(VLOOKUP(Tableau2[[#This Row],[PR]],'Taux sortant'!$I$9:$S$167,COLUMN(),0),"") -> 7.53 | E3924: =IFERROR(VLOOKUP(Tableau2[[#This Row],[PR]],'Taux sortant'!$I$9:$S$167,COLUMN(),0),"") -> 5.2 | F3924: =IFERROR(VLOOKUP(Tableau2[[#This Row],[PR]],'Taux sortant'!$I$9:$S$167,COLUMN(),0),"") -> 4.08 | G3924: =IFERROR(VLOOKUP(Tableau2[[#This Row],[PR]],'Taux sortant'!$I$9:$S$167,COLUMN(),0),"") -> 3.34 | H3924: =IFERROR(VLOOKUP(Tableau2[[#This Row],[PR]],'Taux sortant'!$I$9:$S$167,COLUMN(),0),"") -> 2.88 | I3924: =IFERROR(VLOOKUP(Tableau2[[#This Row],[PR]],'Taux sortant'!$I$9:$S$167,COLUMN(),0),"") -> 2.59 | J3924: =IFERROR(VLOOKUP(Tableau2[[#This Row],[PR]],'Taux sortant'!$I$9:$S$167,COLUMN(),0),"") -> 0 | ... L3924: =IFERROR(VLOOKUP(Tableau2[[#This Row],[PR]],'Taux sortant'!$I$9:$S$167,COLUMN(),0),"")
A3925: MONTAUBAN LES MINES | B3925: TROIS RIVIERES | C3925: =IFERROR(VLOOKUP(Tableau2[[#This Row],[PR]],'Taux sortant'!$I$9:$S$167,COLUMN(),0),"") -> 9.59 | D3925: =IFERROR(VLOOKUP(Tableau2[[#This Row],[PR]],'Taux sortant'!$I$9:$S$167,COLUMN(),0),"") -> 7.53 | E3925: =IFERROR(VLOOKUP(Tableau2[[#This Row],[PR]],'Taux sortant'!$I$9:$S$167,COLUMN(),0),"") -> 5.2 | F3925: =IFERROR(VLOOKUP(Tableau2[[#This Row],[PR]],'Taux sortant'!$I$9:$S$167,COLUMN(),0),"") -> 4.08 | G3925: =IFERROR(VLOOKUP(Tableau2[[#This Row],[PR]],'Taux sortant'!$I$9:$S$167,COLUMN(),0),"") -> 3.34 | H3925: =IFERROR(VLOOKUP(Tableau2[[#This Row],[PR]],'Taux sortant'!$I$9:$S$167,COLUMN(),0),"") -> 2.88 | I3925: =IFERROR(VLOOKUP(Tableau2[[#This Row],[PR]],'Taux sortant'!$I$9:$S$167,COLUMN(),0),"") -> 2.59 | J3925: =IFERROR(VLOOKUP(Tableau2[[#This Row],[PR]],'Taux sortant'!$I$9:$S$167,COLUMN(),0),"") -> 0 | ... L3925: =IFERROR(VLOOKUP(Tableau2[[#This Row],[PR]],'Taux sortant'!$I$9:$S$167,COLUMN(),0),"")
A3926: MONTBEILLARD | B3926: ROUYN NORANDA | C3926: =IFERROR(VLOOKUP(Tableau2[[#This Row],[PR]],'Taux sortant'!$I$9:$S$167,COLUMN(),0),"") -> 30.33 | D3926: =IFERROR(VLOOKUP(Tableau2[[#This Row],[PR]],'Taux sortant'!$I$9:$S$167,COLUMN(),0),"") -> 27.8 | E3926: =IFERROR(VLOOKUP(Tableau2[[#This Row],[PR]],'Taux sortant'!$I$9:$S$167,COLUMN(),0),"") -> 20.43 | F3926: =IFERROR(VLOOKUP(Tableau2[[#This Row],[PR]],'Taux sortant'!$I$9:$S$167,COLUMN(),0),"") -> 15.78 | G3926: =IFERROR(VLOOKUP(Tableau2[[#This Row],[PR]],'Taux sortant'!$I$9:$S$167,COLUMN(),0),"") -> 11.93 | H3926: =IFERROR(VLOOKUP(Tableau2[[#This Row],[PR]],'Taux sortant'!$I$9:$S$167,COLUMN(),0),"") -> 7.97 | I3926: =IFERROR(VLOOKUP(Tableau2[[#This Row],[PR]],'Taux sortant'!$I$9:$S$167,COLUMN(),0),"") -> 7.56 | J3926: =IFERROR(VLOOKUP(Tableau2[[#This Row],[PR]],'Taux sortant'!$I$9:$S$167,COLUMN(),0),"") -> 0 | ... L3926: =IFERROR(VLOOKUP(Tableau2[[#This Row],[PR]],'Taux sortant'!$I$9:$S$167,COLUMN(),0),"")
A3927: MONTCERF | B3927: MONT LAURIER | C3927: =IFERROR(VLOOKUP(Tableau2[[#This Row],[PR]],'Taux sortant'!$I$9:$S$167,COLUMN(),0),"") -> 21.88 | D3927: =IFERROR(VLOOKUP(Tableau2[[#This Row],[PR]],'Taux sortant'!$I$9:$S$167,COLUMN(),0),"") -> 18.65 | E3927: =IFERROR(VLOOKUP(Tableau2[[#This Row],[PR]],'Taux sortant'!$I$9:$S$167,COLUMN(),0),"") -> 14.65 | F3927: =IFERROR(VLOOKUP(Tableau2[[#This Row],[PR]],'Taux sortant'!$I$9:$S$167,COLUMN(),0),"") -> 11.58 | G3927: =IFERROR(VLOOKUP(Tableau2[[#This Row],[PR]],'Taux sortant'!$I$9:$S$167,COLUMN(),0),"") -> 8.49 | H3927: =IFERROR(VLOOKUP(Tableau2[[#This Row],[PR]],'Taux sortant'!$I$9:$S$167,COLUMN(),0),"") -> 5.99 | I3927: =IFERROR(VLOOKUP(Tableau2[[#This Row],[PR]],'Taux sortant'!$I$9:$S$167,COLUMN(),0),"") -> 4.23 | J3927: =IFERROR(VLOOKUP(Tableau2[[#This Row],[PR]],'Taux sortant'!$I$9:$S$167,COLUMN(),0),"") -> 0 | ... L3927: =IFERROR(VLOOKUP(Tableau2[[#This Row],[PR]],'Taux sortant'!$I$9:$S$167,COLUMN(),0),"")
A3928: MONTEBELLO | B3928: LACHUTE | C3928: =IFERROR(VLOOKUP(Tableau2[[#This Row],[PR]],'Taux sortant'!$I$9:$S$167,COLUMN(),0),"") -> 20.27 | D3928: =IFERROR(VLOOKUP(Tableau2[[#This Row],[PR]],'Taux sortant'!$I$9:$S$167,COLUMN(),0),"") -> 17.12 | E3928: =IFERROR(VLOOKUP(Tableau2[[#This Row],[PR]],'Taux sortant'!$I$9:$S$167,COLUMN(),0),"") -> 13.15 | F3928: =IFERROR(VLOOKUP(Tableau2[[#This Row],[PR]],'Taux sortant'!$I$9:$S$167,COLUMN(),0),"") -> 9.51 | G3928: =IFERROR(VLOOKUP(Tableau2[[#This Row],[PR]],'Taux sortant'!$I$9:$S$167,COLUMN(),0),"") -> 6.45 | H3928: =IFERROR(VLOOKUP(Tableau2[[#This Row],[PR]],'Taux sortant'!$I$9:$S$167,COLUMN(),0),"") -> 4.64 | I3928: =IFERROR(VLOOKUP(Tableau2[[#This Row],[PR]],'Taux sortant'!$I$9:$S$167,COLUMN(),0),"") -> 3.62 | J3928: =IFERROR(VLOOKUP(Tableau2[[#This Row],[PR]],'Taux sortant'!$I$9:$S$167,COLUMN(),0),"") -> 0 | ... L3928: =IFERROR(VLOOKUP(Tableau2[[#This Row],[PR]],'Taux sortant'!$I$9:$S$167,COLUMN(),0),"")
A3929: MONTEITH | B3929: TIMMINS | C3929: =IFERROR(VLOOKUP(Tableau2[[#This Row],[PR]],'Taux sortant'!$I$9:$S$167,COLUMN(),0),"") -> 35.87 | D3929: =IFERROR(VLOOKUP(Tableau2[[#This Row],[PR]],'Taux sortant'!$I$9:$S$167,COLUMN(),0),"") -> 28.1 | E3929: =IFERROR(VLOOKUP(Tableau2[[#This Row],[PR]],'Taux sortant'!$I$9:$S$167,COLUMN(),0),"") -> 22.11 | F3929: =IFERROR(VLOOKUP(Tableau2[[#This Row],[PR]],'Taux sortant'!$I$9:$S$167,COLUMN(),0),"") -> 17.46 | G3929: =IFERROR(VLOOKUP(Tableau2[[#This Row],[PR]],'Taux sortant'!$I$9:$S$167,COLUMN(),0),"") -> 13.86 | H3929: =IFERROR(VLOOKUP(Tableau2[[#This Row],[PR]],'Taux sortant'!$I$9:$S$167,COLUMN(),0),"") -> 10.67 | I3929: =IFERROR(VLOOKUP(Tableau2[[#This Row],[PR]],'Taux sortant'!$I$9:$S$167,COLUMN(),0),"") -> 9.92 | J3929: =IFERROR(VLOOKUP(Tableau2[[#This Row],[PR]],'Taux sortant'!$I$9:$S$167,COLUMN(),0),"") -> 0 | ... L3929: =IFERROR(VLOOKUP(Tableau2[[#This Row],[PR]],'Taux sortant'!$I$9:$S$167,COLUMN(),0),"")
A3930: MONTFORT | B3930: STE AGATHE DES MONTS | C3930: =IFERROR(VLOOKUP(Tableau2[[#This Row],[PR]],'Taux sortant'!$I$9:$S$167,COLUMN(),0),"") -> 20.7 | D3930: =IFERROR(VLOOKUP(Tableau2[[#This Row],[PR]],'Taux sortant'!$I$9:$S$167,COLUMN(),0),"") -> 17.24 | E3930: =IFERROR(VLOOKUP(Tableau2[[#This Row],[PR]],'Taux sortant'!$I$9:$S$167,COLUMN(),0),"") -> 13.32 | F3930: =IFERROR(VLOOKUP(Tableau2[[#This Row],[PR]],'Taux sortant'!$I$9:$S$167,COLUMN(),0),"") -> 9.61 | G3930: =IFERROR(VLOOKUP(Tableau2[[#This Row],[PR]],'Taux sortant'!$I$9:$S$167,COLUMN(),0),"") -> 6.81 | H3930: =IFERROR(VLOOKUP(Tableau2[[#This Row],[PR]],'Taux sortant'!$I$9:$S$167,COLUMN(),0),"") -> 4.78 | I3930: =IFERROR(VLOOKUP(Tableau2[[#This Row],[PR]],'Taux sortant'!$I$9:$S$167,COLUMN(),0),"") -> 3.7 | J3930: =IFERROR(VLOOKUP(Tableau2[[#This Row],[PR]],'Taux sortant'!$I$9:$S$167,COLUMN(),0),"") -> 0 | ... L3930: =IFERROR(VLOOKUP(Tableau2[[#This Row],[PR]],'Taux sortant'!$I$9:$S$167,COLUMN(),0),"")
A3931: MONTICELLO | B3931: MONTAGUE, SOURIS | C3931: =IFERROR(VLOOKUP(Tableau2[[#This Row],[PR]],'Taux sortant'!$I$9:$S$167,COLUMN(),0),"") | D3931: =IFERROR(VLOOKUP(Tableau2[[#This Row],[PR]],'Taux sortant'!$I$9:$S$167,COLUMN(),0),"") | E3931: =IFERROR(VLOOKUP(Tableau2[[#This Row],[PR]],'Taux sortant'!$I$9:$S$167,COLUMN(),0),"") | F3931: =IFERROR(VLOOKUP(Tableau2[[#This Row],[PR]],'Taux sortant'!$I$9:$S$167,COLUMN(),0),"") | G3931: =IFERROR(VLOOKUP(Tableau2[[#This Row],[PR]],'Taux sortant'!$I$9:$S$167,COLUMN(),0),"") | H3931: =IFERROR(VLOOKUP(Tableau2[[#This Row],[PR]],'Taux sortant'!$I$9:$S$167,COLUMN(),0),"") | I3931: =IFERROR(VLOOKUP(Tableau2[[#This Row],[PR]],'Taux sortant'!$I$9:$S$167,COLUMN(),0),"") | J3931: =IFERROR(VLOOKUP(Tableau2[[#This Row],[PR]],'Taux sortant'!$I$9:$S$167,COLUMN(),0),"") | ... L3931: =IFERROR(VLOOKUP(Tableau2[[#This Row],[PR]],'Taux sortant'!$I$9:$S$167,COLUMN(),0),"")
A3932: MONTMAGNY | B3932: MONTMAGNY | C3932: =IFERROR(VLOOKUP(Tableau2[[#This Row],[PR]],'Taux sortant'!$I$9:$S$167,COLUMN(),0),"") -> 20.91 | D3932: =IFERROR(VLOOKUP(Tableau2[[#This Row],[PR]],'Taux sortant'!$I$9:$S$167,COLUMN(),0),"") -> 16.62 | E3932: =IFERROR(VLOOKUP(Tableau2[[#This Row],[PR]],'Taux sortant'!$I$9:$S$167,COLUMN(),0),"") -> 12.11 | F3932: =IFERROR(VLOOKUP(Tableau2[[#This Row],[PR]],'Taux sortant'!$I$9:$S$167,COLUMN(),0),"") -> 9.71 | G3932: =IFERROR(VLOOKUP(Tableau2[[#This Row],[PR]],'Taux sortant'!$I$9:$S$167,COLUMN(),0),"") -> 7 | H3932: =IFERROR(VLOOKUP(Tableau2[[#This Row],[PR]],'Taux sortant'!$I$9:$S$167,COLUMN(),0),"") -> 4.81 | I3932: =IFERROR(VLOOKUP(Tableau2[[#This Row],[PR]],'Taux sortant'!$I$9:$S$167,COLUMN(),0),"") -> 4.19 | J3932: =IFERROR(VLOOKUP(Tableau2[[#This Row],[PR]],'Taux sortant'!$I$9:$S$167,COLUMN(),0),"") -> 0 | ... L3932: =IFERROR(VLOOKUP(Tableau2[[#This Row],[PR]],'Taux sortant'!$I$9:$S$167,COLUMN(),0),"")
A3933: MONTMORENCY | C3933: =IFERROR(VLOOKUP(Tableau2[[#This Row],[PR]],'Taux sortant'!$I$9:$S$167,COLUMN(),0),"") | D3933: =IFERROR(VLOOKUP(Tableau2[[#This Row],[PR]],'Taux sortant'!$I$9:$S$167,COLUMN(),0),"") | E3933: =IFERROR(VLOOKUP(Tableau2[[#This Row],[PR]],'Taux sortant'!$I$9:$S$167,COLUMN(),0),"") | F3933: =IFERROR(VLOOKUP(Tableau2[[#This Row],[PR]],'Taux sortant'!$I$9:$S$167,COLUMN(),0),"") | G3933: =IFERROR(VLOOKUP(Tableau2[[#This Row],[PR]],'Taux sortant'!$I$9:$S$167,COLUMN(),0),"") | H3933: =IFERROR(VLOOKUP(Tableau2[[#This Row],[PR]],'Taux sortant'!$I$9:$S$167,COLUMN(),0),"") | I3933: =IFERROR(VLOOKUP(Tableau2[[#This Row],[PR]],'Taux sortant'!$I$9:$S$167,COLUMN(),0),"") | J3933: =IFERROR(VLOOKUP(Tableau2[[#This Row],[PR]],'Taux sortant'!$I$9:$S$167,COLUMN(),0),"") | ... L3933: =IFERROR(VLOOKUP(Tableau2[[#This Row],[PR]],'Taux sortant'!$I$9:$S$167,COLUMN(),0),"")
A3934: MONTMORENCY | B3934: QUEBEC CITY | C3934: =IFERROR(VLOOKUP(Tableau2[[#This Row],[PR]],'Taux sortant'!$I$9:$S$167,COLUMN(),0),"") -> 11.77 | D3934: =IFERROR(VLOOKUP(Tableau2[[#This Row],[PR]],'Taux sortant'!$I$9:$S$167,COLUMN(),0),"") -> 9.37 | E3934: =IFERROR(VLOOKUP(Tableau2[[#This Row],[PR]],'Taux sortant'!$I$9:$S$167,COLUMN(),0),"") -> 6.64 | F3934: =IFERROR(VLOOKUP(Tableau2[[#This Row],[PR]],'Taux sortant'!$I$9:$S$167,COLUMN(),0),"") -> 5.36 | G3934: =IFERROR(VLOOKUP(Tableau2[[#This Row],[PR]],'Taux sortant'!$I$9:$S$167,COLUMN(),0),"") -> 4.43 | H3934: =IFERROR(VLOOKUP(Tableau2[[#This Row],[PR]],'Taux sortant'!$I$9:$S$167,COLUMN(),0),"") -> 3.65 | I3934: =IFERROR(VLOOKUP(Tableau2[[#This Row],[PR]],'Taux sortant'!$I$9:$S$167,COLUMN(),0),"") -> 3.13 | J3934: =IFERROR(VLOOKUP(Tableau2[[#This Row],[PR]],'Taux sortant'!$I$9:$S$167,COLUMN(),0),"") -> 0 | ... L3934: =IFERROR(VLOOKUP(Tableau2[[#This Row],[PR]],'Taux sortant'!$I$9:$S$167,COLUMN(),0),"")
A3935: MONTPELLIER | B3935: LACHUTE | C3935: =IFERROR(VLOOKUP(Tableau2[[#This Row],[PR]],'Taux sortant'!$I$9:$S$167,COLUMN(),0),"") -> 20.27 | D3935: =IFERROR(VLOOKUP(Tableau2[[#This Row],[PR]],'Taux sortant'!$I$9:$S$167,COLUMN(),0),"") -> 17.12 | E3935: =IFERROR(VLOOKUP(Tableau2[[#This Row],[PR]],'Taux sortant'!$I$9:$S$167,COLUMN(),0),"") -> 13.15 | F3935: =IFERROR(VLOOKUP(Tableau2[[#This Row],[PR]],'Taux sortant'!$I$9:$S$167,COLUMN(),0),"") -> 9.51 | G3935: =IFERROR(VLOOKUP(Tableau2[[#This Row],[PR]],'Taux sortant'!$I$9:$S$167,COLUMN(),0),"") -> 6.45 | H3935: =IFERROR(VLOOKUP(Tableau2[[#This Row],[PR]],'Taux sortant'!$I$9:$S$167,COLUMN(),0),"") -> 4.64 | I3935: =IFERROR(VLOOKUP(Tableau2[[#This Row],[PR]],'Taux sortant'!$I$9:$S$167,COLUMN(),0),"") -> 3.62 | J3935: =IFERROR(VLOOKUP(Tableau2[[#This Row],[PR]],'Taux sortant'!$I$9:$S$167,COLUMN(),0),"") -> 0 | ... L3935: =IFERROR(VLOOKUP(Tableau2[[#This Row],[PR]],'Taux sortant'!$I$9:$S$167,COLUMN(),0),"")
A3936: MONTREAL | B3936: MONTREAL | C3936: =IFERROR(VLOOKUP(Tableau2[[#This Row],[PR]],'Taux sortant'!$I$9:$S$167,COLUMN(),0),"") -> 8.85 | D3936: =IFERROR(VLOOKUP(Tableau2[[#This Row],[PR]],'Taux sortant'!$I$9:$S$167,COLUMN(),0),"") -> 6.89 | E3936: =IFERROR(VLOOKUP(Tableau2[[#This Row],[PR]],'Taux sortant'!$I$9:$S$167,COLUMN(),0),"") -> 4.7 | F3936: =IFERROR(VLOOKUP(Tableau2[[#This Row],[PR]],'Taux sortant'!$I$9:$S$167,COLUMN(),0),"") -> 3.63 | G3936: =IFERROR(VLOOKUP(Tableau2[[#This Row],[PR]],'Taux sortant'!$I$9:$S$167,COLUMN(),0),"") -> 2.93 | H3936: =IFERROR(VLOOKUP(Tableau2[[#This Row],[PR]],'Taux sortant'!$I$9:$S$167,COLUMN(),0),"") -> 2.49 | I3936: =IFERROR(VLOOKUP(Tableau2[[#This Row],[PR]],'Taux sortant'!$I$9:$S$167,COLUMN(),0),"") -> 2.21 | J3936: =IFERROR(VLOOKUP(Tableau2[[#This Row],[PR]],'Taux sortant'!$I$9:$S$167,COLUMN(),0),"") -> 0 | ... L3936: =IFERROR(VLOOKUP(Tableau2[[#This Row],[PR]],'Taux sortant'!$I$9:$S$167,COLUMN(),0),"")
A3937: MONTREAL FALLS | B3937: SAULT STE MARIE | C3937: =IFERROR(VLOOKUP(Tableau2[[#This Row],[PR]],'Taux sortant'!$I$9:$S$167,COLUMN(),0),"") -> 35.87 | D3937: =IFERROR(VLOOKUP(Tableau2[[#This Row],[PR]],'Taux sortant'!$I$9:$S$167,COLUMN(),0),"") -> 28.1 | E3937: =IFERROR(VLOOKUP(Tableau2[[#This Row],[PR]],'Taux sortant'!$I$9:$S$167,COLUMN(),0),"") -> 22.11 | F3937: =IFERROR(VLOOKUP(Tableau2[[#This Row],[PR]],'Taux sortant'!$I$9:$S$167,COLUMN(),0),"") -> 17.46 | G3937: =IFERROR(VLOOKUP(Tableau2[[#This Row],[PR]],'Taux sortant'!$I$9:$S$167,COLUMN(),0),"") -> 13.86 | H3937: =IFERROR(VLOOKUP(Tableau2[[#This Row],[PR]],'Taux sortant'!$I$9:$S$167,COLUMN(),0),"") -> 10.67 | I3937: =IFERROR(VLOOKUP(Tableau2[[#This Row],[PR]],'Taux sortant'!$I$9:$S$167,COLUMN(),0),"") -> 9.92 | J3937: =IFERROR(VLOOKUP(Tableau2[[#This Row],[PR]],'Taux sortant'!$I$9:$S$167,COLUMN(),0),"") -> 0 | ... L3937: =IFERROR(VLOOKUP(Tableau2[[#This Row],[PR]],'Taux sortant'!$I$9:$S$167,COLUMN(),0),"")
A3938: MONTREAL RIVER | B3938: SAULT STE MARIE | C3938: =IFERROR(VLOOKUP(Tableau2[[#This Row],[PR]],'Taux sortant'!$I$9:$S$167,COLUMN(),0),"") -> 35.87 | D3938: =IFERROR(VLOOKUP(Tableau2[[#This Row],[PR]],'Taux sortant'!$I$9:$S$167,COLUMN(),0),"") -> 28.1 | E3938: =IFERROR(VLOOKUP(Tableau2[[#This Row],[PR]],'Taux sortant'!$I$9:$S$167,COLUMN(),0),"") -> 22.11 | F3938: =IFERROR(VLOOKUP(Tableau2[[#This Row],[PR]],'Taux sortant'!$I$9:$S$167,COLUMN(),0),"") -> 17.46 | G3938: =IFERROR(VLOOKUP(Tableau2[[#This Row],[PR]],'Taux sortant'!$I$9:$S$167,COLUMN(),0),"") -> 13.86 | H3938: =IFERROR(VLOOKUP(Tableau2[[#This Row],[PR]],'Taux sortant'!$I$9:$S$167,COLUMN(),0),"") -> 10.67 | I3938: =IFERROR(VLOOKUP(Tableau2[[#This Row],[PR]],'Taux sortant'!$I$9:$S$167,COLUMN(),0),"") -> 9.92 | J3938: =IFERROR(VLOOKUP(Tableau2[[#This Row],[PR]],'Taux sortant'!$I$9:$S$167,COLUMN(),0),"") -> 0 | ... L3938: =IFERROR(VLOOKUP(Tableau2[[#This Row],[PR]],'Taux sortant'!$I$9:$S$167,COLUMN(),0),"")
A3939: MONTREAL RIVER HARBOUR | B3939: SAULT STE MARIE | C3939: =IFERROR(VLOOKUP(Tableau2[[#This Row],[PR]],'Taux sortant'!$I$9:$S$167,COLUMN(),0),"") -> 35.87 | D3939: =IFERROR(VLOOKUP(Tableau2[[#This Row],[PR]],'Taux sortant'!$I$9:$S$167,COLUMN(),0),"") -> 28.1 | E3939: =IFERROR(VLOOKUP(Tableau2[[#This Row],[PR]],'Taux sortant'!$I$9:$S$167,COLUMN(),0),"") -> 22.11 | F3939: =IFERROR(VLOOKUP(Tableau2[[#This Row],[PR]],'Taux sortant'!$I$9:$S$167,COLUMN(),0),"") -> 17.46 | G3939: =IFERROR(VLOOKUP(Tableau2[[#This Row],[PR]],'Taux sortant'!$I$9:$S$167,COLUMN(),0),"") -> 13.86 | H3939: =IFERROR(VLOOKUP(Tableau2[[#This Row],[PR]],'Taux sortant'!$I$9:$S$167,COLUMN(),0),"") -> 10.67 | I3939: =IFERROR(VLOOKUP(Tableau2[[#This Row],[PR]],'Taux sortant'!$I$9:$S$167,COLUMN(),0),"") -> 9.92 | J3939: =IFERROR(VLOOKUP(Tableau2[[#This Row],[PR]],'Taux sortant'!$I$9:$S$167,COLUMN(),0),"") -> 0 | ... L3939: =IFERROR(VLOOKUP(Tableau2[[#This Row],[PR]],'Taux sortant'!$I$9:$S$167,COLUMN(),0),"")
A3940: MONTROSE | B3940: TIGNISH, O’LEARY | C3940: =IFERROR(VLOOKUP(Tableau2[[#This Row],[PR]],'Taux sortant'!$I$9:$S$167,COLUMN(),0),"") | D3940: =IFERROR(VLOOKUP(Tableau2[[#This Row],[PR]],'Taux sortant'!$I$9:$S$167,COLUMN(),0),"") | E3940: =IFERROR(VLOOKUP(Tableau2[[#This Row],[PR]],'Taux sortant'!$I$9:$S$167,COLUMN(),0),"") | F3940: =IFERROR(VLOOKUP(Tableau2[[#This Row],[PR]],'Taux sortant'!$I$9:$S$167,COLUMN(),0),"") | G3940: =IFERROR(VLOOKUP(Tableau2[[#This Row],[PR]],'Taux sortant'!$I$9:$S$167,COLUMN(),0),"") | H3940: =IFERROR(VLOOKUP(Tableau2[[#This Row],[PR]],'Taux sortant'!$I$9:$S$167,COLUMN(),0),"") | I3940: =IFERROR(VLOOKUP(Tableau2[[#This Row],[PR]],'Taux sortant'!$I$9:$S$167,COLUMN(),0),"") | J3940: =IFERROR(VLOOKUP(Tableau2[[#This Row],[PR]],'Taux sortant'!$I$9:$S$167,COLUMN(),0),"") | ... L3940: =IFERROR(VLOOKUP(Tableau2[[#This Row],[PR]],'Taux sortant'!$I$9:$S$167,COLUMN(),0),"")
A3941: MOONBEAM | B3941: KAPUSKASING | C3941: =IFERROR(VLOOKUP(Tableau2[[#This Row],[PR]],'Taux sortant'!$I$9:$S$167,COLUMN(),0),"") -> 39.42 | D3941: =IFERROR(VLOOKUP(Tableau2[[#This Row],[PR]],'Taux sortant'!$I$9:$S$167,COLUMN(),0),"") -> 32.03 | E3941: =IFERROR(VLOOKUP(Tableau2[[#This Row],[PR]],'Taux sortant'!$I$9:$S$167,COLUMN(),0),"") -> 24.86 | F3941: =IFERROR(VLOOKUP(Tableau2[[#This Row],[PR]],'Taux sortant'!$I$9:$S$167,COLUMN(),0),"") -> 20.84 | G3941: =IFERROR(VLOOKUP(Tableau2[[#This Row],[PR]],'Taux sortant'!$I$9:$S$167,COLUMN(),0),"") -> 16.22 | H3941: =IFERROR(VLOOKUP(Tableau2[[#This Row],[PR]],'Taux sortant'!$I$9:$S$167,COLUMN(),0),"") -> 12.79 | I3941: =IFERROR(VLOOKUP(Tableau2[[#This Row],[PR]],'Taux sortant'!$I$9:$S$167,COLUMN(),0),"") -> 12.02 | J3941: =IFERROR(VLOOKUP(Tableau2[[#This Row],[PR]],'Taux sortant'!$I$9:$S$167,COLUMN(),0),"") -> 0 | ... L3941: =IFERROR(VLOOKUP(Tableau2[[#This Row],[PR]],'Taux sortant'!$I$9:$S$167,COLUMN(),0),"")
A3942: MOONSTONE | B3942: ORILLIA | C3942: =IFERROR(VLOOKUP(Tableau2[[#This Row],[PR]],'Taux sortant'!$I$9:$S$167,COLUMN(),0),"") -> 25.34 | D3942: =IFERROR(VLOOKUP(Tableau2[[#This Row],[PR]],'Taux sortant'!$I$9:$S$167,COLUMN(),0),"") -> 21.62 | E3942: =IFERROR(VLOOKUP(Tableau2[[#This Row],[PR]],'Taux sortant'!$I$9:$S$167,COLUMN(),0),"") -> 15.42 | F3942: =IFERROR(VLOOKUP(Tableau2[[#This Row],[PR]],'Taux sortant'!$I$9:$S$167,COLUMN(),0),"") -> 12.6 | G3942: =IFERROR(VLOOKUP(Tableau2[[#This Row],[PR]],'Taux sortant'!$I$9:$S$167,COLUMN(),0),"") -> 9.55 | H3942: =IFERROR(VLOOKUP(Tableau2[[#This Row],[PR]],'Taux sortant'!$I$9:$S$167,COLUMN(),0),"") -> 7.3 | I3942: =IFERROR(VLOOKUP(Tableau2[[#This Row],[PR]],'Taux sortant'!$I$9:$S$167,COLUMN(),0),"") -> 6.61 | J3942: =IFERROR(VLOOKUP(Tableau2[[#This Row],[PR]],'Taux sortant'!$I$9:$S$167,COLUMN(),0),"") -> 0 | ... L3942: =IFERROR(VLOOKUP(Tableau2[[#This Row],[PR]],'Taux sortant'!$I$9:$S$167,COLUMN(),0),"")
A3943: MOOREFIELD | B3943: LISTOWEL | C3943: =IFERROR(VLOOKUP(Tableau2[[#This Row],[PR]],'Taux sortant'!$I$9:$S$167,COLUMN(),0),"") -> 23.78 | D3943: =IFERROR(VLOOKUP(Tableau2[[#This Row],[PR]],'Taux sortant'!$I$9:$S$167,COLUMN(),0),"") -> 20.58 | E3943: =IFERROR(VLOOKUP(Tableau2[[#This Row],[PR]],'Taux sortant'!$I$9:$S$167,COLUMN(),0),"") -> 16.13 | F3943: =IFERROR(VLOOKUP(Tableau2[[#This Row],[PR]],'Taux sortant'!$I$9:$S$167,COLUMN(),0),"") -> 12.62 | G3943: =IFERROR(VLOOKUP(Tableau2[[#This Row],[PR]],'Taux sortant'!$I$9:$S$167,COLUMN(),0),"") -> 9 | H3943: =IFERROR(VLOOKUP(Tableau2[[#This Row],[PR]],'Taux sortant'!$I$9:$S$167,COLUMN(),0),"") -> 5.95 | I3943: =IFERROR(VLOOKUP(Tableau2[[#This Row],[PR]],'Taux sortant'!$I$9:$S$167,COLUMN(),0),"") -> 4.28 | J3943: =IFERROR(VLOOKUP(Tableau2[[#This Row],[PR]],'Taux sortant'!$I$9:$S$167,COLUMN(),0),"") -> 0 | ... L3943: =IFERROR(VLOOKUP(Tableau2[[#This Row],[PR]],'Taux sortant'!$I$9:$S$167,COLUMN(),0),"")
A3944: MOORES MILLS | B3944: ST STEPHEN | C3944: =IFERROR(VLOOKUP(Tableau2[[#This Row],[PR]],'Taux sortant'!$I$9:$S$167,COLUMN(),0),"") -> 16.05 | D3944: =IFERROR(VLOOKUP(Tableau2[[#This Row],[PR]],'Taux sortant'!$I$9:$S$167,COLUMN(),0),"") -> 13.51 | E3944: =IFERROR(VLOOKUP(Tableau2[[#This Row],[PR]],'Taux sortant'!$I$9:$S$167,COLUMN(),0),"") -> 10.52 | F3944: =IFERROR(VLOOKUP(Tableau2[[#This Row],[PR]],'Taux sortant'!$I$9:$S$167,COLUMN(),0),"") -> 9.05 | G3944: =IFERROR(VLOOKUP(Tableau2[[#This Row],[PR]],'Taux sortant'!$I$9:$S$167,COLUMN(),0),"") -> 7.8 | H3944: =IFERROR(VLOOKUP(Tableau2[[#This Row],[PR]],'Taux sortant'!$I$9:$S$167,COLUMN(),0),"") -> 6.76 | I3944: =IFERROR(VLOOKUP(Tableau2[[#This Row],[PR]],'Taux sortant'!$I$9:$S$167,COLUMN(),0),"") -> 5.92 | J3944: =IFERROR(VLOOKUP(Tableau2[[#This Row],[PR]],'Taux sortant'!$I$9:$S$167,COLUMN(),0),"") -> 0 | ... L3944: =IFERROR(VLOOKUP(Tableau2[[#This Row],[PR]],'Taux sortant'!$I$9:$S$167,COLUMN(),0),"")
...

Sheet Taux sortant
A1: =[1]Customer!E8 -> 400000 | B1: =ROUND(AVERAGE([1]Customer!$C$15,[1]Customer!$D$15),0) -> 13 | C1: =IF([1]Customer!H21="F","ENTENTE DE TARIFS ET SERVICES","CONFIDENTIAL") -> CONFIDENTIAL
A2: =[1]Customer!$C$25 -> 0.25 | B2: =[1]Customer!$C$26 -> 30 | C2: =IF([1]Customer!H21="F","CONFIDENTIEL","RATE & SERVICE AGREEMENT") -> RATE & SERVICE AGREEMENT
A3: =[1]Customer!C16 -> 10 | B3: =[1]Customer!D16 -> 15
A4: =[1]Customer!C17 -> 1000 | B4: =[1]Customer!D17 -> 1000 | C4: =IF([1]Customer!H21="F","Numero d'Entente: ","Rate Quote No: ") -> Rate Quote No: | D4: =[1]Customer!C10 -> 33338
A5: =[1]Customer!C18 -> 10 | B5: =[1]Customer!D18 -> 10 | C5: =IF([1]Customer!H21="F","Compte: ","Account: ") -> Account: | D5: =UPPER([1]Customer!C4) -> SANI-MARC INC
C6: Review Date: | D6: =VALUE(CONCATENATE(MID([1]Download!I2,5,2),"/",RIGHT([1]Download!I2,2),"/",LEFT([1]Download!I2,4))) -> #VALUE!
C8: Service | D8: Effective
A9: Item No: | B9: Type: | C9: Type: | D9: Date | E9: Commodity | F9: Dir | G9: Point A | H9: PR | I9: PR2 | J9: =[1]Download!R1 -> Min Amt | K9: =[1]Download!S1 -> 1 | L9: =[1]Download!T1 -> 500 | M9: =[1]Download!U1 -> 1000 | N9: =[1]Download!V1 -> 2000 | O9: =[1]Download!W1 -> 5000 | P9: =[1]Download!X1 -> 10000 | Q9: =[1]Download!Y1 -> 20000 | ... AC9: =[1]Download!AK1 -> 0
A10: =IF(D10=0,0,IF([1]Download!A171="",A9,[1]Download!A171)) -> #VALUE! | B10: =VLOOKUP([1]Download!H171,RT,2,FALSE) -> Rate per CWT | C10: =VLOOKUP([1]Download!E171,ST,2,FALSE) -> Regular | D10: =IF([1]Download!N171=0,0,IF([1]Download!N171=99999999,"99/99/99",VALUE(CONCATENATE(MID([1]Download!N171,5,2),"/",RIGHT([1]Download!N171,2),"/",LEFT([1]Download!N171,4))))) -> #VALUE! | E10: =[1]Download!G171 -> INDUSTRIAL CLEANING PRODUCTS | F10: =IF(D10=0,0,IF([1]Download!C171="",F9,VLOOKUP([1]Download!C171,DIR,2,FALSE))) -> #VALUE! | G10: =IF(D10=0,0,IF([1]Download!B171="",G9,IF([1]Download!J171="7777777",VLOOKUP([1]Download!B171,BasePoint7,2,FALSE),VLOOKUP([1]Download!B171,BasePoint8,2,FALSE)))) -> #VALUE! | H10: =IF([1]Download!J171="7777777",VLOOKUP([1]Download!D171,BasePoint7,2,FALSE),VLOOKUP([1]Download!D171,BasePoint8,2,FALSE)) -> BATHURST, NB | I10: =LEFT(H10,SEARCH(",",H10)-1) -> BATHURST | J10: =[1]Download!R171 -> 43.6 | K10: =[1]Download!S171 -> 14.22 | L10: =[1]Download!T171 -> 11.82 | M10: =[1]Download!U171 -> 9.02 | N10: =[1]Download!V171 -> 7.68 | O10: =[1]Download!W171 -> 6.52 | P10: =[1]Download!X171 -> 5.54 | Q10: =[1]Download!Y171 -> 4.76 | ... AC10: =[1]Download!AK171 -> 0
A11: =IF(D11=0,0,IF([1]Download!A172="",A10,[1]Download!A172)) -> #VALUE! | B11: =VLOOKUP([1]Download!H172,RT,2,FALSE) -> Rate per CWT | C11: =VLOOKUP([1]Download!E172,ST,2,FALSE) -> Regular | D11: =IF([1]Download!N172=0,0,IF([1]Download!N172=99999999,"99/99/99",VALUE(CONCATENATE(MID([1]Download!N172,5,2),"/",RIGHT([1]Download!N172,2),"/",LEFT([1]Download!N172,4))))) -> #VALUE! | E11: =[1]Download!G172 -> INDUSTRIAL CLEANING PRODUCTS | F11: =IF(D11=0,0,IF([1]Download!C172="",F10,VLOOKUP([1]Download!C172,DIR,2,FALSE))) -> #VALUE! | G11: =IF(D11=0,0,IF([1]Download!B172="",G10,IF([1]Download!J172="7777777",VLOOKUP([1]Download!B172,BasePoint7,2,FALSE),VLOOKUP([1]Download!B172,BasePoint8,2,FALSE)))) -> #VALUE! | H11: =IF([1]Download!J172="7777777",VLOOKUP([1]Download!D172,BasePoint7,2,FALSE),VLOOKUP([1]Download!D172,BasePoint8,2,FALSE)) -> CAMPBELLTON, NB | I11: =LEFT(H11,SEARCH(",",H11)-1) -> CAMPBELLTON | J11: =[1]Download!R172 -> 48.1 | K11: =[1]Download!S172 -> 15.9 | L11: =[1]Download!T172 -> 13.36 | M11: =[1]Download!U172 -> 10.43 | N11: =[1]Download!V172 -> 8.97 | O11: =[1]Download!W172 -> 7.72 | P11: =[1]Download!X172 -> 6.68 | Q11: =[1]Download!Y172 -> 5.85 | ... AC11: =[1]Download!AK172 -> 0
A12: =IF(D12=0,0,IF([1]Download!A173="",A11,[1]Download!A173)) -> #VALUE! | B12: =VLOOKUP([1]Download!H173,RT,2,FALSE) -> Rate per CWT | C12: =VLOOKUP([1]Download!E173,ST,2,FALSE) -> Regular | D12: =IF([1]Download!N173=0,0,IF([1]Download!N173=99999999,"99/99/99",VALUE(CONCATENATE(MID([1]Download!N173,5,2),"/",RIGHT([1]Download!N173,2),"/",LEFT([1]Download!N173,4))))) -> #VALUE! | E12: =[1]Download!G173 -> INDUSTRIAL CLEANING PRODUCTS | F12: =IF(D12=0,0,IF([1]Download!C173="",F11,VLOOKUP([1]Download!C173,DIR,2,FALSE))) -> #VALUE! | G12: =IF(D12=0,0,IF([1]Download!B173="",G11,IF([1]Download!J173="7777777",VLOOKUP([1]Download!B173,BasePoint7,2,FALSE),VLOOKUP([1]Download!B173,BasePoint8,2,FALSE)))) -> #VALUE! | H12: =IF([1]Download!J173="7777777",VLOOKUP([1]Download!D173,BasePoint7,2,FALSE),VLOOKUP([1]Download!D173,BasePoint8,2,FALSE)) -> CHIPMAN, NB | I12: =LEFT(H12,SEARCH(",",H12)-1) -> CHIPMAN | J12: =[1]Download!R173 -> 46.15 | K12: =[1]Download!S173 -> 15.12 | L12: =[1]Download!T173 -> 12.61 | M12: =[1]Download!U173 -> 9.72 | N12: =[1]Download!V173 -> 8.27 | O12: =[1]Download!W173 -> 7.1 | P12: =[1]Download!X173 -> 6.12 | Q12: =[1]Download!Y173 -> 5.33 | ... AC12: =[1]Download!AK173 -> 0
A13: =IF(D13=0,0,IF([1]Download!A174="",A12,[1]Download!A174)) -> #VALUE! | B13: =VLOOKUP([1]Download!H174,RT,2,FALSE) -> Rate per CWT | C13: =VLOOKUP([1]Download!E174,ST,2,FALSE) -> Regular | D13: =IF([1]Download!N174=0,0,IF([1]Download!N174=99999999,"99/99/99",VALUE(CONCATENATE(MID([1]Download!N174,5,2),"/",RIGHT([1]Download!N174,2),"/",LEFT([1]Download!N174,4))))) -> #VALUE! | E13: =[1]Download!G174 -> INDUSTRIAL CLEANING PRODUCTS | F13: =IF(D13=0,0,IF([1]Download!C174="",F12,VLOOKUP([1]Download!C174,DIR,2,FALSE))) -> #VALUE! | G13: =IF(D13=0,0,IF([1]Download!B174="",G12,IF([1]Download!J174="7777777",VLOOKUP([1]Download!B174,BasePoint7,2,FALSE),VLOOKUP([1]Download!B174,BasePoint8,2,FALSE)))) -> #VALUE! | H13: =IF([1]Download!J174="7777777",VLOOKUP([1]Download!D174,BasePoint7,2,FALSE),VLOOKUP([1]Download!D174,BasePoint8,2,FALSE)) -> DOAKTOWN, NB | I13: =LEFT(H13,SEARCH(",",H13)-1) -> DOAKTOWN | J13: =[1]Download!R174 -> 46.15 | K13: =[1]Download!S174 -> 15.12 | L13: =[1]Download!T174 -> 12.61 | M13: =[1]Download!U174 -> 9.72 | N13: =[1]Download!V174 -> 8.27 | O13: =[1]Download!W174 -> 7.1 | P13: =[1]Download!X174 -> 6.12 | Q13: =[1]Download!Y174 -> 5.33 | ... AC13: =[1]Download!AK174 -> 0
A14: =IF(D14=0,0,IF([1]Download!A175="",A13,[1]Download!A175)) -> #VALUE! | B14: =VLOOKUP([1]Download!H175,RT,2,FALSE) -> Rate per CWT | C14: =VLOOKUP([1]Download!E175,ST,2,FALSE) -> Regular | D14: =IF([1]Download!N175=0,0,IF([1]Download!N175=99999999,"99/99/99",VALUE(CONCATENATE(MID([1]Download!N175,5,2),"/",RIGHT([1]Download!N175,2),"/",LEFT([1]Download!N175,4))))) -> #VALUE! | E14: =[1]Download!G175 -> INDUSTRIAL CLEANING PRODUCTS | F14: =IF(D14=0,0,IF([1]Download!C175="",F13,VLOOKUP([1]Download!C175,DIR,2,FALSE))) -> #VALUE! | G14: =IF(D14=0,0,IF([1]Download!B175="",G13,IF([1]Download!J175="7777777",VLOOKUP([1]Download!B175,BasePoint7,2,FALSE),VLOOKUP([1]Download!B175,BasePoint8,2,FALSE)))) -> #VALUE! | H14: =IF([1]Download!J175="7777777",VLOOKUP([1]Download!D175,BasePoint7,2,FALSE),VLOOKUP([1]Download!D175,BasePoint8,2,FALSE)) -> EDMUNDSTON, NB | I14: =LEFT(H14,SEARCH(",",H14)-1) -> EDMUNDSTON | J14: =[1]Download!R175 -> 38.4 | K14: =[1]Download!S175 -> 12.34 | L14: =[1]Download!T175 -> 10.06 | M14: =[1]Download!U175 -> 7.45 | N14: =[1]Download!V175 -> 6.22 | O14: =[1]Download!W175 -> 5.23 | P14: =[1]Download!X175 -> 4.43 | Q14: =[1]Download!Y175 -> 3.8 | ... AC14: =[1]Download!AK175 -> 0
A15: =IF(D15=0,0,IF([1]Download!A176="",A14,[1]Download!A176)) -> #VALUE! | B15: =VLOOKUP([1]Download!H176,RT,2,FALSE) -> Rate per CWT | C15: =VLOOKUP([1]Download!E176,ST,2,FALSE) -> Regular | D15: =IF([1]Download!N176=0,0,IF([1]Download!N176=99999999,"99/99/99",VALUE(CONCATENATE(MID([1]Download!N176,5,2),"/",RIGHT([1]Download!N176,2),"/",LEFT([1]Download!N176,4))))) -> #VALUE! | E15: =[1]Download!G176 -> INDUSTRIAL CLEANING PRODUCTS | F15: =IF(D15=0,0,IF([1]Download!C176="",F14,VLOOKUP([1]Download!C176,DIR,2,FALSE))) -> #VALUE! | G15: =IF(D15=0,0,IF([1]Download!B176="",G14,IF([1]Download!J176="7777777",VLOOKUP([1]Download!B176,BasePoint7,2,FALSE),VLOOKUP([1]Download!B176,BasePoint8,2,FALSE)))) -> #VALUE! | H15: =IF([1]Download!J176="7777777",VLOOKUP([1]Download!D176,BasePoint7,2,FALSE),VLOOKUP([1]Download!D176,BasePoint8,2,FALSE)) -> FREDERICTON, NB | I15: =LEFT(H15,SEARCH(",",H15)-1) -> FREDERICTON | J15: =[1]Download!R176 -> 42.95 | K15: =[1]Download!S176 -> 13.98 | L15: =[1]Download!T176 -> 11.58 | M15: =[1]Download!U176 -> 8.78 | N15: =[1]Download!V176 -> 7.44 | O15: =[1]Download!W176 -> 6.29 | P15: =[1]Download!X176 -> 5.35 | Q15: =[1]Download!Y176 -> 4.61 | ... AC15: =[1]Download!AK176 -> 0
A16: =IF(D16=0,0,IF([1]Download!A177="",A15,[1]Download!A177)) -> #VALUE! | B16: =VLOOKUP([1]Download!H177,RT,2,FALSE) -> Rate per CWT | C16: =VLOOKUP([1]Download!E177,ST,2,FALSE) -> Regular | D16: =IF([1]Download!N177=0,0,IF([1]Download!N177=99999999,"99/99/99",VALUE(CONCATENATE(MID([1]Download!N177,5,2),"/",RIGHT([1]Download!N177,2),"/",LEFT([1]Download!N177,4))))) -> #VALUE! | E16: =[1]Download!G177 -> INDUSTRIAL CLEANING PRODUCTS | F16: =IF(D16=0,0,IF([1]Download!C177="",F15,VLOOKUP([1]Download!C177,DIR,2,FALSE))) -> #VALUE! | G16: =IF(D16=0,0,IF([1]Download!B177="",G15,IF([1]Download!J177="7777777",VLOOKUP([1]Download!B177,BasePoint7,2,FALSE),VLOOKUP([1]Download!B177,BasePoint8,2,FALSE)))) -> #VALUE! | H16: =IF([1]Download!J177="7777777",VLOOKUP([1]Download!D177,BasePoint7,2,FALSE),VLOOKUP([1]Download!D177,BasePoint8,2,FALSE)) -> GAGETOWN, NB | I16: =LEFT(H16,SEARCH(",",H16)-1) -> GAGETOWN | J16: =[1]Download!R177 -> 44.55 | K16: =[1]Download!S177 -> 14.55 | L16: =[1]Download!T177 -> 12.11 | M16: =[1]Download!U177 -> 9.24 | N16: =[1]Download!V177 -> 7.86 | O16: =[1]Download!W177 -> 6.7 | P16: =[1]Download!X177 -> 5.73 | Q16: =[1]Download!Y177 -> 4.97 | ... AC16: =[1]Download!AK177 -> 0
A17: =IF(D17=0,0,IF([1]Download!A178="",A16,[1]Download!A178)) -> #VALUE! | B17: =VLOOKUP([1]Download!H178,RT,2,FALSE) -> Rate per CWT | C17: =VLOOKUP([1]Download!E178,ST,2,FALSE) -> Regular | D17: =IF([1]Download!N178=0,0,IF([1]Download!N178=99999999,"99/99/99",VALUE(CONCATENATE(MID([1]Download!N178,5,2),"/",RIGHT([1]Download!N178,2),"/",LEFT([1]Download!N178,4))))) -> #VALUE! | E17: =[1]Download!G178 -> INDUSTRIAL CLEANING PRODUCTS | F17: =IF(D17=0,0,IF([1]Download!C178="",F16,VLOOKUP([1]Download!C178,DIR,2,FALSE))) -> #VALUE! | G17: =IF(D17=0,0,IF([1]Download!B178="",G16,IF([1]Download!J178="7777777",VLOOKUP([1]Download!B178,BasePoint7,2,FALSE),VLOOKUP([1]Download!B178,BasePoint8,2,FALSE)))) -> #VALUE! | H17: =IF([1]Download!J178="7777777",VLOOKUP([1]Download!D178,BasePoint7,2,FALSE),VLOOKUP([1]Download!D178,BasePoint8,2,FALSE)) -> GRAND FALLS, NB | I17: =LEFT(H17,SEARCH(",",H17)-1) -> GRAND FALLS | J17: =[1]Download!R178 -> 40.15 | K17: =[1]Download!S178 -> 12.93 | L17: =[1]Download!T178 -> 10.59 | M17: =[1]Download!U178 -> 7.91 | N17: =[1]Download!V178 -> 6.66 | O17: =[1]Download!W178 -> 5.64 | P17: =[1]Download!X178 -> 4.78 | Q17: =[1]Download!Y178 -> 4.15 | ... AC17: =[1]Download!AK178 -> 0
A18: =IF(D18=0,0,IF([1]Download!A179="",A17,[1]Download!A179)) -> #VALUE! | B18: =VLOOKUP([1]Download!H179,RT,2,FALSE) -> Rate per CWT | C18: =VLOOKUP([1]Download!E179,ST,2,FALSE) -> Regular | D18: =IF([1]Download!N179=0,0,IF([1]Download!N179=99999999,"99/99/99",VALUE(CONCATENATE(MID([1]Download!N179,5,2),"/",RIGHT([1]Download!N179,2),"/",LEFT([1]Download!N179,4))))) -> #VALUE! | E18: =[1]Download!G179 -> INDUSTRIAL CLEANING PRODUCTS | F18: =IF(D18=0,0,IF([1]Download!C179="",F17,VLOOKUP([1]Download!C179,DIR,2,FALSE))) -> #VALUE! | G18: =IF(D18=0,0,IF([1]Download!B179="",G17,IF([1]Download!J179="7777777",VLOOKUP([1]Download!B179,BasePoint7,2,FALSE),VLOOKUP([1]Download!B179,BasePoint8,2,FALSE)))) -> #VALUE! | H18: =IF([1]Download!J179="7777777",VLOOKUP([1]Download!D179,BasePoint7,2,FALSE),VLOOKUP([1]Download!D179,BasePoint8,2,FALSE)) -> KEDGWICK, NB | I18: =LEFT(H18,SEARCH(",",H18)-1) -> KEDGWICK | J18: =[1]Download!R179 -> 43.25 | K18: =[1]Download!S179 -> 14.09 | L18: =[1]Download!T179 -> 11.65 | M18: =[1]Download!U179 -> 8.84 | N18: =[1]Download!V179 -> 7.5 | O18: =[1]Download!W179 -> 6.42 | P18: =[1]Download!X179 -> 5.53 | Q18: =[1]Download!Y179 -> 4.9 | ... AC18: =[1]Download!AK179 -> 0
A19: =IF(D19=0,0,IF([1]Download!A180="",A18,[1]Download!A180)) -> #VALUE! | B19: =VLOOKUP([1]Download!H180,RT,2,FALSE) -> Rate per CWT | C19: =VLOOKUP([1]Download!E180,ST,2,FALSE) -> Regular | D19: =IF([1]Download!N180=0,0,IF([1]Download!N180=99999999,"99/99/99",VALUE(CONCATENATE(MID([1]Download!N180,5,2),"/",RIGHT([1]Download!N180,2),"/",LEFT([1]Download!N180,4))))) -> #VALUE! | E19: =[1]Download!G180 -> INDUSTRIAL CLEANING PRODUCTS | F19: =IF(D19=0,0,IF([1]Download!C180="",F18,VLOOKUP([1]Download!C180,DIR,2,FALSE))) -> #VALUE! | G19: =IF(D19=0,0,IF([1]Download!B180="",G18,IF([1]Download!J180="7777777",VLOOKUP([1]Download!B180,BasePoint7,2,FALSE),VLOOKUP([1]Download!B180,BasePoint8,2,FALSE)))) -> #VALUE! | H19: =IF([1]Download!J180="7777777",VLOOKUP([1]Download!D180,BasePoint7,2,FALSE),VLOOKUP([1]Download!D180,BasePoint8,2,FALSE)) -> MCADAM, NB | I19: =LEFT(H19,SEARCH(",",H19)-1) -> MCADAM | J19: =[1]Download!R180 -> 46.15 | K19: =[1]Download!S180 -> 15.12 | L19: =[1]Download!T180 -> 12.61 | M19: =[1]Download!U180 -> 9.72 | N19: =[1]Download!V180 -> 8.27 | O19: =[1]Download!W180 -> 7.1 | P19: =[1]Download!X180 -> 6.12 | Q19: =[1]Download!Y180 -> 5.33 | ... AC19: =[1]Download!AK180 -> 0
A20: =IF(D20=0,0,IF([1]Download!A181="",A19,[1]Download!A181)) -> #VALUE! | B20: =VLOOKUP([1]Download!H181,RT,2,FALSE) -> Rate per CWT | C20: =VLOOKUP([1]Download!E181,ST,2,FALSE) -> Regular | D20: =IF([1]Download!N181=0,0,IF([1]Download!N181=99999999,"99/99/99",VALUE(CONCATENATE(MID([1]Download!N181,5,2),"/",RIGHT([1]Download!N181,2),"/",LEFT([1]Download!N181,4))))) -> #VALUE! | E20: =[1]Download!G181 -> INDUSTRIAL CLEANING PRODUCTS | F20: =IF(D20=0,0,IF([1]Download!C181="",F19,VLOOKUP([1]Download!C181,DIR,2,FALSE))) -> #VALUE! | G20: =IF(D20=0,0,IF([1]Download!B181="",G19,IF([1]Download!J181="7777777",VLOOKUP([1]Download!B181,BasePoint7,2,FALSE),VLOOKUP([1]Download!B181,BasePoint8,2,FALSE)))) -> #VALUE! | H20: =IF([1]Download!J181="7777777",VLOOKUP([1]Download!D181,BasePoint7,2,FALSE),VLOOKUP([1]Download!D181,BasePoint8,2,FALSE)) -> MIRAMICHI CITY, NB | I20: =LEFT(H20,SEARCH(",",H20)-1) -> MIRAMICHI CITY | J20: =[1]Download!R181 -> 46.7 | K20: =[1]Download!S181 -> 15.34 | L20: =[1]Download!T181 -> 12.85 | M20: =[1]Download!U181 -> 9.94 | N20: =[1]Download!V181 -> 8.54 | O20: =[1]Download!W181 -> 7.34 | P20: =[1]Download!X181 -> 6.29 | Q20: =[1]Download!Y181 -> 5.49 | ... AC20: =[1]Download!AK181 -> 0
A21: =IF(D21=0,0,IF([1]Download!A182="",A20,[1]Download!A182)) -> #VALUE! | B21: =VLOOKUP([1]Download!H182,RT,2,FALSE) -> Rate per CWT | C21: =VLOOKUP([1]Download!E182,ST,2,FALSE) -> Regular | D21: =IF([1]Download!N182=0,0,IF([1]Download!N182=99999999,"99/99/99",VALUE(CONCATENATE(MID([1]Download!N182,5,2),"/",RIGHT([1]Download!N182,2),"/",LEFT([1]Download!N182,4))))) -> #VALUE! | E21: =[1]Download!G182 -> INDUSTRIAL CLEANING PRODUCTS | F21: =IF(D21=0,0,IF([1]Download!C182="",F20,VLOOKUP([1]Download!C182,DIR,2,FALSE))) -> #VALUE! | G21: =IF(D21=0,0,IF([1]Download!B182="",G20,IF([1]Download!J182="7777777",VLOOKUP([1]Download!B182,BasePoint7,2,FALSE),VLOOKUP([1]Download!B182,BasePoint8,2,FALSE)))) -> #VALUE! | H21: =IF([1]Download!J182="7777777",VLOOKUP([1]Download!D182,BasePoint7,2,FALSE),VLOOKUP([1]Download!D182,BasePoint8,2,FALSE)) -> MONCTON, NB | I21: =LEFT(H21,SEARCH(",",H21)-1) -> MONCTON | J21: =[1]Download!R182 -> 43.4 | K21: =[1]Download!S182 -> 14.1 | L21: =[1]Download!T182 -> 11.63 | M21: =[1]Download!U182 -> 8.8 | N21: =[1]Download!V182 -> 7.43 | O21: =[1]Download!W182 -> 6.26 | P21: =[1]Download!X182 -> 5.33 | Q21: =[1]Download!Y182 -> 4.58 | ... AC21: =[1]Download!AK182 -> 0
... A70: =IF(D70=0,0,IF([1]Download!A231="",A69,[1]Download!A231)) -> #VALUE! | B70: =VLOOKUP([1]Download!H231,RT,2,FALSE) -> Rate per CWT | C70: =VLOOKUP([1]Download!E231,ST,2,FALSE) -> Regular | D70: =IF([1]Download!N231=0,0,IF([1]Download!N231=99999999,"99/99/99",VALUE(CONCATENATE(MID([1]Download!N231,5,2),"/",RIGHT([1]Download!N231,2),"/",LEFT([1]Download!N231,4))))) -> #VALUE! | E70: =[1]Download!G231 -> INDUSTRIAL CLEANING PRODUCTS | F70: =IF(D70=0,0,IF([1]Download!C231="",F69,VLOOKUP([1]Download!C231,DIR,2,FALSE))) -> #VALUE! | G70: =IF(D70=0,0,IF([1]Download!B231="",G69,IF([1]Download!J231="7777777",VLOOKUP([1]Download!B231,BasePoint7,2,FALSE),VLOOKUP([1]Download!B231,BasePoint8,2,FALSE)))) -> #VALUE! | H70: =IF([1]Download!J231="7777777",VLOOKUP([1]Download!D231,BasePoint7,2,FALSE),VLOOKUP([1]Download!D231,BasePoint8,2,FALSE)) -> HARBOUR BRETON, NF | I70: =LEFT(H70,SEARCH(",",H70)-1) -> HARBOUR BRETON | J70: =[1]Download!R231 -> 101.85 | K70: =[1]Download!S231 -> 36.44 | L70: =[1]Download!T231 -> 33.2 | M70: =[1]Download!U231 -> 28.06 | N70: =[1]Download!V231 -> 26.17 | O70: =[1]Download!W231 -> 21.8 | P70: =[1]Download!X231 -> 18.88 | Q70: =[1]Download!Y231 -> 15.7 | ... AC70: =[1]Download!AK231 -> 0
A71: =IF(D71=0,0,IF([1]Download!A233="",A70,[1]Download!A233)) -> #VALUE! | B71: =VLOOKUP([1]Download!H233,RT,2,FALSE) -> Rate per CWT | C71: =VLOOKUP([1]Download!E233,ST,2,FALSE) -> Regular | D71: =IF([1]Download!N233=0,0,IF([1]Download!N233=99999999,"99/99/99",VALUE(CONCATENATE(MID([1]Download!N233,5,2),"/",RIGHT([1]Download!N233,2),"/",LEFT([1]Download!N233,4))))) -> #VALUE! | E71: =[1]Download!G233 -> INDUSTRIAL CLEANING PRODUCTS | F71: =IF(D71=0,0,IF([1]Download!C233="",F70,VLOOKUP([1]Download!C233,DIR,2,FALSE))) -> #VALUE! | G71: =IF(D71=0,0,IF([1]Download!B233="",G70,IF([1]Download!J233="7777777",VLOOKUP([1]Download!B233,BasePoint7,2,FALSE),VLOOKUP([1]Download!B233,BasePoint8,2,FALSE)))) -> #VALUE! | H71: =IF([1]Download!J233="7777777",VLOOKUP([1]Download!D233,BasePoint7,2,FALSE),VLOOKUP([1]Download!D233,BasePoint8,2,FALSE)) -> LOURDES, NF | I71: =LEFT(H71,SEARCH(",",H71)-1) -> LOURDES | J71: =[1]Download!R233 -> 81.3 | K71: =[1]Download!S233 -> 27.96 | L71: =[1]Download!T233 -> 24.55 | M71: =[1]Download!U233 -> 20.54 | N71: =[1]Download!V233 -> 18.54 | O71: =[1]Download!W233 -> 16.35 | P71: =[1]Download!X233 -> 14.17 | Q71: =[1]Download!Y233 -> 12.23 | ... AC71: =[1]Download!AK233 -> 0
A72: =IF(D72=0,0,IF([1]Download!A234="",A71,[1]Download!A234)) -> #VALUE! | B72: =VLOOKUP([1]Download!H234,RT,2,FALSE) -> Rate per CWT | C72: =VLOOKUP([1]Download!E234,ST,2,FALSE) -> Regular | D72: =IF([1]Download!N234=0,0,IF([1]Download!N234=99999999,"99/99/99",VALUE(CONCATENATE(MID([1]Download!N234,5,2),"/",RIGHT([1]Download!N234,2),"/",LEFT([1]Download!N234,4))))) -> #VALUE! | E72: =[1]Download!G234 -> INDUSTRIAL CLEANING PRODUCTS | F72: =IF(D72=0,0,IF([1]Download!C234="",F71,VLOOKUP([1]Download!C234,DIR,2,FALSE))) -> #VALUE! | G72: =IF(D72=0,0,IF([1]Download!B234="",G71,IF([1]Download!J234="7777777",VLOOKUP([1]Download!B234,BasePoint7,2,FALSE),VLOOKUP([1]Download!B234,BasePoint8,2,FALSE)))) -> #VALUE! | H72: =IF([1]Download!J234="7777777",VLOOKUP([1]Download!D234,BasePoint7,2,FALSE),VLOOKUP([1]Download!D234,BasePoint8,2,FALSE)) -> MARYSTOWN, NF | I72: =LEFT(H72,SEARCH(",",H72)-1) -> MARYSTOWN | J72: =[1]Download!R234 -> 88.75 | K72: =[1]Download!S234 -> 31.17 | L72: =[1]Download!T234 -> 27.9 | M72: =[1]Download!U234 -> 24.1 | N72: =[1]Download!V234 -> 22.18 | O72: =[1]Download!W234 -> 19.97 | P72: =[1]Download!X234 -> 17.98 | Q72: =[1]Download!Y234 -> 16.45 | ... AC72: =[1]Download!AK234 -> 0
A73: =IF(D73=0,0,IF([1]Download!A235="",A72,[1]Download!A235)) -> #VALUE! | B73: =VLOOKUP([1]Download!H235,RT,2,FALSE) -> Rate per CWT | C73: =VLOOKUP([1]Download!E235,ST,2,FALSE) -> Regular | D73: =IF([1]Download!N235=0,0,IF([1]Download!N235=99999999,"99/99/99",VALUE(CONCATENATE(MID([1]Download!N235,5,2),"/",RIGHT([1]Download!N235,2),"/",LEFT([1]Download!N235,4))))) -> #VALUE! | E73: =[1]Download!G235 -> INDUSTRIAL CLEANING PRODUCTS | F73: =IF(D73=0,0,IF([1]Download!C235="",F72,VLOOKUP([1]Download!C235,DIR,2,FALSE))) -> #VALUE! | G73: =IF(D73=0,0,IF([1]Download!B235="",G72,IF([1]Download!J235="7777777",VLOOKUP([1]Download!B235,BasePoint7,2,FALSE),VLOOKUP([1]Download!B235,BasePoint8,2,FALSE)))) -> #VALUE! | H73: =IF([1]Download!J235="7777777",VLOOKUP([1]Download!D235,BasePoint7,2,FALSE),VLOOKUP([1]Download!D235,BasePoint8,2,FALSE)) -> PLACENTIA, NF | I73: =LEFT(H73,SEARCH(",",H73)-1) -> PLACENTIA | J73: =[1]Download!R235 -> 101.3 | K73: =[1]Download!S235 -> 34.98 | L73: =[1]Download!T235 -> 31.16 | M73: =[1]Download!U235 -> 26.49 | N73: =[1]Download!V235 -> 24.22 | O73: =[1]Download!W235 -> 21.78 | P73: =[1]Download!X235 -> 19.42 | Q73: =[1]Download!Y235 -> 17.87 | ... AC73: =[1]Download!AK235 -> 0
A74: =IF(D74=0,0,IF([1]Download!A236="",A73,[1]Download!A236)) -> #VALUE! | B74: =VLOOKUP([1]Download!H236,RT,2,FALSE) -> Rate per CWT | C74: =VLOOKUP([1]Download!E236,ST,2,FALSE) -> Regular | D74: =IF([1]Download!N236=0,0,IF([1]Download!N236=99999999,"99/99/99",VALUE(CONCATENATE(MID([1]Download!N236,5,2),"/",RIGHT([1]Download!N236,2),"/",LEFT([1]Download!N236,4))))) -> #VALUE! | E74: =[1]Download!G236 -> INDUSTRIAL CLEANING PRODUCTS | F74: =IF(D74=0,0,IF([1]Download!C236="",F73,VLOOKUP([1]Download!C236,DIR,2,FALSE))) -> #VALUE! | G74: =IF(D74=0,0,IF([1]Download!B236="",G73,IF([1]Download!J236="7777777",VLOOKUP([1]Download!B236,BasePoint7,2,FALSE),VLOOKUP([1]Download!B236,BasePoint8,2,FALSE)))) -> #VALUE! | H74: =IF([1]Download!J236="7777777",VLOOKUP([1]Download!D236,BasePoint7,2,FALSE),VLOOKUP([1]Download!D236,BasePoint8,2,FALSE)) -> PORT AU CHOIX, NF | I74: =LEFT(H74,SEARCH(",",H74)-1) -> PORT AU CHOIX | J74: =[1]Download!R236 -> 105.5 | K74: =[1]Download!S236 -> 34.56 | L74: =[1]Download!T236 -> 30.52 | M74: =[1]Download!U236 -> 26.32 | N74: =[1]Download!V236 -> 23.84 | O74: =[1]Download!W236 -> 21.18 | P74: =[1]Download!X236 -> 17.91 | Q74: =[1]Download!Y236 -> 15.17 | ... AC74: =[1]Download!AK236 -> 0
A75: =IF(D75=0,0,IF([1]Download!A237="",A74,[1]Download!A237)) -> #VALUE! | B75: =VLOOKUP([1]Download!H237,RT,2,FALSE) -> Rate per CWT | C75: =VLOOKUP([1]Download!E237,ST,2,FALSE) -> Regular | D75: =IF([1]Download!N237=0,0,IF([1]Download!N237=99999999,"99/99/99",VALUE(CONCATENATE(MID([1]Download!N237,5,2),"/",RIGHT([1]Download!N237,2),"/",LEFT([1]Download!N237,4))))) -> #VALUE! | E75: =[1]Download!G237 -> INDUSTRIAL CLEANING PRODUCTS | F75: =IF(D75=0,0,IF([1]Download!C237="",F74,VLOOKUP([1]Download!C237,DIR,2,FALSE))) -> #VALUE! | G75: =IF(D75=0,0,IF([1]Download!B237="",G74,IF([1]Download!J237="7777777",VLOOKUP([1]Download!B237,BasePoint7,2,FALSE),VLOOKUP([1]Download!B237,BasePoint8,2,FALSE)))) -> #VALUE! | H75: =IF([1]Download!J237="7777777",VLOOKUP([1]Download!D237,BasePoint7,2,FALSE),VLOOKUP([1]Download!D237,BasePoint8,2,FALSE)) -> PORT AUX BASQUES, NF | I75: =LEFT(H75,SEARCH(",",H75)-1) -> PORT AUX BASQUES | J75: =[1]Download!R237 -> 77.15 | K75: =[1]Download!S237 -> 26.39 | L75: =[1]Download!T237 -> 23 | M75: =[1]Download!U237 -> 19.08 | N75: =[1]Download!V237 -> 17.13 | O75: =[1]Download!W237 -> 14.96 | P75: =[1]Download!X237 -> 12.83 | Q75: =[1]Download!Y237 -> 10.93 | ... AC75: =[1]Download!AK237 -> 0
A76: =IF(D76=0,0,IF([1]Download!A238="",A75,[1]Download!A238)) -> #VALUE! | B76: =VLOOKUP([1]Download!H238,RT,2,FALSE) -> Rate per CWT | C76: =VLOOKUP([1]Download!E238,ST,2,FALSE) -> Regular | D76: =IF([1]Download!N238=0,0,IF([1]Download!N238=99999999,"99/99/99",VALUE(CONCATENATE(MID([1]Download!N238,5,2),"/",RIGHT([1]Download!N238,2),"/",LEFT([1]Download!N238,4))))) -> #VALUE! | E76: =[1]Download!G238 -> INDUSTRIAL CLEANING PRODUCTS | F76: =IF(D76=0,0,IF([1]Download!C238="",F75,VLOOKUP([1]Download!C238,DIR,2,FALSE))) -> #VALUE! | G76: =IF(D76=0,0,IF([1]Download!B238="",G75,IF([1]Download!J238="7777777",VLOOKUP([1]Download!B238,BasePoint7,2,FALSE),VLOOKUP([1]Download!B238,BasePoint8,2,FALSE)))) -> #VALUE! | H76: =IF([1]Download!J238="7777777",VLOOKUP([1]Download!D238,BasePoint7,2,FALSE),VLOOKUP([1]Download!D238,BasePoint8,2,FALSE)) -> SPRINGDALE, NF | I76: =LEFT(H76,SEARCH(",",H76)-1) -> SPRINGDALE | J76: =[1]Download!R238 -> 85.35 | K76: =[1]Download!S238 -> 29.48 | L76: =[1]Download!T238 -> 25.96 | M76: =[1]Download!U238 -> 21.9 | N76: =[1]Download!V238 -> 19.86 | O76: =[1]Download!W238 -> 17.54 | P76: =[1]Download!X238 -> 15.33 | Q76: =[1]Download!Y238 -> 13.28 | ... AC76: =[1]Download!AK238 -> 0
A77: =IF(D77=0,0,IF([1]Download!A239="",A76,[1]Download!A239)) -> #VALUE! | B77: =VLOOKUP([1]Download!H239,RT,2,FALSE) -> Rate per CWT | C77: =VLOOKUP([1]Download!E239,ST,2,FALSE) -> Regular | D77: =IF([1]Download!N239=0,0,IF([1]Download!N239=99999999,"99/99/99",VALUE(CONCATENATE(MID([1]Download!N239,5,2),"/",RIGHT([1]Download!N239,2),"/",LEFT([1]Download!N239,4))))) -> #VALUE! | E77: =[1]Download!G239 -> INDUSTRIAL CLEANING PRODUCTS | F77: =IF(D77=0,0,IF([1]Download!C239="",F76,VLOOKUP([1]Download!C239,DIR,2,FALSE))) -> #VALUE! | G77: =IF(D77=0,0,IF([1]Download!B239="",G76,IF([1]Download!J239="7777777",VLOOKUP([1]Download!B239,BasePoint7,2,FALSE),VLOOKUP([1]Download!B239,BasePoint8,2,FALSE)))) -> #VALUE! | H77: =IF([1]Download!J239="7777777",VLOOKUP([1]Download!D239,BasePoint7,2,FALSE),VLOOKUP([1]Download!D239,BasePoint8,2,FALSE)) -> ST ANTHONY, NF | I77: =LEFT(H77,SEARCH(",",H77)-1) -> ST ANTHONY | J77: =[1]Download!R239 -> 107.15 | K77: =[1]Download!S239 -> 36.27 | L77: =[1]Download!T239 -> 33.01 | M77: =[1]Download!U239 -> 28.57 | N77: =[1]Download!V239 -> 25.82 | O77: =[1]Download!W239 -> 22.99 | P77: =[1]Download!X239 -> 19.46 | Q77: =[1]Download!Y239 -> 16.46 | ... AC77: =[1]Download!AK239 -> 0
A78: =IF(D78=0,0,IF([1]Download!A240="",A77,[1]Download!A240)) -> #VALUE! | B78: =VLOOKUP([1]Download!H240,RT,2,FALSE) -> Rate per CWT | C78: =VLOOKUP([1]Download!E240,ST,2,FALSE) -> Regular | D78: =IF([1]Download!N240=0,0,IF([1]Download!N240=99999999,"99/99/99",VALUE(CONCATENATE(MID([1]Download!N240,5,2),"/",RIGHT([1]Download!N240,2),"/",LEFT([1]Download!N240,4))))) -> #VALUE! | E78: =[1]Download!G240 -> INDUSTRIAL CLEANING PRODUCTS | F78: =IF(D78=0,0,IF([1]Download!C240="",F77,VLOOKUP([1]Download!C240,DIR,2,FALSE))) -> #VALUE! | G78: =IF(D78=0,0,IF([1]Download!B240="",G77,IF([1]Download!J240="7777777",VLOOKUP([1]Download!B240,BasePoint7,2,FALSE),VLOOKUP([1]Download!B240,BasePoint8,2,FALSE)))) -> #VALUE! | H78: =IF([1]Download!J240="7777777",VLOOKUP([1]Download!D240,BasePoint7,2,FALSE),VLOOKUP([1]Download!D240,BasePoint8,2,FALSE)) -> ST JOHN'S, NF | I78: =LEFT(H78,SEARCH(",",H78)-1) -> ST JOHN'S | J78: =[1]Download!R240 -> 79.65 | K78: =[1]Download!S240 -> 27.63 | L78: =[1]Download!T240 -> 24.47 | M78: =[1]Download!U240 -> 20.75 | N78: =[1]Download!V240 -> 18.9 | O78: =[1]Download!W240 -> 16.73 | P78: =[1]Download!X240 -> 14.81 | Q78: =[1]Download!Y240 -> 13.31 | ... AC78: =[1]Download!AK240 -> 0
A79: =IF(D79=0,0,IF([1]Download!A241="",A78,[1]Download!A241)) -> #VALUE! | B79: =VLOOKUP([1]Download!H241,RT,2,FALSE) -> Rate per CWT | C79: =VLOOKUP([1]Download!E241,ST,2,FALSE) -> Regular | D79: =IF([1]Download!N241=0,0,IF([1]Download!N241=99999999,"99/99/99",VALUE(CONCATENATE(MID([1]Download!N241,5,2),"/",RIGHT([1]Download!N241,2),"/",LEFT([1]Download!N241,4))))) -> #VALUE! | E79: =[1]Download!G241 -> INDUSTRIAL CLEANING PRODUCTS | F79: =IF(D79=0,0,IF([1]Download!C241="",F78,VLOOKUP([1]Download!C241,DIR,2,FALSE))) -> #VALUE! | G79: =IF(D79=0,0,IF([1]Download!B241="",G78,IF([1]Download!J241="7777777",VLOOKUP([1]Download!B241,BasePoint7,2,FALSE),VLOOKUP([1]Download!B241,BasePoint8,2,FALSE)))) -> #VALUE! | H79: =IF([1]Download!J241="7777777",VLOOKUP([1]Download!D241,BasePoint7,2,FALSE),VLOOKUP([1]Download!D241,BasePoint8,2,FALSE)) -> STEPHENVILLE, NF | I79: =LEFT(H79,SEARCH(",",H79)-1) -> STEPHENVILLE | J79: =[1]Download!R241 -> 80 | K79: =[1]Download!S241 -> 27.44 | L79: =[1]Download!T241 -> 24.03 | M79: =[1]Download!U241 -> 20.06 | N79: =[1]Download!V241 -> 18.07 | O79: =[1]Download!W241 -> 15.88 | P79: =[1]Download!X241 -> 13.73 | Q79: =[1]Download!Y241 -> 11.82 | ... AC79: =[1]Download!AK241 -> 0
A80: =IF(D80=0,0,IF([1]Download!A242="",A79,[1]Download!A242)) -> #VALUE! | B80: =VLOOKUP([1]Download!H242,RT,2,FALSE) -> Rate per CWT | C80: =VLOOKUP([1]Download!E242,ST,2,FALSE) -> Regular | D80: =IF([1]Download!N242=0,0,IF([1]Download!N242=99999999,"99/99/99",VALUE(CONCATENATE(MID([1]Download!N242,5,2),"/",RIGHT([1]Download!N242,2),"/",LEFT([1]Download!N242,4))))) -> #VALUE! | E80: =[1]Download!G242 -> INDUSTRIAL CLEANING PRODUCTS | F80: =IF(D80=0,0,IF([1]Download!C242="",F79,VLOOKUP([1]Download!C242,DIR,2,FALSE))) -> #VALUE! | G80: =IF(D80=0,0,IF([1]Download!B242="",G79,IF([1]Download!J242="7777777",VLOOKUP([1]Download!B242,BasePoint7,2,FALSE),VLOOKUP([1]Download!B242,BasePoint8,2,FALSE)))) -> #VALUE! | H80: =IF([1]Download!J242="7777777",VLOOKUP([1]Download!D242,BasePoint7,2,FALSE),VLOOKUP([1]Download!D242,BasePoint8,2,FALSE)) -> TREPASSEY, NF | I80: =LEFT(H80,SEARCH(",",H80)-1) -> TREPASSEY | J80: =[1]Download!R242 -> 104.7 | K80: =[1]Download!S242 -> 37.01 | L80: =[1]Download!T242 -> 32.27 | M80: =[1]Download!U242 -> 27.48 | N80: =[1]Download!V242 -> 25.08 | O80: =[1]Download!W242 -> 22.19 | P80: =[1]Download!X242 -> 19.74 | Q80: =[1]Download!Y242 -> 17.21 | ... AC80: =[1]Download!AK242 -> 0
A81: =IF(D81=0,0,IF([1]Download!A243="",A80,[1]Download!A243)) -> #VALUE! | B81: =VLOOKUP([1]Download!H243,RT,2,FALSE) -> Rate per CWT | C81: =VLOOKUP([1]Download!E243,ST,2,FALSE) -> Regular | D81: =IF([1]Download!N243=0,0,IF([1]Download!N243=99999999,"99/99/99",VALUE(CONCATENATE(MID([1]Download!N243,5,2),"/",RIGHT([1]Download!N243,2),"/",LEFT([1]Download!N243,4))))) -> #VALUE! | E81: =[1]Download!G243 -> INDUSTRIAL CLEANING PRODUCTS | F81: =IF(D81=0,0,IF([1]Download!C243="",F80,VLOOKUP([1]Download!C243,DIR,2,FALSE))) -> #VALUE! | G81: =IF(D81=0,0,IF([1]Download!B243="",G80,IF([1]Download!J243="7777777",VLOOKUP([1]Download!B243,BasePoint7,2,FALSE),VLOOKUP([1]Download!B243,BasePoint8,2,FALSE)))) -> #VALUE! | H81: =IF([1]Download!J243="7777777",VLOOKUP([1]Download!D243,BasePoint7,2,FALSE),VLOOKUP([1]Download!D243,BasePoint8,2,FALSE)) -> TWILLINGATE, GAMBO, NF | I81: =LEFT(H81,SEARCH(",",H81)-1) -> TWILLINGATE | J81: =[1]Download!R243 -> 89.3 | K81: =[1]Download!S243 -> 31 | L81: =[1]Download!T243 -> 27.46 | M81: =[1]Download!U243 -> 23.35 | N81: =[1]Download!V243 -> 21.26 | O81: =[1]Download!W243 -> 18.91 | P81: =[1]Download!X243 -> 16.7 | Q81: =[1]Download!Y243 -> 14.6 | ... AC81: =[1]Download!AK243 -> 0
A82: =IF(D82=0,0,IF([1]Download!A86="",#REF!,[1]Download!A86)) -> #VALUE! | B82: =VLOOKUP([1]Download!H86,RT,2,FALSE) -> Rate per CWT | C82: =VLOOKUP([1]Download!E86,ST,2,FALSE) -> Regular | D82: =IF([1]Download!N86=0,0,IF([1]Download!N86=99999999,"99/99/99",VALUE(CONCATENATE(MID([1]Download!N86,5,2),"/",RIGHT([1]Download!N86,2),"/",LEFT([1]Download!N86,4))))) -> #VALUE! | E82: =[1]Download!G86 -> INDUSTRIAL CLEANING PRODUCTS | F82: =IF(D82=0,0,IF([1]Download!C86="",#REF!,VLOOKUP([1]Download!C86,DIR,2,FALSE))) -> #VALUE! | G82: =IF(D82=0,0,IF([1]Download!B86="",#REF!,IF([1]Download!J86="7777777",VLOOKUP([1]Download!B86,BasePoint7,2,FALSE),VLOOKUP([1]Download!B86,BasePoint8,2,FALSE)))) -> #VALUE! | H82: =IF([1]Download!J86="7777777",VLOOKUP([1]Download!D86,BasePoint7,2,FALSE),VLOOKUP([1]Download!D86,BasePoint8,2,FALSE)) -> ARNPRIOR, ON | I82: =LEFT(H82,SEARCH(",",H82)-1) -> ARNPRIOR | J82: =[1]Download!R86 -> 62.5 | K82: =[1]Download!S86 -> 18.93 | L82: =[1]Download!T86 -> 14.7 | M82: =[1]Download!U86 -> 10.55 | N82: =[1]Download!V86 -> 8.69 | O82: =[1]Download!W86 -> 6.98 | P82: =[1]Download!X86 -> 5.4 | Q82: =[1]Download!Y86 -> 4.87 | ... AC82: =[1]Download!AK86 -> 0
A83: =IF(D83=0,0,IF([1]Download!A87="",A82,[1]Download!A87)) -> #VALUE! | B83: =VLOOKUP([1]Download!H87,RT,2,FALSE) -> Rate per CWT | C83: =VLOOKUP([1]Download!E87,ST,2,FALSE) -> Regular | D83: =IF([1]Download!N87=0,0,IF([1]Download!N87=99999999,"99/99/99",VALUE(CONCATENATE(MID([1]Download!N87,5,2),"/",RIGHT([1]Download!N87,2),"/",LEFT([1]Download!N87,4))))) -> #VALUE! | E83: =[1]Download!G87 -> INDUSTRIAL CLEANING PRODUCTS | F83: =IF(D83=0,0,IF([1]Download!C87="",F82,VLOOKUP([1]Download!C87,DIR,2,FALSE))) -> #VALUE! | G83: =IF(D83=0,0,IF([1]Download!B87="",G82,IF([1]Download!J87="7777777",VLOOKUP([1]Download!B87,BasePoint7,2,FALSE),VLOOKUP([1]Download!B87,BasePoint8,2,FALSE)))) -> #VALUE! | H83: =IF([1]Download!J87="7777777",VLOOKUP([1]Download!D87,BasePoint7,2,FALSE),VLOOKUP([1]Download!D87,BasePoint8,2,FALSE)) -> BARRIE, ON | I83: =LEFT(H83,SEARCH(",",H83)-1) -> BARRIE | J83: =[1]Download!R87 -> 44 | K83: =[1]Download!S87 -> 14 | L83: =[1]Download!T87 -> 11.3 | M83: =[1]Download!U87 -> 8.23 | N83: =[1]Download!V87 -> 6.77 | O83: =[1]Download!W87 -> 5.71 | P83: =[1]Download!X87 -> 4.81 | Q83: =[1]Download!Y87 -> 4.22 | ... AC83: =[1]Download!AK87 -> 0
A84: =IF(D84=0,0,IF([1]Download!A88="",A83,[1]Download!A88)) -> #VALUE! | B84: =VLOOKUP([1]Download!H88,RT,2,FALSE) -> Rate per CWT | C84: =VLOOKUP([1]Download!E88,ST,2,FALSE) -> Regular | D84: =IF([1]Download!N88=0,0,IF([1]Download!N88=99999999,"99/99/99",VALUE(CONCATENATE(MID([1]Download!N88,5,2),"/",RIGHT([1]Download!N88,2),"/",LEFT([1]Download!N88,4))))) -> #VALUE! | E84: =[1]Download!G88 -> INDUSTRIAL CLEANING PRODUCTS | F84: =IF(D84=0,0,IF([1]Download!C88="",F83,VLOOKUP([1]Download!C88,DIR,2,FALSE))) -> #VALUE! | G84: =IF(D84=0,0,IF([1]Download!B88="",G83,IF([1]Download!J88="7777777",VLOOKUP([1]Download!B88,BasePoint7,2,FALSE),VLOOKUP([1]Download!B88,BasePoint8,2,FALSE)))) -> #VALUE! | H84: =IF([1]Download!J88="7777777",VLOOKUP([1]Download!D88,BasePoint7,2,FALSE),VLOOKUP([1]Download!D88,BasePoint8,2,FALSE)) -> BELLEVILLE, ON | I84: =LEFT(H84,SEARCH(",",H84)-1) -> BELLEVILLE | J84: =[1]Download!R88 -> 86 | K84: =[1]Download!S88 -> 30.77 | L84: =[1]Download!T88 -> 22.76 | M84: =[1]Download!U88 -> 16.43 | N84: =[1]Download!V88 -> 12.46 | O84: =[1]Download!W88 -> 7.96 | P84: =[1]Download!X88 -> 5.83 | Q84: =[1]Download!Y88 -> 4.59 | ... AC84: =[1]Download!AK88 -> 0
A85: =IF(D85=0,0,IF([1]Download!A89="",A84,[1]Download!A89)) -> #VALUE! | B85: =VLOOKUP([1]Download!H89,RT,2,FALSE) -> Rate per CWT | C85: =VLOOKUP([1]Download!E89,ST,2,FALSE) -> Regular | D85: =IF([1]Download!N89=0,0,IF([1]Download!N89=99999999,"99/99/99",VALUE(CONCATENATE(MID([1]Download!N89,5,2),"/",RIGHT([1]Download!N89,2),"/",LEFT([1]Download!N89,4))))) -> #VALUE! | E85: =[1]Download!G89 -> INDUSTRIAL CLEANING PRODUCTS | F85: =IF(D85=0,0,IF([1]Download!C89="",F84,VLOOKUP([1]Download!C89,DIR,2,FALSE))) -> #VALUE! | G85: =IF(D85=0,0,IF([1]Download!B89="",G84,IF([1]Download!J89="7777777",VLOOKUP([1]Download!B89,BasePoint7,2,FALSE),VLOOKUP([1]Download!B89,BasePoint8,2,FALSE)))) -> #VALUE! | H85: =IF([1]Download!J89="7777777",VLOOKUP([1]Download!D89,BasePoint7,2,FALSE),VLOOKUP([1]Download!D89,BasePoint8,2,FALSE)) -> BRACEBRIDGE, ON | I85: =LEFT(H85,SEARCH(",",H85)-1) -> BRACEBRIDGE | J85: =[1]Download!R89 -> 82.75 | K85: =[1]Download!S89 -> 25.34 | L85: =[1]Download!T89 -> 21.62 | M85: =[1]Download!U89 -> 15.42 | N85: =[1]Download!V89 -> 12.6 | O85: =[1]Download!W89 -> 9.55 | P85: =[1]Download!X89 -> 7.3 | Q85: =[1]Download!Y89 -> 6.61 | ... AC85: =[1]Download!AK89 -> 0
A86: =IF(D86=0,0,IF([1]Download!A90="",A85,[1]Download!A90)) -> #VALUE! | B86: =VLOOKUP([1]Download!H90,RT,2,FALSE) -> Rate per CWT | C86: =VLOOKUP([1]Download!E90,ST,2,FALSE) -> Regular | D86: =IF([1]Download!N90=0,0,IF([1]Download!N90=99999999,"99/99/99",VALUE(CONCATENATE(MID([1]Download!N90,5,2),"/",RIGHT([1]Download!N90,2),"/",LEFT([1]Download!N90,4))))) -> #VALUE! | E86: =[1]Download!G90 -> INDUSTRIAL CLEANING PRODUCTS | F86: =IF(D86=0,0,IF([1]Download!C90="",F85,VLOOKUP([1]Download!C90,DIR,2,FALSE))) -> #VALUE! | G86: =IF(D86=0,0,IF([1]Download!B90="",G85,IF([1]Download!J90="7777777",VLOOKUP([1]Download!B90,BasePoint7,2,FALSE),VLOOKUP([1]Download!B90,BasePoint8,2,FALSE)))) -> #VALUE! | H86: =IF([1]Download!J90="7777777",VLOOKUP([1]Download!D90,BasePoint7,2,FALSE),VLOOKUP([1]Download!D90,BasePoint8,2,FALSE)) -> BRANTFORD, ON | I86: =LEFT(H86,SEARCH(",",H86)-1) -> BRANTFORD | J86: =[1]Download!R90 -> 39.85 | K86: =[1]Download!S90 -> 12.63 | L86: =[1]Download!T90 -> 10.14 | M86: =[1]Download!U90 -> 7.31 | N86: =[1]Download!V90 -> 5.96 | O86: =[1]Download!W90 -> 4.98 | P86: =[1]Download!X90 -> 4.2 | Q86: =[1]Download!Y90 -> 3.68 | ... AC86: =[1]Download!AK90 -> 0
A87: =IF(D87=0,0,IF([1]Download!A91="",A86,[1]Download!A91)) -> #VALUE! | B87: =VLOOKUP([1]Download!H91,RT,2,FALSE) -> Rate per CWT | C87: =VLOOKUP([1]Download!E91,ST,2,FALSE) -> Regular | D87: =IF([1]Download!N91=0,0,IF([1]Download!N91=99999999,"99/99/99",VALUE(CONCATENATE(MID([1]Download!N91,5,2),"/",RIGHT([1]Download!N91,2),"/",LEFT([1]Download!N91,4))))) -> #VALUE! | E87: =[1]Download!G91 -> INDUSTRIAL CLEANING PRODUCTS | F87: =IF(D87=0,0,IF([1]Download!C91="",F86,VLOOKUP([1]Download!C91,DIR,2,FALSE))) -> #VALUE! | G87: =IF(D87=0,0,IF([1]Download!B91="",G86,IF([1]Download!J91="7777777",VLOOKUP([1]Download!B91,BasePoint7,2,FALSE),VLOOKUP([1]Download!B91,BasePoint8,2,FALSE)))) -> #VALUE! | H87: =IF([1]Download!J91="7777777",VLOOKUP([1]Download!D91,BasePoint7,2,FALSE),VLOOKUP([1]Download!D91,BasePoint8,2,FALSE)) -> BROCKVILLE, ON | I87: =LEFT(H87,SEARCH(",",H87)-1) -> BROCKVILLE | J87: =[1]Download!R91 -> 62.25 | K87: =[1]Download!S91 -> 20.25 | L87: =[1]Download!T91 -> 16.2 | M87: =[1]Download!U91 -> 11.68 | N87: =[1]Download!V91 -> 9.25 | O87: =[1]Download!W91 -> 7.08 | P87: =[1]Download!X91 -> 5.36 | Q87: =[1]Download!Y91 -> 4.85 | ... AC87: =[1]Download!AK91 -> 0
A88: =IF(D88=0,0,IF([1]Download!A92="",A87,[1]Download!A92)) -> #VALUE! | B88: =VLOOKUP([1]Download!H92,RT,2,FALSE) -> Rate per CWT | C88: =VLOOKUP([1]Download!E92,ST,2,FALSE) -> Regular | D88: =IF([1]Download!N92=0,0,IF([1]Download!N92=99999999,"99/99/99",VALUE(CONCATENATE(MID([1]Download!N92,5,2),"/",RIGHT([1]Download!N92,2),"/",LEFT([1]Download!N92,4))))) -> #VALUE! | E88: =[1]Download!G92 -> INDUSTRIAL CLEANING PRODUCTS | F88: =IF(D88=0,0,IF([1]Download!C92="",F87,VLOOKUP([1]Download!C92,DIR,2,FALSE))) -> #VALUE! | G88: =IF(D88=0,0,IF([1]Download!B92="",G87,IF([1]Download!J92="7777777",VLOOKUP([1]Download!B92,BasePoint7,2,FALSE),VLOOKUP([1]Download!B92,BasePoint8,2,FALSE)))) -> #VALUE! | H88: =IF([1]Download!J92="7777777",VLOOKUP([1]Download!D92,BasePoint7,2,FALSE),VLOOKUP([1]Download!D92,BasePoint8,2,FALSE)) -> CHATHAM, ON | I88: =LEFT(H88,SEARCH(",",H88)-1) -> CHATHAM | J88: =[1]Download!R92 -> 66.15 | K88: =[1]Download!S92 -> 20.07 | L88: =[1]Download!T92 -> 15.84 | M88: =[1]Download!U92 -> 11.78 | N88: =[1]Download!V92 -> 8.85 | O88: =[1]Download!W92 -> 6.72 | P88: =[1]Download!X92 -> 5.19 | Q88: =[1]Download!Y92 -> 4.37 | ... AC88: =[1]Download!AK92 -> 0
A89: =IF(D89=0,0,IF([1]Download!A93="",A88,[1]Download!A93)) -> #VALUE! | B89: =VLOOKUP([1]Download!H93,RT,2,FALSE) -> Rate per CWT | C89: =VLOOKUP([1]Download!E93,ST,2,FALSE) -> Regular | D89: =IF([1]Download!N93=0,0,IF([1]Download!N93=99999999,"99/99/99",VALUE(CONCATENATE(MID([1]Download!N93,5,2),"/",RIGHT([1]Download!N93,2),"/",LEFT([1]Download!N93,4))))) -> #VALUE! | E89: =[1]Download!G93 -> INDUSTRIAL CLEANING PRODUCTS | F89: =IF(D89=0,0,IF([1]Download!C93="",F88,VLOOKUP([1]Download!C93,DIR,2,FALSE))) -> #VALUE! | G89: =IF(D89=0,0,IF([1]Download!B93="",G88,IF([1]Download!J93="7777777",VLOOKUP([1]Download!B93,BasePoint7,2,FALSE),VLOOKUP([1]Download!B93,BasePoint8,2,FALSE)))) -> #VALUE! | H89: =IF([1]Download!J93="7777777",VLOOKUP([1]Download!D93,BasePoint7,2,FALSE),VLOOKUP([1]Download!D93,BasePoint8,2,FALSE)) -> COLLINGWOOD, ON | I89: =LEFT(H89,SEARCH(",",H89)-1) -> COLLINGWOOD | J89: =[1]Download!R93 -> 79.1 | K89: =[1]Download!S93 -> 23.78 | L89: =[1]Download!T93 -> 20.58 | M89: =[1]Download!U93 -> 16.13 | N89: =[1]Download!V93 -> 12.62 | O89: =[1]Download!W93 -> 9 | P89: =[1]Download!X93 -> 5.95 | Q89: =[1]Download!Y93 -> 4.28 | ... AC89: =[1]Download!AK93 -> 0
A90: =IF(D90=0,0,IF([1]Download!A94="",A89,[1]Download!A94)) -> #VALUE! | B90: =VLOOKUP([1]Download!H94,RT,2,FALSE) -> Rate per CWT | C90: =VLOOKUP([1]Download!E94,ST,2,FALSE) -> Regular | D90: =IF([1]Download!N94=0,0,IF([1]Download!N94=99999999,"99/99/99",VALUE(CONCATENATE(MID([1]Download!N94,5,2),"/",RIGHT([1]Download!N94,2),"/",LEFT([1]Download!N94,4))))) -> #VALUE! | E90: =[1]Download!G94 -> INDUSTRIAL CLEANING PRODUCTS | F90: =IF(D90=0,0,IF([1]Download!C94="",F89,VLOOKUP([1]Download!C94,DIR,2,FALSE))) -> #VALUE! | G90: =IF(D90=0,0,IF([1]Download!B94="",G89,IF([1]Download!J94="7777777",VLOOKUP([1]Download!B94,BasePoint7,2,FALSE),VLOOKUP([1]Download!B94,BasePoint8,2,FALSE)))) -> #VALUE! | H90: =IF([1]Download!J94="7777777",VLOOKUP([1]Download!D94,BasePoint7,2,FALSE),VLOOKUP([1]Download!D94,BasePoint8,2,FALSE)) -> CORNWALL, ON | I90: =LEFT(H90,SEARCH(",",H90)-1) -> CORNWALL | J90: =[1]Download!R94 -> 71.85 | K90: =[1]Download!S94 -> 21.64 | L90: =[1]Download!T94 -> 17.31 | M90: =[1]Download!U94 -> 12.45 | N90: =[1]Download!V94 -> 10.1 | O90: =[1]Download!W94 -> 8.23 | P90: =[1]Download!X94 -> 5.96 | Q90: =[1]Download!Y94 -> 5.44 | ... AC90: =[1]Download!AK94 -> 0
A91: =IF(D91=0,0,IF([1]Download!A95="",A90,[1]Download!A95)) -> #VALUE! | B91: =VLOOKUP([1]Download!H95,RT,2,FALSE) -> Rate per CWT | C91: =VLOOKUP([1]Download!E95,ST,2,FALSE) -> Regular | D91: =IF([1]Download!N95=0,0,IF([1]Download!N95=99999999,"99/99/99",VALUE(CONCATENATE(MID([1]Download!N95,5,2),"/",RIGHT([1]Download!N95,2),"/",LEFT([1]Download!N95,4))))) -> #VALUE! | E91: =[1]Download!G95 -> INDUSTRIAL CLEANING PRODUCTS | F91: =IF(D91=0,0,IF([1]Download!C95="",F90,VLOOKUP([1]Download!C95,DIR,2,FALSE))) -> #VALUE! | G91: =IF(D91=0,0,IF([1]Download!B95="",G90,IF([1]Download!J95="7777777",VLOOKUP([1]Download!B95,BasePoint7,2,FALSE),VLOOKUP([1]Download!B95,BasePoint8,2,FALSE)))) -> #VALUE! | H91: =IF([1]Download!J95="7777777",VLOOKUP([1]Download!D95,BasePoint7,2,FALSE),VLOOKUP([1]Download!D95,BasePoint8,2,FALSE)) -> DRYDEN, ON | I91: =LEFT(H91,SEARCH(",",H91)-1) -> DRYDEN | J91: =[1]Download!R95 -> 179.7 | K91: =[1]Download!S95 -> 62.47 | L91: =[1]Download!T95 -> 53.48 | M91: =[1]Download!U95 -> 45.59 | N91: =[1]Download!V95 -> 39.54 | O91: =[1]Download!W95 -> 28.33 | P91: =[1]Download!X95 -> 20.42 | Q91: =[1]Download!Y95 -> 19.6 | ... AC91: =[1]Download!AK95 -> 0
A92: =IF(D92=0,0,IF([1]Download!A96="",A91,[1]Download!A96)) -> #VALUE! | B92: =VLOOKUP([1]Download!H96,RT,2,FALSE) -> Rate per CWT | C92: =VLOOKUP([1]Download!E96,ST,2,FALSE) -> Regular | D92: =IF([1]Download!N96=0,0,IF([1]Download!N96=99999999,"99/99/99",VALUE(CONCATENATE(MID([1]Download!N96,5,2),"/",RIGHT([1]Download!N96,2),"/",LEFT([1]Download!N96,4))))) -> #VALUE! | E92: =[1]Download!G96 -> INDUSTRIAL CLEANING PRODUCTS | F92: =IF(D92=0,0,IF([1]Download!C96="",F91,VLOOKUP([1]Download!C96,DIR,2,FALSE))) -> #VALUE! | G92: =IF(D92=0,0,IF([1]Download!B96="",G91,IF([1]Download!J96="7777777",VLOOKUP([1]Download!B96,BasePoint7,2,FALSE),VLOOKUP([1]Download!B96,BasePoint8,2,FALSE)))) -> #VALUE! | H92: =IF([1]Download!J96="7777777",VLOOKUP([1]Download!D96,BasePoint7,2,FALSE),VLOOKUP([1]Download!D96,BasePoint8,2,FALSE)) -> ELLIOT LAKE, ON | I92: =LEFT(H92,SEARCH(",",H92)-1) -> ELLIOT LAKE | J92: =[1]Download!R96 -> 101.3 | K92: =[1]Download!S96 -> 32.09 | L92: =[1]Download!T96 -> 26.17 | M92: =[1]Download!U96 -> 20.67 | N92: =[1]Download!V96 -> 17.26 | O92: =[1]Download!W96 -> 12.15 | P92: =[1]Download!X96 -> 7.95 | Q92: =[1]Download!Y96 -> 7.21 | ... AC92: =[1]Download!AK96 -> 0
A93: =IF(D93=0,0,IF([1]Download!A97="",A92,[1]Download!A97)) -> #VALUE! | B93: =VLOOKUP([1]Download!H97,RT,2,FALSE) -> Rate per CWT | C93: =VLOOKUP([1]Download!E97,ST,2,FALSE) -> Regular | D93: =IF([1]Download!N97=0,0,IF([1]Download!N97=99999999,"99/99/99",VALUE(CONCATENATE(MID([1]Download!N97,5,2),"/",RIGHT([1]Download!N97,2),"/",LEFT([1]Download!N97,4))))) -> #VALUE! | E93: =[1]Download!G97 -> INDUSTRIAL CLEANING PRODUCTS | F93: =IF(D93=0,0,IF([1]Download!C97="",F92,VLOOKUP([1]Download!C97,DIR,2,FALSE))) -> #VALUE! | G93: =IF(D93=0,0,IF([1]Download!B97="",G92,IF([1]Download!J97="7777777",VLOOKUP([1]Download!B97,BasePoint7,2,FALSE),VLOOKUP([1]Download!B97,BasePoint8,2,FALSE)))) -> #VALUE! | H93: =IF([1]Download!J97="7777777",VLOOKUP([1]Download!D97,BasePoint7,2,FALSE),VLOOKUP([1]Download!D97,BasePoint8,2,FALSE)) -> FORT FRANCES, ON | I93: =LEFT(H93,SEARCH(",",H93)-1) -> FORT FRANCES | J93: =[1]Download!R97 -> 177.7 | K93: =[1]Download!S97 -> 61.91 | L93: =[1]Download!T97 -> 53.09 | M93: =[1]Download!U97 -> 45.4 | N93: =[1]Download!V97 -> 39.41 | O93: =[1]Download!W97 -> 28.25 | P93: =[1]Download!X97 -> 20.43 | Q93: =[1]Download!Y97 -> 19.69 | ... AC93: =[1]Download!AK97 -> 0
A94: =IF(D94=0,0,IF([1]Download!A98="",A93,[1]Download!A98)) -> #VALUE! | B94: =VLOOKUP([1]Download!H98,RT,2,FALSE) -> Rate per CWT | C94: =VLOOKUP([1]Download!E98,ST,2,FALSE) -> Regular | D94: =IF([1]Download!N98=0,0,IF([1]Download!N98=99999999,"99/99/99",VALUE(CONCATENATE(MID([1]Download!N98,5,2),"/",RIGHT([1]Download!N98,2),"/",LEFT([1]Download!N98,4))))) -> #VALUE! | E94: =[1]Download!G98 -> INDUSTRIAL CLEANING PRODUCTS | F94: =IF(D94=0,0,IF([1]Download!C98="",F93,VLOOKUP([1]Download!C98,DIR,2,FALSE))) -> #VALUE! | G94: =IF(D94=0,0,IF([1]Download!B98="",G93,IF([1]Download!J98="7777777",VLOOKUP([1]Download!B98,BasePoint7,2,FALSE),VLOOKUP([1]Download!B98,BasePoint8,2,FALSE)))) -> #VALUE! | H94: =IF([1]Download!J98="7777777",VLOOKUP([1]Download!D98,BasePoint7,2,FALSE),VLOOKUP([1]Download!D98,BasePoint8,2,FALSE)) -> HAMILTON, ON | I94: =LEFT(H94,SEARCH(",",H94)-1) -> HAMILTON | J94: =[1]Download!R98 -> 39.85 | K94: =[1]Download!S98 -> 12.63 | L94: =[1]Download!T98 -> 10.14 | M94: =[1]Download!U98 -> 7.31 | N94: =[1]Download!V98 -> 5.96 | O94: =[1]Download!W98 -> 4.98 | P94: =[1]Download!X98 -> 4.2 | Q94: =[1]Download!Y98 -> 3.68 | ... AC94: =[1]Download!AK98 -> 0
... A166: =IF(D166=0,0,IF([1]Download!A170="",A165,[1]Download!A170)) -> #VALUE! | B166: =VLOOKUP([1]Download!H170,RT,2,FALSE) -> Rate per CWT | C166: =VLOOKUP([1]Download!E170,ST,2,FALSE) -> Regular | D166: =IF([1]Download!N170=0,0,IF([1]Download!N170=99999999,"99/99/99",VALUE(CONCATENATE(MID([1]Download!N170,5,2),"/",RIGHT([1]Download!N170,2),"/",LEFT([1]Download!N170,4))))) -> #VALUE! | E166: =[1]Download!G170 -> INDUSTRIAL CLEANING PRODUCTS | F166: =IF(D166=0,0,IF([1]Download!C170="",F165,VLOOKUP([1]Download!C170,DIR,2,FALSE))) -> #VALUE! | G166: =IF(D166=0,0,IF([1]Download!B170="",G165,IF([1]Download!J170="7777777",VLOOKUP([1]Download!B170,BasePoint7,2,FALSE),VLOOKUP([1]Download!B170,BasePoint8,2,FALSE)))) -> #VALUE! | H166: =IF([1]Download!J170="7777777",VLOOKUP([1]Download!D170,BasePoint7,2,FALSE),VLOOKUP([1]Download!D170,BasePoint8,2,FALSE)) -> WARWICK, PQ | I166: =LEFT(H166,SEARCH(",",H166)-1) -> WARWICK | J166: =[1]Download!R170 -> 34.3 | K166: =[1]Download!S170 -> 9.59 | L166: =[1]Download!T170 -> 7.53 | M166: =[1]Download!U170 -> 5.2 | N166: =[1]Download!V170 -> 4.08 | O166: =[1]Download!W170 -> 3.34 | P166: =[1]Download!X170 -> 2.88 | Q166: =[1]Download!Y170 -> 2.59 | ... AC166: =[1]Download!AK170 -> 0
A167: =IF(D167=0,0,IF([1]Download!A232="",A166,[1]Download!A232)) -> #VALUE! | B167: =VLOOKUP([1]Download!H232,RT,2,FALSE) -> Rate per CWT | C167: =VLOOKUP([1]Download!E232,ST,2,FALSE) -> Regular | D167: =IF([1]Download!N232=0,0,IF([1]Download!N232=99999999,"99/99/99",VALUE(CONCATENATE(MID([1]Download!N232,5,2),"/",RIGHT([1]Download!N232,2),"/",LEFT([1]Download!N232,4))))) -> #VALUE! | E167: =[1]Download!G232 -> INDUSTRIAL CLEANING PRODUCTS | F167: =IF(D167=0,0,IF([1]Download!C232="",F166,VLOOKUP([1]Download!C232,DIR,2,FALSE))) -> #VALUE! | G167: =IF(D167=0,0,IF([1]Download!B232="",G166,IF([1]Download!J232="7777777",VLOOKUP([1]Download!B232,BasePoint7,2,FALSE),VLOOKUP([1]Download!B232,BasePoint8,2,FALSE)))) -> #VALUE! | H167: =IF([1]Download!J232="7777777",VLOOKUP([1]Download!D232,BasePoint7,2,FALSE),VLOOKUP([1]Download!D232,BasePoint8,2,FALSE)) -> LABRADOR CITY, NF | I167: =LEFT(H167,SEARCH(",",H167)-1) -> LABRADOR CITY | J167: =[1]Download!R232 -> 117.85 | K167: =[1]Download!S232 -> 43.03 | L167: =[1]Download!T232 -> 32.39 | M167: =[1]Download!U232 -> 25.93 | N167: =[1]Download!V232 -> 22.94 | O167: =[1]Download!W232 -> 20.21 | P167: =[1]Download!X232 -> 18.4 | Q167: =[1]Download!Y232 -> 14.6 | ... AC167: =[1]Download!AK232 -> 0
